Workbook
Name \0: '[1]CRA.MODI'!#REF!
Name \0: '[1]CRA.MODI'!#REF!
Name \a: #REF!
Name \a: #N/A
Name \a: #REF!
Name \b: #REF!
Name \b: #REF!
Name \c: #REF!
Name \c: #REF!
Name \e: #REF!
Name \e: #REF!
Name \f: #REF!
Name \i: #REF!
Name \i: #REF!
Name \L: #REF!
Name \L: #REF!
Name \m: #REF!
Name \m: #REF!
Name \P: #REF!
Name \P: #REF!
Name \q: #N/A
Name \r: #REF!
Name \r: #REF!
Name \s: #REF!
Name \sa: #REF!
Name \sa: #REF!
Name \t: #REF!
Name \t: #REF!
Name \w: #N/A
Name \X: FM!err
Name \x: #REF!
Name \X: [2]!err
Name \Z: FM!err
Name \z: #REF!
Name \Z: [2]!err
Name _: #REF!
Name _: #REF!
Name _________________________________________________i1: #REF!
Name _________________________________________________i1: #REF!
Name ________________________________________________i1: #REF!
Name ________________________________________________i1: #REF!
Name _______________________________________________i1: #REF!
Name ______________________________________________i1: #REF!
Name _____________________________________________i1: #REF!
Name ____________________________________________i1: #REF!
Name ___________________________________________i1: #REF!
Name __________________________________________i1: #REF!
Name _________________________________________i1: #REF!
Name ________________________________________i1: #REF!
Name _______________________________________i1: #REF!
Name ______________________________________i1: #REF!
Name _____________________________________i1: #REF!
Name ____________________________________i1: #REF!
Name ___________________________________i1: #REF!
Name __________________________________i1: #REF!
Name _________________________________i1: #REF!
Name ________________________________i1: #REF!
Name _______________________________i1: #REF!
Name ______________________________i1: #REF!
Name _____________________________i1: #REF!

Sheet ACTIVIDADES
A1: ITEMS GENERALES
A2: G-01 CONCRETOS Y MORTEROS
A3: CODIGO | B3: DESCRIPCIÓN | C3: UND IDAD | D3: VALOR UNITARIO
A4: G-01-01 | B4: Concreto de 10,3 Mpa (producción) | C4: M3 | D4: 428320
A5: G-01-02 | B5: Concreto de 13,8 Mpa (2000 psi) (producción) | C5: M3 | D5: 472051
A6: G-01-03 | B6: Concreto de 17,2 Mpa (2500 psi) (producción) | C6: M3 | D6: 636266
A7: G-01-04 | B7: Concreto de 20,7 Mpa (3000 psi) (producción) | C7: M3 | D7: 575097
A8: G-01-05 | B8: Concreto de 24,5 Mpa (3500 PSI) (producción) | C8: M3 | D8: 114497152
A9: G-01-06 | B9: Concreto de 27,6 Mpa (4000) (producción) | C9: M3 | D9: 120424122
A10: G-01-07 | B10: Concreto de 20,7 Mpa (3000 psi) psi impermeabilizado (producción) | C10: M3 | D10: 582093
A11: G-01-08 | B11: Concreto de 20,7 Mpa (3.000 psi) acelerado (producción) | C11: M3 | D11: 1315637
A12: G-01-09 | B12: Concreto de 27,6 Mpa (4.000 psi) impermeabilizado (producción) | C12: M3 | D12: 120431118
A13: G-01-10 | B13: Concreto de 27,6 Mpa (4.000 psi) acelerado (producción) | C13: M3 | D13: 121270453
A14: G-01-11 | B14: Concreto ciclópeo (producción) | C14: M3 | D14: 436665
A15: G-01-12 | B15: Concreto fluido 13,8 Mpa (2000 PSI) tamaño máximo 1/2" | C15: M3 | D15: 782661
A16: G-01-13 | B16: Concreto fluido 17,2 Mpa (2500 psi) (producción) | C16: M3 | D16: 826134
A17: G-01-14 | B17: Mortero 1:2 (producción) | C17: M3 | D17: =+'APU GENERALES'!H424 -> 425935
A18: G-01-15 | B18: Mortero 1:3 (producción) | C18: M3 | D18: =+'APU GENERALES'!H453 -> 335812
A19: G-01-16 | B19: Mortero 1:4 (producción) | C19: M3 | D19: 127324
A20: G-01-17 | B20: Mortero 1:5 (producción) | C20: M3 | D20: 128596
A21: G-01-18 | B21: Mortero 1:3 impermeabilizado (producción) | C21: M3 | D21: 132124395
A22: G-02 ACEROS
A23: CODIGO | B23: DESCRIPCIÓN | C23: UND IDAD | D23: VALOR UNITARIO
A24: G-02-01 | B24: Acero Fy = 37.000 psi d<=1/4" | C24: Kg | D24: 42197
A25: G-02-02 | B25: Acero Fy = 60.000 psi d>1/4" | C25: Kg | D25: 7598
A26: G-02-03 | B26: Malla electrosoldada M-188 Φ 6.00 mm c/.15m en ambos sentidos (incluye alambre negro, colocación y traslapo). | C26: Kg | D26: 46434
A27: G-03 TRANSPORTE
A28: CODIGO | B28: DESCRIPCIÓN | C28: UND IDAD | D28: VALOR UNITARIO
A29: G-03-01 | B29: Transporte material (corte, sub-base, base, afirmado, Petreos, arenas, etc) | C29: M3-Km | D29: 1375
A30: G-03-02 | B30: Transporte maquinaría pesada | C30: Km | D30: 51658
A31: G-03-03 | B31: Transporte materiales en mula (carga = 100 kg/km) | C31: Carga-Km | D31: 5000
A32: G-03-04 | B32: Transporte materiales a hombro (carga = 30 kg/km) | C32: Carga.Km | D32: 5000
A33: G-03-05 | B33: Disposición en botadero | C33: M3 | D33: 2500
A34: G-03-06 | B34: Disposición en botadero | C34: M3 | D34: 2500
A35: 1- CONSTRUCCION DE INFRAESTRUCTURA SOCIAL Y COMUNITARIA
A36: 1-01- PRELIMINARES
A37: CODIGO | B37: DESCRIPCIÓN | C37: UND IDAD | D37: VALOR UNITARIO
A38: 1-01-01 | B38: Valla de identificación de obra área menor a 4 m2, colocada en cerchas metálica, incluye mantenimiento durante la construcción | C38: M2 | D38: =+#REF! -> #REF!
A39: 1-01-02 | B39: Valla de identificación de obra área mayor a 4 m2, colocada en cerchas metálica, incluye mantenimiento durante la construcción | C39: M2 | D39: 139833
A40: 1-01-03 | B40: Campamento, incluye teja de zinc, piso en afirmado , tabla. | C40: M2 | D40: 1203958
A41: 1-01-04 | B41: Localización y replanteo | C41: M2 | D41: 79825
A42: 1-01-05 | B42: Limpieza y nivelación | C42: M2 | D42: 5138
A43: 1-01-06 | B43: Descapote y nivelación | C43: M2 | D43: 7536
A44: 1-01-07 | B44: Descapote y limpieza | C44: M2 | D44: 4725
A45: 1-01-08 | B45: Nivelación terreno con material del sitio | C45: M2 | D45: 4111
A46: 1-01-09 | B46: Cargue mecánico de material | C46: M3 | D46: 5748
A47: 1-01-10 | B47: Cargue de material manual | C47: M3 | D47: 23623
A48: 1-01-11 | B48: Retiro de material sobrante cargue manual (distancia 1 a 15 Km) | C48: M3 | D48: 40335
A49: 1-01-12 | B49: Retiro de material con cargue mecánico | C49: M3 | D49: 28873
A50: 1-01-13 | B50: Retiro de material sobrante cargue mecánico | C50: M3 | D50: 30526
... A69: 1-01-32 | B69: Aseo de obra | C69: GL | D69: 291783663
A70: 1-02 DESMONTES Y DEMOLICIONES
A71: CODIGO | B71: DESCRIPCIÓN | C71: UND IDAD | D71: VALOR UNITARIO
A72: 1-02-01 | B72: Corte de baldosa existente | C72: M | D72: 48536
A73: 1-02-02 | B73: Corte con disco muro ambos lados | C73: M | D73: 99199
A74: 1-02-03 | B74: Demolición muro en soga, incluye revoque y/o enchape | C74: M2 | D74: 8819
A75: 1-02-04 | B75: Demolición enchape y/o revoque | C75: M2 | D75: 5119
A76: 1-02-05 | B76: Demolición muro en pandereta, incluye revoque y/o enchape | C76: M2 | D76: 7679
A77: 1-02-06 | B77: Demolición manual de concreto | C77: M3 | D77: 173698
A78: 1-02-07 | B78: Demolición manual de concreto ciclópeo | C78: M3 | D78: 164048
A79: 1-02-08 | B79: Demolición losa sobre terreno | C79: M2 | D79: 9842
A80: 1-02-09 | B80: Demolición viga estructural en concreto | C80: M3 | D80: 204731
A81: 1-02-10 | B81: Desmonte de adoquines | C81: M2 | D81: 8603
A82: 1-02-11 | B82: Desmonte aparatos sanitarios, con recuperación de ellos | C82: UND | D82: 19404
A83: 1-02-12 | B83: Desmonte techo y estructura de madera | C83: M2 | D83: 10703
... A106: 1-02-35 | B106: Corte de piso en Concreto con cortadora autopropulsada | C106: M | D106: 584059
A107: 1-03 EXCAVACIONES Y LLENOS
A108: CODIGO | B108: DESCRIPCIÓN | C108: UND IDAD | D108: VALOR UNITARIO
A109: 1-03-01 | B109: Excavación en material común seco de 0 - 2 m manual | C109: M3 | D109: 28773
A110: 1-03-02 | B110: Excavación en material común seco de 2 - 4 m manual | C110: M3 | D110: 52236
A111: 1-03-03 | B111: Excavación en material común seco mayor a 4 m manual | C111: M3 | D111: 85633
A112: 1-03-04 | B112: Excavación en material común bajo agua de 0 - 2 m manual | C112: M3 | D112: 55661
A113: 1-03-05 | B113: Excavación en material común bajo agua de 2 - 4 m manual | C113: M3 | D113: 71361
A114: 1-03-06 | B114: Excavación en material común bajo agua mayor a 4 m manual | C114: M3 | D114: 107041
A115: 1-03-07 | B115: Excavación en conglomerado seco de 0 - 2 m manual | C115: M3 | D115: 51380
A116: 1-03-08 | B116: Excavación en conglomerado seco de 2 - 4 m manual | C116: M3 | D116: 61166
A117: 1-03-09 | B117: Excavación en conglomerado seco mayor a 4 m manual | C117: M3 | D117: 107041
A118: 1-03-10 | B118: Excavación en conglomerado bajo agua de 0 - 2 m manual | C118: M3 | D118: 71361
A119: 1-03-11 | B119: Excavación en conglomerado bajo agua de 2 - 4 m manual | C119: M3 | D119: 85633
A120: 1-03-12 | B120: Excavación en conglomerado bajo agua mayor a 4 m manual | C120: M3 | D120: 107041
... A137: 1-03-29 | B137: Lleno con arena para tubería (Brecha de 0,60m de ancho e=0,1 m) | C137: M | D137: 8941
A138: 1-04 ELEMENTOS DE CONCRETO
A139: CODIGO | B139: DESCRIPCIÓN | C139: UND IDAD | D139: VALOR UNITARIO
A140: 1-04-01 | B140: Solado en concreto de 10,3 Mpa | C140: M3 | D140: 515880
A141: 1-04-02 | B141: Caja de inspección para instalación eléctrica, de 0,30 x 0,30 x 0,50 m en concreto de 17,2 Mpa (2500 psi), tapa reforzada en concreto de 20,7 Mpa (3.000 psi), sin base | C141: UND | D141: 2087742
A142: 1-04-03 | B142: Caja de inspección de 0,50 x 0,50 x 0,50 m en concreto de 17,2 Mpa, tapa reforzada en concreto de 20,7 Mpa | C142: UND | D142: 3231330
A143: 1-04-04 | B143: Caja de inspección de 0,60 x 0,60 x 0,60 m en concreto de 17,2 Mpa, tapa reforzada en concreto de 20,7 Mpa | C143: UND | D143: 6176601
A144: 1-04-05 | B144: Caja de inspección de 0,60 x 0,60 x 0,60 m en ladrillo, concreto de 17,2 Mpa y tapa reforzada en concreto de 20,7 Mpa para instalaciones eléctricas | C144: UND | D144: 12022691
A145: 1-04-06 | B145: Caja de inspección de 0,80 x 0,80 x 0,80 m en concreto de 17,2 Mpa, tapa reforzada en concreto de 20,7 Mpa | C145: UND | D145: 8328347
A146: 1-04-07 | B146: Caja de inspección de 1,00 x 1,00 x 1,00 m en concreto de 17,2 Mpa, tapa reforzada en concreto de 20,7 Mpa | C146: UND | D146: 12393747
A147: 1-04-08 | B147: Zapatas en concreto de 20,7 Mpa, no incluye refuerzo | C147: M3 | D147: 885871
A148: 1-04-09 | B148: Zapatas en concreto de 24,5 Mpa (3500 psi), no incluye refuerzo | C148: M3 | D148: 127553199
A149: 1-04-10 | B149: Viga de enlace de zapatas en concreto de 20,7 Mpa, no incluye refuerzo | C149: M3 | D149: 913290
A150: 1-04-11 | B150: Viga de enlace de zapatas en concreto de 24,5 Mpa, no incluye refuerzo | C150: M3 | D150: 127654640
A151: 1-04-12 | B151: Viga apoyada concreto 20,7 Mpa (3000 psi) | C151: M3 | D151: 14902926
... A193: 1-04-54 | B193: Muro de contención en concreto 20,7 Mpa (3000 psi), no incluye refuerzo | C193: M3 | D193: 2453160
A194: 1-05 MAMPOSTERIA
A195: CODIGO | B195: DESCRIPCIÓN | C195: UND IDAD | D195: VALOR UNITARIO
A196: 1-05-01 | B196: Muro en ladrillo farol pandereta e = 0,10 m | C196: M2 | D196: 31828510
A197: 1-05-02 | B197: Muro en ladrillo farol pandereta e = 0,12 m | C197: M2 | D197: 29236237
...

Sheet LISTA DE PRECIOS
A2: CODIGO INSUMO | B2: INSUMO, EQUIPO O HERRAMIENTA | D2: TIPO | E2: 2021 VR. IVA INCLUIDO
A4: MANO DE OBRA | F4: IPC 2019 3,8%
A5: CÓDIGO | B5: DESCRIPCIÓN | D5: UNIDAD | E5: VALOR UNITARIO 2020 | F5: =1.038 -> 1.038
A6: MO 001 | B6: Ayudante | D6: Día | E6: =+'MANO DE OBRA'!F31 -> 67964
A7: MO 002 | B7: Ayudante práctico | D7: Día | E7: =+'MANO DE OBRA'!F32 -> 95150
A8: MO 003 | B8: Oficial | D8: Día | E8: =+'MANO DE OBRA'!F33 -> 122335
A9: MO 004 | B9: Cadenero 1 | D9: Día | E9: =+'MANO DE OBRA'!F34 -> 101946
A10: MO 005 | B10: Cadenero 2 | D10: Día | E10: =+'MANO DE OBRA'!F35 -> 67964
A11: MO 006 | B11: Liniero cat 1 | D11: Día | E11: =+'MANO DE OBRA'!F36 -> 175996
A12: MO 007 | B12: Liniero cat 2 | D12: Día | E12: =+'MANO DE OBRA'!F37 -> 122335
A13: MO 008 | B13: Maestro de obra | D13: Día | E13: =+'MANO DE OBRA'!F38 -> 157140
A14: MO 009 | B14: Minero | D14: Día | E14: =+'MANO DE OBRA'!F39 -> 157140
A15: MO 010 | B15: Oficial eléctrico | D15: Día | E15: =+'MANO DE OBRA'!F40 -> 135928
A16: MO 011 | B16: Oficial pintor | D16: Día | E16: =+'MANO DE OBRA'!F41 -> 108742
A17: MO 012 | B17: Operador de maquinaria | D17: Día | E17: =+'MANO DE OBRA'!F42 -> 122335
... A21: MO 016 | B21: Ayudante eléctrico | D21: Día | E21: =+'MANO DE OBRA'!F46 -> 108742
A22: MOB002 | B22: Oficial (jornal + prestaciones) | D22: Día | E22: 106303 | F22: =+'MANO DE OBRA'!G33 -> 0 | G22: =+'MANO DE OBRA'!F33 -> 122335
A23: MOB003 | B23: Ayudante (jornal + prestaciones) | D23: Día | E23: 59057 | G23: =+'MANO DE OBRA'!F31 -> 67964
A24: MOB004 | B24: Ayudante práctico (jornal + prestaciones) | D24: Día | E24: 82680 | G24: =+'MANO DE OBRA'!F32 -> 95150
A25: MOB005 | B25: Cuadrilla A 1 Of + 4 Ay (jornal + prestaciones) | D25: Día | E25: 342531
A26: MOB006 | B26: Cuadrilla B 1 Min + 2 Ay (jornal + prestaciones) | D26: Día | E26: 313003
A27: MOB007 | B27: Oficial eléctrico (jornal + prestaciones) | D27: Día | E27: 118115
A28: MOB008 | B28: Cuadrilla S (1Sold.+1Ay práctico) (jornal + prestaciones) | D28: Día | E28: 188983
A29: MOB010 | B29: Comisión topografía (topógrafo + Cadenero 1 + 2 Cadeneros 2) | D29: Día | E29: 397158
A30: MOB011 | B30: Acarreo Horizontal | D30: % MO | E30: 4564
A31: MOB012 | B31: Profesional en salud ocupacional | D31: Mes | E31: 4570983
A32: MOB013 | B32: Cuadrilla C 1 Of + 7 Ay (jornal + prestaciones) | D32: Día | E32: 519702
A33: MOB014 | B33: Cuadrilla D 2 Of + 4 Ay (jornal + prestaciones) | D33: Día | E33: 448834
A34: MOB015 | B34: Cuadrilla E 1 Of + 1 Ay (jornal + prestaciones) | D34: Día | E34: 165360
A35: MOB016 | B35: Cuadrilla F 6 Of + 4 Ay (jornal + prestaciones) | D35: Día | E35: 874046
A36: MOB017 | B36: Cuadrilla G 1 Of + 2 Ay (jornal + prestaciones) | D36: Día | E36: 224417
... A41: MOB022 | B41: Cuadrilla L 2 Of + 8 Ay (jornal + prestaciones) | D41: Día | E41: 685062
B42: EQUIPO
A44: CÓDIGO | B44: DESCRIPCIÓN | D44: UNIDAD | E44: VALOR UNITARIO 2019
B45: Accesorios y empaques canal PVC promedio de: U y soporte | D45: Un | E45: 36330
A47: EQU001 | B47: Control de agua | D47: %MO | E47: 0
A48: EQU002 | B48: Herramienta menor | D48: %MO | E48: 0
A49: EQU003 | B49: Concretadora gasolina 1 o 1 1/2 sacos | D49: Día | E49: 59500 | F49: 57090 | G49: ALQUIEQUIPOS
A50: EQU004 | B50: Buldozer, Potencia al volante de 140 HP, motor de 2200 RPM, longitud de hoja 4,80m. | D50: Hr | E50: 96000
A51: EQU005 | B51: Compresor 185 pies3 CFM de 2 martillos, incluye 2 operarios y combustible | D51: Hr | E51: 74736 | F51: 67150
A52: EQU006 | B52: Andamio certificado | D52: Día | E52: 28560 | G52: =+E52/1900 -> 15.031579 | H52: CUERPOS
A53: EQU007 | B53: Taco metálico de 2 - >3 m | D53: Día | E53: 300 | F53: 159 | G53: ALQUIEQUIPOS
A54: EQU008 | B54: Motoniveladora | D54: Hr | E54: 150268.15
A55: EQU009 | B55: Cargador 930 1,5 yd3 | D55: Hr | E55: 112104
A56: EQU010 | B56: Volqueta 7 m3 | D56: Hr | E56: 73227.786
A57: EQU011 | B57: Equipo completo de topografía | D57: Día | E57: 102710.1
A58: EQU012 | B58: Vibrocompactador manual | D58: Día | E58: 59500 | F58: 38406 | G58: ALQUIEQUIPOS
A59: EQU013 | B59: Cilindro compactador vibratorio Dynapac y tractor | D59: Hr | E59: 83040 | F59: 83000
A60: EQU014 | B60: Guadaña | D60: Dia | E60: 35700
A61: EQU015 | B61: Pulidora sin operario | D61: Día | E61: 16608
A62: EQU016 | B62: Motobomba sumergible 3" con manguera | D62: Día | E62: 37000
A63: EQU017 | B63: Entibado | D63: %MO | E63: 0
A64: EQU018 | B64: Vibrador eléctrico o a gasolina | D64: Día | E64: 53550 | F64: 31350 | G64: ALQUIEQUIPOS
A65: EQU019 | B65: Finisher (pavimentadora) con operario | D65: Hr | E65: 173872.27
A66: EQU020 | B66: Carrotanque asfalto | D66: Hr | E66: 68403.162
A67: EQU021 | B67: Compresor pintura | D67: Día | E67: 35700
A68: EQU022 | B68: Compactador neumático con tractor | D68: Hr | E68: 125008.42
A69: EQU023 | B69: Carrotanque agua | D69: Hr | E69: 51900
A70: EQU024 | B70: Retroexcavadora de orugas capacidad 0,9 M3 | D70: Hr | E70: 176460
A71: EQU025 | B71: Formaleta cono cámara | D71: Día | E71: 14575.596
A72: EQU026 | B72: Regla vibradora | D72: Día | E72: 61345.8 | F72: 47600
A73: EQU027 | B73: Formaleta pavimento concreto 3 ml | D73: Día | E73: 2595
A74: EQU028 | B74: Formaleta cuerpo cámara inspección 1,20 m | D74: Día | E74: 17850
A75: EQU029 | B75: Manejo de tubería | D75: %MO | E75: 0
A76: EQU030 | B76: Cama baja | D76: Serv x 10Km | E76: 700000
A77: EQU031 | B77: Cortadora de concreto con disco | D77: Día | E77: =53550+25000 -> 78550 | F77: 53550 | G77: ALQUIEQUIPOS
A78: EQU032 | B78: Equipo móvil pintura línea vías, incluye camioneta guia | D78: Dia | E78: 582243.26
A79: EQU033 | B79: Alquiler de campero o camioneta Mod. > 2015 de 2.600 o mas c. c. , con conductor | D79: Dia | E79: 155700
A80: EQU034 | B80: Compactador manual (canguro) | D80: Día | E80: 71400 | F80: 57817 | G80: ALQUIEQUIPOS
A81: EQU035 | B81: Cortadora de ladrillo sin disco | D81: Día | E81: 31000
A82: EQU036 | B82: Equipo perforación de pilotes | D82: Hr | E82: 400687.72
A83: EQU037 | B83: Transporte de materiales en mula | D83: Cg | E83: 4152
A84: EQU038 | B84: Grua montacarga (7 Ton) | D84: Hr | E84: 183310.8
A85: EQU039 | B85: Equipo soldadura eléctrica | D85: Día | E85: 47600 | F85: 47600
A86: EQU040 | B86: Bomba para concreto | D86: M3 | E86: 55000 | F86: 38306 | G86: CONCRETOS EJE | H86: =1100000/20 -> 55000
A87: EQU041 | B87: Taco metálico de 2,6 - >4 m | D87: Día | E87: 298.944 | F87: 238
A88: EQU042 | B88: Tablero formaleta 45*135 | D88: Dia | E88: 290.64
A89: EQU043 | B89: Tablero formaleta 70*140 | D89: Dia | E89: 332.16
A90: EQU044 | B90: Tablero formaleta 90*135 | D90: Dia | E90: 452 | F90: 311 | G90: ALQUIEQUIPOS
A91: EQU045 | B91: Taladro percutor | D91: Día | E91: 153500
A92: EQU047 | B92: Grua telescópica (DE 50) | D92: Hr | E92: 300520.72
A93: EQU048 | B93: Andamio tubular | D93: Día | E93: 7266 | G93: =+E93/1900 -> 3.8242105 | H93: CUERPOS
A94: EQU049 | B94: Cuña hidráulica con compresor | D94: Tiro | E94: 30880.5
A95: EQU050 | B95: Cilindro compactador 2 toneladas | D95: Hr | E95: 51879.24
A96: EQU051 | B96: Fresadora | D96: Hr | E96: 333133.64
A97: EQU052 | B97: Recicladora de pavimento | D97: Hr | E97: 317738.03
A98: EQU053 | B98: Transporte de materiales | D98: %Mat. | E98: 0
A99: EQU054 | B99: Telera de 3,5 x 24 cm x 2,9 m de sajo | D99: Día | E99: 622.8 | F99: 208
A100: EQU055 | B100: Taladro | D100: Día | E100: 47600
A101: EQU056 | B101: Formaleta cónica para caissons | D101: Día | E101: 20760 | F101: 15470
A102: EQU057 | B102: Camisa metálica recuperable para pilotes | D102: Día | E102: 39444 | F102: 38000
A103: EQU058 | B103: Equipo de Oxicorte | D103: Día | E103: 73880.688
A104: EQU059 | B104: Motosierra, 93.6 cm3 - 7.1 HP, 45-90 cm - 7.9 kg | D104: Dia | E104: 80000 | F104: 41250 | G104: PASTOR SERNA
A105: EQU060 | B105: Compresor (Barrido y soplado) | D105: Dia | E105: 59000
A106: EQU061 | B106: Aspersor manual | D106: Dia | E106: 20760
A107: EQU062 | B107: Mobomba de concreto | D107: m3 | E107: 41520 | F107: 40000
A108: EQU063 | B108: Pala auxiliar de piloteadora | D108: Hr | E108: 275070
A109: EQU064 | B109: Retroexcavadora A25C | D109: Hr | E109: 140000
A110: EQU065 | B110: Cercha metálica 3m | D110: Dia | E110: 259.5
A111: EQU066 | B111: Camión dobletroque | D111: Ton | E111: 60000
...

Sheet APU GENERALES
K1: 2110
B2: ESCENARIO DEPORTIVO COLISEO MAYOR PEREIRA
B3: REFERENCIA | L3: =+VLOOKUP(K1,#REF!,9,FALSE) -> #REF!
B4: ITEM | D4: G-01-01
B5: =VLOOKUP(D4,ACTIVIDADES!A:D,2,FALSE) -> Concreto de 10,3 Mpa (producción) | D5: VALOR | H5: Unidad
D6: =+ROUND(H31+H20+H14+H26,0) -> 264176 | H6: =VLOOKUP(D4,ACTIVIDADES!A:D,3,FALSE) -> M3
B9: MATERIALES | D9: UNIDAD | E9: CANTIDAD | F9: DES | G9: VALOR UNITARIO | H9: VALOR TOTAL
B10: MAT,068 | C10: =VLOOKUP(B10,'LISTA DE PRECIOS'!A:B,2,FALSE) -> Cemento gris saco por 50 kilos, incluye cargue, descargue y transporte | D10: =VLOOKUP(B10,'LISTA DE PRECIOS'!A:D,4,FALSE) -> Sc | E10: 3.5 | F10: 1.03 | G10: =VLOOKUP(B10,'LISTA DE PRECIOS'!A:E,5,FALSE) -> 24999.52 | H10: =+ROUND(E10*F10*G10,0) -> 90123
B11: MAT,040 | C11: =VLOOKUP(B11,'LISTA DE PRECIOS'!A:B,2,FALSE) -> Arena | D11: =VLOOKUP(B11,'LISTA DE PRECIOS'!A:D,4,FALSE) -> M3 | E11: 0.56 | F11: 1.03 | G11: =VLOOKUP(B11,'LISTA DE PRECIOS'!A:E,5,FALSE) -> 0 | H11: =+ROUND(E11*F11*G11,0) -> 0
B12: MAT,410 | C12: =VLOOKUP(B12,'LISTA DE PRECIOS'!A:B,2,FALSE) -> Triturado | D12: =VLOOKUP(B12,'LISTA DE PRECIOS'!A:D,4,FALSE) -> M3 | E12: 0.9 | F12: 1.03 | G12: =VLOOKUP(B12,'LISTA DE PRECIOS'!A:E,5,FALSE) -> 77156 | H12: =+ROUND(E12*F12*G12,0) -> 71524
B13: MAT,027 | C13: =VLOOKUP(B13,'LISTA DE PRECIOS'!A:B,2,FALSE) -> Agua | D13: =VLOOKUP(B13,'LISTA DE PRECIOS'!A:D,4,FALSE) -> Lt | E13: 160 | F13: 1.03 | G13: =VLOOKUP(B13,'LISTA DE PRECIOS'!A:E,5,FALSE) -> 7 | H13: =+ROUND(E13*F13*G13,0) -> 1154
E14: SUBTOTAL MATERIALES | H14: =ROUND(SUM(H10:H13),0) -> 162801
B16: EQUIPOS Y HERRAMIENTAS | D16: UNIDAD | E16: RENDIMIENTO | F16: DES | G16: VALOR UNITARIO | H16: VALOR TOTAL
B17: EQU002 | C17: =VLOOKUP(B17,'LISTA DE PRECIOS'!A:B,2,FALSE) -> Herramienta menor | D17: =VLOOKUP(B17,'LISTA DE PRECIOS'!A:D,4,FALSE) -> %MO | E17: 0.1 | G17: =+H31 -> 89712 | H17: =+ROUND(E17*G17,0) -> 8971
B18: EQU010 | C18: =VLOOKUP(B18,'LISTA DE PRECIOS'!A:B,2,FALSE) -> Volqueta 7 m3 | D18: =VLOOKUP(B18,'LISTA DE PRECIOS'!A:D,4,FALSE) -> Hr | E18: 0.05 | G18: =VLOOKUP(B18,'LISTA DE PRECIOS'!A:E,5,FALSE) -> 73227.786 | H18: =+ROUND(E18*G18,0) -> 3661
B19: EQU003 | C19: =VLOOKUP(B19,'LISTA DE PRECIOS'!A:B,2,FALSE) -> Concretadora gasolina 1 o 1 1/2 sacos | D19: =VLOOKUP(B19,'LISTA DE PRECIOS'!A:D,4,FALSE) -> Día | E19: 0.15 | G19: =VLOOKUP(B19,'LISTA DE PRECIOS'!A:E,5,FALSE) -> 59500 | H19: =+ROUND(E19*G19,0) -> 8925
E20: SUBTOTAL EQUIPOS | H20: =ROUND(SUM(H17:H17),0) -> 8971
B22: TRANSPORTE | D22: UNIDAD | E22: DISTANCIA (Km) | F22: DES | G22: VALOR UNITARIO ($/ m³*km) | H22: VALOR TOTAL
B23: 1 | C23: APLICA | E23: 1 | F23: 1.47 | G23: 1831 | H23: =+ROUND(E23*F23*G23,0) -> 2692 | M23: =84/12 -> 7
B24: 2 | C24: No aplica | H24: =+ROUND(E24*G24,0) -> 0
B25: 3 | C25: No aplica | H25: =+ROUND(E25*G25,0) -> 0
E26: SUBTOTAL TRANSPORTE | H26: =ROUND(SUM(H23:H25),0) -> 2692
B28: MANO DE OBRA | D28: UNIDAD | E28: RENDIMIENTO | F28: CANT | G28: VALOR /HORA | H28: VALOR TOTAL
B29: MO 001 | C29: =VLOOKUP(B29,'LISTA DE PRECIOS'!A:B,2,FALSE) -> Ayudante | D29: =VLOOKUP(B29,'LISTA DE PRECIOS'!A:D,4,FALSE) -> Día | E29: 0.15 | F29: 7 | G29: =VLOOKUP(B29,'LISTA DE PRECIOS'!A:E,5,FALSE) -> 67964 | H29: =+ROUND(E29*F29*G29,0) -> 71362
B30: MO 003 | C30: =VLOOKUP(B30,'LISTA DE PRECIOS'!A:B,2,FALSE) -> Oficial | D30: =VLOOKUP(B30,'LISTA DE PRECIOS'!A:D,4,FALSE) -> Día | E30: 0.15 | F30: 1 | G30: =VLOOKUP(B30,'LISTA DE PRECIOS'!A:E,5,FALSE) -> 122335 | H30: =+ROUND(E30*F30*G30,0) -> 18350
E31: SUBTOTAL MANO DE OBRA | H31: =ROUND(SUM(H29:H30),0) -> 89712
E33: COSTO DIRECTO | H33: =+ROUND(H31+H20+H14+H26,0) -> 264176
B36: ESCENARIO DEPORTIVO COLISEO MAYOR PEREIRA
B37: REFERENCIA
B38: ITEM | D38: G-01-02
B39: =VLOOKUP(D38,ACTIVIDADES!A:D,2,FALSE) -> Concreto de 13,8 Mpa (2000 psi) (producción) | D39: VALOR | H39: Unidad
D40: =+ROUND(H65+H54+H48+H60,0) -> 312972 | H40: =VLOOKUP(D38,ACTIVIDADES!A:D,3,FALSE) -> M3
B43: MATERIALES | D43: UNIDAD | E43: CANTIDAD | F43: DES | G43: VALOR UNITARIO | H43: VALOR TOTAL
B44: MAT,068 | C44: =VLOOKUP(B44,'LISTA DE PRECIOS'!A:B,2,FALSE) -> Cemento gris saco por 50 kilos, incluye cargue, descargue y transporte | D44: =VLOOKUP(B44,'LISTA DE PRECIOS'!A:D,4,FALSE) -> Sc | E44: 5.2 | F44: 1.03 | G44: =VLOOKUP(B44,'LISTA DE PRECIOS'!A:E,5,FALSE) -> 24999.52 | H44: =+ROUND(E44*F44*G44,0) -> 133897
B45: MAT,040 | C45: =VLOOKUP(B45,'LISTA DE PRECIOS'!A:B,2,FALSE) -> Arena | D45: =VLOOKUP(B45,'LISTA DE PRECIOS'!A:D,4,FALSE) -> M3 | E45: 0.6 | F45: 1.03 | G45: =VLOOKUP(B45,'LISTA DE PRECIOS'!A:E,5,FALSE) -> 0 | H45: =+ROUND(E45*F45*G45,0) -> 0
B46: MAT,410 | C46: =VLOOKUP(B46,'LISTA DE PRECIOS'!A:B,2,FALSE) -> Triturado | D46: =VLOOKUP(B46,'LISTA DE PRECIOS'!A:D,4,FALSE) -> M3 | E46: 0.84 | F46: 1.03 | G46: =VLOOKUP(B46,'LISTA DE PRECIOS'!A:E,5,FALSE) -> 77156 | H46: =+ROUND(E46*F46*G46,0) -> 66755
B47: MAT,027 | C47: =VLOOKUP(B47,'LISTA DE PRECIOS'!A:B,2,FALSE) -> Agua | D47: =VLOOKUP(B47,'LISTA DE PRECIOS'!A:D,4,FALSE) -> Lt | E47: 185 | F47: 1.03 | G47: =VLOOKUP(B47,'LISTA DE PRECIOS'!A:E,5,FALSE) -> 7 | H47: =+ROUND(E47*F47*G47,0) -> 1334
E48: SUBTOTAL MATERIALES | H48: =ROUND(SUM(H44:H47),0) -> 201986
B50: EQUIPOS Y HERRAMIENTAS | D50: UNIDAD | E50: RENDIMIENTO | F50: DES | G50: VALOR UNITARIO | H50: VALOR TOTAL
B51: EQU002 | C51: =VLOOKUP(B51,'LISTA DE PRECIOS'!A:B,2,FALSE) -> Herramienta menor | D51: =VLOOKUP(B51,'LISTA DE PRECIOS'!A:D,4,FALSE) -> %MO | E51: 0.1 | G51: =+H65 -> 89712 | H51: =+ROUND(E51*G51,0) -> 8971
B52: EQU010 | C52: =VLOOKUP(B52,'LISTA DE PRECIOS'!A:B,2,FALSE) -> Volqueta 7 m3 | D52: =VLOOKUP(B52,'LISTA DE PRECIOS'!A:D,4,FALSE) -> Hr | E52: 0.05 | G52: =VLOOKUP(B52,'LISTA DE PRECIOS'!A:E,5,FALSE) -> 73227.786 | H52: =+ROUND(E52*G52,0) -> 3661
B53: EQU003 | C53: =VLOOKUP(B53,'LISTA DE PRECIOS'!A:B,2,FALSE) -> Concretadora gasolina 1 o 1 1/2 sacos | D53: =VLOOKUP(B53,'LISTA DE PRECIOS'!A:D,4,FALSE) -> Día | E53: 0.1 | G53: =VLOOKUP(B53,'LISTA DE PRECIOS'!A:E,5,FALSE) -> 59500 | H53: =+ROUND(E53*G53,0) -> 5950
E54: SUBTOTAL EQUIPOS | H54: =ROUND(SUM(H51:H53),0) -> 18582
B56: TRANSPORTE | D56: UNIDAD | E56: DISTANCIA (Km) | F56: DES | G56: VALOR UNITARIO ($/ m³*km) | H56: VALOR TOTAL
B57: 1 | C57: APLICA | E57: 1 | F57: 1.47 | G57: 1831 | H57: =+ROUND(E57*F57*G57,0) -> 2692
B58: 2 | C58: No aplica | H58: =+ROUND(E58*G58,0) -> 0
B59: 3 | C59: No aplica | H59: =+ROUND(E59*G59,0) -> 0
E60: SUBTOTAL TRANSPORTE | H60: =ROUND(SUM(H57:H59),0) -> 2692
B62: MANO DE OBRA | D62: UNIDAD | E62: RENDIMIENTO | F62: DES | G62: VALOR /HORA | H62: VALOR TOTAL
B63: MO 001 | C63: =VLOOKUP(B63,'LISTA DE PRECIOS'!A:B,2,FALSE) -> Ayudante | D63: =VLOOKUP(B63,'LISTA DE PRECIOS'!A:D,4,FALSE) -> Día | E63: 0.15 | F63: 7 | G63: =VLOOKUP(B63,'LISTA DE PRECIOS'!A:E,5,FALSE) -> 67964 | H63: =+ROUND(E63*F63*G63,0) -> 71362
B64: MO 003 | C64: =VLOOKUP(B64,'LISTA DE PRECIOS'!A:B,2,FALSE) -> Oficial | D64: =VLOOKUP(B64,'LISTA DE PRECIOS'!A:D,4,FALSE) -> Día | E64: 0.15 | F64: 1 | G64: =VLOOKUP(B64,'LISTA DE PRECIOS'!A:E,5,FALSE) -> 122335 | H64: =+ROUND(E64*F64*G64,0) -> 18350
E65: SUBTOTAL MANO DE OBRA | H65: =ROUND(SUM(H63:H64),0) -> 89712
E67: COSTO DIRECTO | H67: =+ROUND(H65+H54+H48+H60,0) -> 312972
B70: ESCENARIO DEPORTIVO COLISEO MAYOR PEREIRA
B71: REFERENCIA
B72: ITEM | D72: G-01-03
B73: =VLOOKUP(D72,ACTIVIDADES!A:D,2,FALSE) -> Concreto de 17,2 Mpa (2500 psi) (producción) | D73: VALOR | H73: Unidad
D74: =+ROUND(H99+H88+H82+H94,0) -> 332595 | H74: =VLOOKUP(D72,ACTIVIDADES!A:D,3,FALSE) -> M3
B77: MATERIALES | D77: UNIDAD | E77: CANTIDAD | F77: DES | G77: VALOR UNITARIO | H77: VALOR TOTAL
B78: MAT,068 | C78: =VLOOKUP(B78,'LISTA DE PRECIOS'!A:B,2,FALSE) -> Cemento gris saco por 50 kilos, incluye cargue, descargue y transporte | D78: =VLOOKUP(B78,'LISTA DE PRECIOS'!A:D,4,FALSE) -> Sc | E78: 6 | F78: 1.03 | G78: =VLOOKUP(B78,'LISTA DE PRECIOS'!A:E,5,FALSE) -> 24999.52 | H78: =+ROUND(E78*F78*G78,0) -> 154497
B79: MAT,040 | C79: =VLOOKUP(B79,'LISTA DE PRECIOS'!A:B,2,FALSE) -> Arena | D79: =VLOOKUP(B79,'LISTA DE PRECIOS'!A:D,4,FALSE) -> M3 | E79: 0.56 | F79: 1.03 | G79: =VLOOKUP(B79,'LISTA DE PRECIOS'!A:E,5,FALSE) -> 0 | H79: =+ROUND(E79*F79*G79,0) -> 0
B80: MAT,410 | C80: =VLOOKUP(B80,'LISTA DE PRECIOS'!A:B,2,FALSE) -> Triturado | D80: =VLOOKUP(B80,'LISTA DE PRECIOS'!A:D,4,FALSE) -> M3 | E80: 0.95 | F80: 1.03 | G80: =VLOOKUP(B80,'LISTA DE PRECIOS'!A:E,5,FALSE) -> 77156 | H80: =+ROUND(E80*F80*G80,0) -> 75497
B81: MAT,027 | C81: =VLOOKUP(B81,'LISTA DE PRECIOS'!A:B,2,FALSE) -> Agua | D81: =VLOOKUP(B81,'LISTA DE PRECIOS'!A:D,4,FALSE) -> Lt | E81: 170 | F81: 1.03 | G81: =VLOOKUP(B81,'LISTA DE PRECIOS'!A:E,5,FALSE) -> 7 | H81: =+ROUND(E81*F81*G81,0) -> 1226
E82: SUBTOTAL MATERIALES | H82: =ROUND(SUM(H78:H81),0) -> 231220
B84: EQUIPOS Y HERRAMIENTAS | D84: UNIDAD | E84: RENDIMIENTO | F84: DES | G84: VALOR UNITARIO | H84: VALOR TOTAL
B85: EQU002 | C85: =VLOOKUP(B85,'LISTA DE PRECIOS'!A:B,2,FALSE) -> Herramienta menor | D85: =VLOOKUP(B85,'LISTA DE PRECIOS'!A:D,4,FALSE) -> %MO | E85: 0.1 | G85: =+H99 -> 89712 | H85: =+ROUND(E85*G85,0) -> 8971
B86: EQU010 | C86: =VLOOKUP(B86,'LISTA DE PRECIOS'!A:B,2,FALSE) -> Volqueta 7 m3 | D86: =VLOOKUP(B86,'LISTA DE PRECIOS'!A:D,4,FALSE) -> Hr | E86: 0.05 | G86: =VLOOKUP(B86,'LISTA DE PRECIOS'!A:E,5,FALSE) -> 73227.786 | H86: =+ROUND(E86*G86,0) -> 3661
B87: EQU003 | C87: =VLOOKUP(B87,'LISTA DE PRECIOS'!A:B,2,FALSE) -> Concretadora gasolina 1 o 1 1/2 sacos | D87: =VLOOKUP(B87,'LISTA DE PRECIOS'!A:D,4,FALSE) -> Día | E87: 0.1 | G87: =VLOOKUP(B87,'LISTA DE PRECIOS'!A:E,5,FALSE) -> 59500 | H87: =+ROUND(E87*G87,0) -> 5950
E88: SUBTOTAL EQUIPOS | H88: =ROUND(SUM(H85:H85),0) -> 8971
B90: TRANSPORTE | D90: UNIDAD | E90: DISTANCIA (Km) | F90: DES | G90: VALOR UNITARIO ($/ m³*km) | H90: VALOR TOTAL
B91: 1 | C91: APLICA | E91: 1 | F91: 1.47 | G91: 1831 | H91: =+ROUND(E91*F91*G91,0) -> 2692
B92: 2 | C92: No aplica | H92: =+ROUND(E92*G92,0) -> 0
B93: 3 | C93: No aplica | H93: =+ROUND(E93*G93,0) -> 0
E94: SUBTOTAL TRANSPORTE | H94: =ROUND(SUM(H91:H93),0) -> 2692
B96: MANO DE OBRA | D96: UNIDAD | E96: RENDIMIENTO | F96: DES | G96: VALOR /HORA | H96: VALOR TOTAL
B97: MO 001 | C97: =VLOOKUP(B97,'LISTA DE PRECIOS'!A:B,2,FALSE) -> Ayudante | D97: =VLOOKUP(B97,'LISTA DE PRECIOS'!A:D,4,FALSE) -> Día | E97: 0.15 | F97: 7 | G97: =VLOOKUP(B97,'LISTA DE PRECIOS'!A:E,5,FALSE) -> 67964 | H97: =+ROUND(E97*F97*G97,0) -> 71362
B98: MO 003 | C98: =VLOOKUP(B98,'LISTA DE PRECIOS'!A:B,2,FALSE) -> Oficial | D98: =VLOOKUP(B98,'LISTA DE PRECIOS'!A:D,4,FALSE) -> Día | E98: 0.15 | F98: 1 | G98: =VLOOKUP(B98,'LISTA DE PRECIOS'!A:E,5,FALSE) -> 122335 | H98: =+ROUND(E98*F98*G98,0) -> 18350
E99: SUBTOTAL MANO DE OBRA | H99: =ROUND(SUM(H97:H98),0) -> 89712
E101: COSTO DIRECTO | H101: =+ROUND(H99+H88+H82+H94,0) -> 332595
B104: ESCENARIO DEPORTIVO COLISEO MAYOR PEREIRA
B105: REFERENCIA
B106: ITEM | D106: G-01-04
B107: =VLOOKUP(D106,ACTIVIDADES!A:D,2,FALSE) -> Concreto de 20,7 Mpa (3000 psi) (producción) | D107: VALOR | H107: Unidad
D108: =+ROUND(H133+H122+H116+H128,0) -> 349675 | H108: =VLOOKUP(D106,ACTIVIDADES!A:D,3,FALSE) -> M3
B111: MATERIALES | D111: UNIDAD | E111: CANTIDAD | F111: DES | G111: VALOR UNITARIO | H111: VALOR TOTAL
B112: MAT,068 | C112: =VLOOKUP(B112,'LISTA DE PRECIOS'!A:B,2,FALSE) -> Cemento gris saco por 50 kilos, incluye cargue, descargue y transporte | D112: =VLOOKUP(B112,'LISTA DE PRECIOS'!A:D,4,FALSE) -> Sc | E112: 7 | F112: 1.03 | G112: =VLOOKUP(B112,'LISTA DE PRECIOS'!A:E,5,FALSE) -> 24999.52 | H112: =+ROUND(E112*F112*G112,0) -> 180247
B113: MAT,040 | C113: =VLOOKUP(B113,'LISTA DE PRECIOS'!A:B,2,FALSE) -> Arena | D113: =VLOOKUP(B113,'LISTA DE PRECIOS'!A:D,4,FALSE) -> M3 | E113: 0.56 | F113: 1.03 | G113: =VLOOKUP(B113,'LISTA DE PRECIOS'!A:E,5,FALSE) -> 0 | H113: =+ROUND(E113*F113*G113,0) -> 0
B114: MAT,410 | C114: =VLOOKUP(B114,'LISTA DE PRECIOS'!A:B,2,FALSE) -> Triturado | D114: =VLOOKUP(B114,'LISTA DE PRECIOS'!A:D,4,FALSE) -> M3 | E114: 0.84 | F114: 1.03 | G114: =VLOOKUP(B114,'LISTA DE PRECIOS'!A:E,5,FALSE) -> 77156 | H114: =+ROUND(E114*F114*G114,0) -> 66755
B115: MAT,027 | C115: =VLOOKUP(B115,'LISTA DE PRECIOS'!A:B,2,FALSE) -> Agua | D115: =VLOOKUP(B115,'LISTA DE PRECIOS'!A:D,4,FALSE) -> Lt | E115: 180 | F115: 1.03 | G115: =VLOOKUP(B115,'LISTA DE PRECIOS'!A:E,5,FALSE) -> 7 | H115: =+ROUND(E115*F115*G115,0) -> 1298
E116: SUBTOTAL MATERIALES | H116: =ROUND(SUM(H112:H115),0) -> 248300
B118: EQUIPOS Y HERRAMIENTAS | D118: UNIDAD | E118: RENDIMIENTO | F118: DES | G118: VALOR UNITARIO | H118: VALOR TOTAL
B119: EQU002 | C119: =VLOOKUP(B119,'LISTA DE PRECIOS'!A:B,2,FALSE) -> Herramienta menor | D119: =VLOOKUP(B119,'LISTA DE PRECIOS'!A:D,4,FALSE) -> %MO | E119: 0.1 | G119: =+H133 -> 89712 | H119: =+ROUND(E119*G119,0) -> 8971
B120: EQU010 | C120: =VLOOKUP(B120,'LISTA DE PRECIOS'!A:B,2,FALSE) -> Volqueta 7 m3 | D120: =VLOOKUP(B120,'LISTA DE PRECIOS'!A:D,4,FALSE) -> Hr | E120: 0.05 | G120: =VLOOKUP(B120,'LISTA DE PRECIOS'!A:E,5,FALSE) -> 73227.786 | H120: =+ROUND(E120*G120,0) -> 3661
B121: EQU003 | C121: =VLOOKUP(B121,'LISTA DE PRECIOS'!A:B,2,FALSE) -> Concretadora gasolina 1 o 1 1/2 sacos | D121: =VLOOKUP(B121,'LISTA DE PRECIOS'!A:D,4,FALSE) -> Día | E121: 0.1 | G121: =VLOOKUP(B121,'LISTA DE PRECIOS'!A:E,5,FALSE) -> 59500 | H121: =+ROUND(E121*G121,0) -> 5950
E122: SUBTOTAL EQUIPOS | H122: =ROUND(SUM(H119:H119),0) -> 8971
B124: TRANSPORTE | D124: UNIDAD | E124: DISTANCIA (Km) | F124: DES | G124: VALOR UNITARIO ($/ m³*km) | H124: VALOR TOTAL
B125: 1 | C125: APLICA | E125: 1 | F125: 1.47 | G125: 1831 | H125: =+ROUND(E125*F125*G125,0) -> 2692
B126: 2 | C126: No aplica | H126: =+ROUND(E126*G126,0) -> 0
B127: 3 | C127: No aplica | H127: =+ROUND(E127*G127,0) -> 0
E128: SUBTOTAL TRANSPORTE | H128: =ROUND(SUM(H125:H127),0) -> 2692
...

Sheet MANO DE OBRA
B1: Análisis Mano de Obra
B3: ANÁLISIS MANO DE OBRA
B4: Salario Mínimo Mensual Legal Vigente año 2MAT,54917 | C4: 1000000
B5: Subsidio de Transporte (salario <= 2 SMMLV) | C5: 117172
B7: FACTOR PRESTACIONAL
B8: DESCRIPCIÓN | C8: SALARIO <= 2 SMMLV | D8: SALARIO > 2 SMMLV | E8: SALARIO <= 2 SMMLV
C9: PERSONAL TÉCNICO, OPERATIVO Riesgo Clase V | D9: PERSONAL TÉCNICO, OPERATIVO Riesgo Clase V | E9: PERSONAL TÉCNICO, OPERATIVO Riesgo Clase II
B10: PRESTACIONES SOCIALES
B11: Cesantías | C11: 0.0833 | D11: 0.0833 | E11: 0.0833
B12: Intereses cesantías | C12: 0.01 | D12: 0.01 | E12: 0.01
B13: Vacaciones | C13: 0.0417 | D13: 0.0417 | E13: 0.0417
B14: Prima | C14: 0.0833 | D14: 0.0833 | E14: 0.0833
B15: Dotación | C15: 0.08 | D15: 0.06 | E15: 0.06
B16: SEGURIDAD SOCIAL
B17: Aportes régimen general de pensiones (I.V.M) | C17: 0.12 | D17: 0.12 | E17: 0.12
B18: Aporte riesgos profesionales A.R.P. | C18: 0.0696 | D18: 0.0696 | E18: 0.01
B19: Aportes régimen contributivo de salud | C19: 0.085 | D19: 0.085 | E19: 0.085
B20: Certifcado trabajo en alturas | C20: 0.01 | D20: 0.01 | E20: 0.01
B21: OTROS APORTES
B22: Aportes FIC | C22: 0.025 | D22: 0.025 | E22: 0.025
B23: I.C.B.F.
B24: Caja de compensacion familiar | C24: 0.04 | D24: 0.04 | E24: 0.04
B25: Subsidio de transporte | C25: =C5/C4 -> 0.117172
B26: Dias festivo (18 al año) | C26: 0.05 | D26: 0.05 | E26: 0.05
B27: Exámenes médicos de ingreso y egreso | C27: 0.01 | D27: 0.01 | E27: 0.01
C28: =SUM(C10:C27) -> 0.825072 | D28: =SUM(D10:D27) -> 0.6879 | E28: =SUM(E10:E27) -> 0.6283
B30: NOMBRE | C30: SALARIO MENSUAL | D30: PRESTACIONES Y APORTES | E30: SALARIO + PRESTACIONES | F30: SALARIO DIA
A31: MO 001 | B31: Ayudante | C31: =C4+C5 -> 1117172 | D31: =ROUND((C31*$C$28),0) -> 921747 | E31: =C31+D31 -> 2038919 | F31: =ROUND((E31/30),0) -> 67964
A32: MO 002 | B32: Ayudante práctico | C32: =C31*1.4 -> 1564040.8 | D32: =ROUND((C32*$C$28),0) -> 1290446 | E32: =C32+D32 -> 2854486.8 | F32: =ROUND((E32/30),0) -> 95150
A33: MO 003 | B33: Oficial | C33: =C31*1.8 -> 2010909.6 | D33: =ROUND((C33*$C$28),0) -> 1659145 | E33: =C33+D33 -> 3670054.6 | F33: =ROUND((E33/30),0) -> 122335
A34: MO 004 | B34: Cadenero 1 | C34: =C31*1.5 -> 1675758 | D34: =ROUND((C34*$C$28),0) -> 1382621 | E34: =C34+D34 -> 3058379 | F34: =ROUND((E34/30),0) -> 101946
A35: MO 005 | B35: Cadenero 2 | C35: =C31 -> 1117172 | D35: =ROUND((C35*$C$28),0) -> 921747 | E35: =C35+D35 -> 2038919 | F35: =ROUND((E35/30),0) -> 67964
A36: MO 006 | B36: Liniero cat 1 | C36: =C31*2.8 -> 3128081.6 | D36: =ROUND((C36*D28),0) -> 2151807 | E36: =C36+D36 -> 5279888.6 | F36: =ROUND((E36/30),0) -> 175996
A37: MO 007 | B37: Liniero cat 2 | C37: =C31*1.8 -> 2010909.6 | D37: =ROUND((C37*$C$28),0) -> 1659145 | E37: =C37+D37 -> 3670054.6 | F37: =ROUND((E37/30),0) -> 122335
A38: MO 008 | B38: Maestro de obra | C38: =C31*2.5 -> 2792930 | D38: =ROUND((C38*$D$28),0) -> 1921257 | E38: =C38+D38 -> 4714187 | F38: =ROUND((E38/30),0) -> 157140
A39: MO 009 | B39: Minero | C39: =C31*2.5 -> 2792930 | D39: =ROUND((C39*$D$28),0) -> 1921257 | E39: =C39+D39 -> 4714187 | F39: =ROUND((E39/30),0) -> 157140
A40: MO 010 | B40: Oficial eléctrico | C40: =C31*2 -> 2234344 | D40: =ROUND((C40*$C$28),0) -> 1843495 | E40: =C40+D40 -> 4077839 | F40: =ROUND((E40/30),0) -> 135928
A41: MO 011 | B41: Oficial pintor | C41: =C31*1.6 -> 1787475.2 | D41: =ROUND((C41*$C$28),0) -> 1474796 | E41: =C41+D41 -> 3262271.2 | F41: =ROUND((E41/30),0) -> 108742
A42: MO 012 | B42: Operador de maquinaria | C42: =C31*1.8 -> 2010909.6 | D42: =ROUND((C42*$C$28),0) -> 1659145 | E42: =C42+D42 -> 3670054.6 | F42: =ROUND((E42/30),0) -> 122335
A43: MO 013 | B43: Soldador | C43: =C31*1.8 -> 2010909.6 | D43: =ROUND((C43*$C$28),0) -> 1659145 | E43: =C43+D43 -> 3670054.6 | F43: =ROUND((E43/30),0) -> 122335
A44: MO 014 | B44: Topógrafo | C44: =C31*3.5 -> 3910102 | D44: =ROUND((C44*$D$28),0) -> 2689759 | E44: =C44+D44 -> 6599861 | F44: =ROUND((E44/30),0) -> 219995
A45: MO 015 | B45: Profesional en salud ocupacional | C45: =C31*2.8 -> 3128081.6 | D45: =ROUND((C45*$D$28),0) -> 2151807 | E45: =C45+D45 -> 5279888.6 | F45: =ROUND((E45/30),0) -> 175996
A46: MO 016 | B46: Ayudante eléctrico | C46: =C31*1.6 -> 1787475.2 | D46: =ROUND((C46*$C$28),0) -> 1474796 | E46: =C46+D46 -> 3262271.2 | F46: =ROUND((E46/30),0) -> 108742
B47: Cuadrilla E 1 Of + 1 Ay (jornal + prestaciones) | F47: =F33+F31 -> 190299
B48: Cuadrilla G 1 Of + 2 Ay (jornal + prestaciones) | F48: =F33+(2*F31) -> 258263
B49: Cuadrilla A 1 Of + 4 Ay (jornal + prestaciones) | F49: =F33+(4*F31) -> 394191
B50: Cuadrilla B 1 Min + 2 Ay (jornal + prestaciones) | F50: =F39+(2*F32) -> 347440
B51: Comisión topografía (topógrafo + Cadenero 1 + 2 Cadeneros 2) | F51: =F44+F34+(2*F35) -> 457869
B52: Cuadrilla C 1 Of + 7 Ay (jornal + prestaciones) | F52: =$F$33+(7*$F$31) -> 598083
B53: Cuadrilla D 2 Of + 4 Ay (jornal + prestaciones) | F53: =(2*F33)+(4*F31) -> 516526
B54: Cuadrilla F 6 Of + 4 Ay (jornal + prestaciones) | F54: =(6*F33)+(4*F31) -> 1005866
B55: Cuadrilla H 4 Ay (jornal + prestaciones) | F55: =4*F31 -> 271856
B56: Cuadrilla J (1 Of eléctrico+1Ay eléctrico) (jornal + prestaciones) | F56: =F40+F46 -> 244670
B57: Cuadrilla K (1Of eléctrico+2Ay eléctricos) (jornal + prestaciones) | F57: =F40+(2*F46) -> 353412
B58: Cuadrilla S (1Sold.+1Ay práctico) (jornal + prestaciones) | F58: =F43+F32 -> 217485
B59: Cuadrilla L 2 Of + 8 Ay (jornal + prestaciones) | F59: =F33*2+F31*8 -> 788382
B60: Cuadrilla M 1 Of + 3 Ay (jornal + prestaciones) | F60: =F44+(3*F42) -> 587000

Sheet SALARIOS 
B3: SALARIOS
B5: OFICIO | C5: TIEMPO | D5: SUELDO-JORNAL | H5: SMMLV 2021 | I5: 908526
B6: Director de obra | C6: MES | D6: 4.5 | E6: 5574000 | F6: =D6*$I$5 -> 4088367
B7: Ingeniero residente de obra -BIM | C7: MES | D7: 3 | E7: 3602000 | F7: =D7*$I$5 -> 2725578
B8: Asesor en estructuras | C8: MES | D8: 3.5 | E8: 5328000 | F8: =D8*$I$5 -> 3179841
B9: Asesor hidrosanitario | C9: MES | D9: 3.5 | E9: 5328000 | F9: =D9*$I$5 -> 3179841
B10: Asesor electrico | C10: MES | D10: 3 | E10: 5328000 | F10: =D10*$I$5 -> 2725578
B11: Asesor ambiental | C11: MES | D11: 3 | E11: 5328000 | F11: =D11*$I$5 -> 2725578
B12: Trabajadora social | C12: MES | D12: 2.5 | E12: 3602000 | F12: =D12*$I$5 -> 2271315
B13: Profesional en salud ocupacional | C13: MES | D13: 2.5 | E13: 3602000 | F13: =D13*$I$5 -> 2271315
B14: Tecnologo en obras civiles | C14: MES | D14: 2 | E14: 2373000 | F14: =D14*$I$5 -> 1817052
B15: Director de interventoria | C15: MES | D15: 5 | E15: 5574000 | F15: =D15*$I$5 -> 4542630
B16: Ingeniero residente de interventoria - BIM | C16: MES | D16: 3 | E16: 3602000 | F16: =D16*$I$5 -> 2725578
B17: Contador Publico | C17: MES | D17: 3 | E17: 3602000 | F17: =D17*$I$5 -> 2725578
... B19: Secretaria | C19: MES | D19: 2.5 | E19: 1520000 | F19: =D19*$I$5 -> 2271315
C20: MES | D20: 4 | F20: =D20*$I$5 -> 3634104
C21: MES | D21: 5 | F21: =D21*$I$5 -> 4542630
C22: MES | D22: 4 | F22: =D22*$I$5 -> 3634104
C23: MES | D23: 4 | F23: =D23*$I$5 -> 3634104
C24: MES | D24: 4 | F24: =D24*$I$5 -> 3634104
C25: MES | D25: 4 | F25: =D25*$I$5 -> 3634104
C26: MES | D26: 5 | F26: =D26*$I$5 -> 4542630
C27: MES | D27: 4 | F27: =D27*$I$5 -> 3634104

Sheet PGIO 
B2: PRESUPUESTO OBRA ESCENARIO DEPORTIVO TIRO CON ARCO SARA JOSE LOPEZ BUENO
B3: ESTUDIOS Y DISEÑOS PARA LA CONSTRUCCIÓN Y ADECUACIÓN DE LOS ESCENARIOS DEPORTIVOS JUEGOS DEPORTIVOS NACIONALES Y PARANACIONALES 2023
B4: PRESUPUESTO DE IMPLEMENTACION DEL PLAN DE GESTION INTEGRAL DE OBRA (PGIO)
B5: I. | C5: RECURSOS PARA LA IMPLEMENTACION PROGRAMA DE HSST (HIGIENE SEGURIDAD Y SALUD EN EL TRABAJO)
B6: No | C6: COMPONENTE | D6: ELEMENTOS | E6: UNIDAD | F6: CANTIDAD | G6: VALOR UNITARIO | H6: VALOR TOTAL
B7: 1 | C7: KIT DE ELEMENTOS DE PROTECCION PERSONAL GENERAL | D7: Casco | E7: unidad | F7: 20 | G7: 15000 | H7: =+G7*F7 -> 300000
D8: Gafas | E8: unidad | F8: 40 | G8: 7000 | H8: =+G8*F8 -> 280000
D9: Tapon para oidos de silicona | E9: Par | F9: 20 | G9: 1000 | H9: =+G9*F9 -> 20000
D10: Protector auditivo de Diadema para operador de la rana, operador del vibrador de concreto, operador de la regla vibratoria. | E10: Par | F10: 20 | G10: 16000 | H10: =+G10*F10 -> 320000
D11: Guantes de seguridad | E11: Par | F11: 40 | G11: 7000 | H11: =+G11*F11 -> 280000
D12: Chaleco reflectivo | E12: unidad | F12: 20 | G12: 13000 | H12: =+G12*F12 -> 260000
D13: Lineas de vida certificadas | E13: Conjunto | F13: 8 | G13: 325000 | H13: =+G13*F13 -> 2600000
D14: Arnes certificado | E14: Conjunto | F14: 8 | G14: 145000 | H14: =+G14*F14 -> 1160000
B15: 2 | C15: KIT DE EMERGENCIAS | D15: Extintor (10 Lbs) | E15: unidad | F15: 2 | G15: 45000 | H15: =+G15*F15 -> 90000
D16: Señal de Extintor en acrilico de 22 cm X 15 cm | E16: unidad | F16: 2 | G16: 10000 | H16: =+G16*F16 -> 20000
D17: Camilla rígida | E17: unidad | F17: 2 | G17: 200000 | H17: =+G17*F17 -> 400000
D18: Inmobilizador de cabeza para camilla | E18: unidad | F18: 2 | G18: 60000 | H18: =+G18*F18 -> 120000
D19: Botiquín dotado | E19: unidad | F19: 2 | G19: 300000 | H19: =+G19*F19 -> 600000
B20: 3 | C20: KIT DE SEÑALIZACION EN SST (Señales en acrilico de 15x15 cm) | D20: Señal de uso de elementos de protección personal - EPP | E20: unidad | F20: 2 | G20: 10000 | H20: =+G20*F20 -> 20000
D21: Señal de sustancia peligrosa | E21: unidad | F21: 2 | G21: 10000 | H21: =+G21*F21 -> 20000
D22: Señal de ruta de evacuación | E22: unidad | F22: 2 | G22: 10000 | H22: =+G22*F22 -> 20000
D23: Señal de puntos de encuentros | E23: unidad | F23: 2 | G23: 10000 | H23: =+G23*F23 -> 20000
D24: Señal de baños | E24: unidad | F24: 2 | G24: 10000 | H24: =+G24*F24 -> 20000
B25: 4 | C25: HIDRATACION DEL PERSONAL | D25: Bolsas con agua | E25: unidad | F25: =+(20+6)*1*24*6 -> 3744 | G25: 250 | H25: =+G25*F25 -> 936000
B26: 5 | C26: MATERIAL INFORMATIVO | D26: Generación de informes, impresión de información, adquisición de información, capacitaciones y mantenimiento del plan de implementación de PGIO eje de seguridad industrial y salud ocupacional. | E26: MES | F26: 6 | G26: 120000 | H26: =+G26*F26 -> 720000
B27: 7 | C27: KIT DE BIOSEGURIDAD | D27: Caja de tapabocas | E27: unidad | F27: 12 | G27: 25000 | H27: =+G27*F27 -> 300000
D28: Gel antibacterial | E28: unidad | F28: 12 | G28: 20000 | H28: =+G28*F28 -> 240000
D29: Lavamanos provisional | E29: unidad | F29: 2 | G29: 350000 | H29: =+G29*F29 -> 700000
D30: Termometro | E30: unidad | F30: 2 | G30: 150000 | H30: =+G30*F30 -> 300000
B31: TOTAL COSTOS RECURSOS PARA PARA LA IMPLEMENTACION PROGRAMA DE HSST (HIGIENE SEGURIDAD Y SALUD EN EL TRABAJO) | H31: =SUM(H7:H30) -> 9746000
B33: II. | C33: RECURSOS PARA LA IMPLEMENTACION DE PAGA
B34: No | C34: COMPONENTE | D34: ELEMENTOS | E34: UNIDAD | F34: CANTIDAD | G34: VALOR UNITARIO | H34: VALOR TOTAL
B35: 1 | C35: KIT PARA DESPERDICIOS SOLIDOS | D35: Canecas de 65 litros con tapa | E35: unidad | F35: 3 | G35: 30000 | H35: =+G35*F35 -> 90000
D36: Bolsa color negro calibre 2" de 65 cm X 85 cm | E36: unidad | F36: 15 | G36: 1000 | H36: =+G36*F36 -> 15000
D37: Bolsa color rojo calibre 2" de 65 cm X 85 cm | E37: unidad | F37: 15 | G37: 1000 | H37: =+G37*F37 -> 15000
D38: Bolsa color verde calibre 2" de 65 cm X 85 cm | E38: unidad | F38: 15 | G38: 1000 | H38: =+G38*F38 -> 15000
B39: 2 | C39: KIT DE SEÑALIZACION AMBIENTAL (Señales en acrilico de 15 X 15) | D39: Residuos reciclables | E39: unidad | F39: 2 | G39: 10000 | H39: =+G39*F39 -> 20000
D40: Residuos ordinarios | E40: unidad | F40: 2 | G40: 10000 | H40: =+G40*F40 -> 20000
D41: Residuos peligrosos | E41: unidad | F41: 2 | G41: 10000 | H41: =+G41*F41 -> 20000
B42: 3 | C42: LAVADO DE HERRAMIENTAS | D42: Caneca para lavado de herramientas con capacidad para 55 galones, de acero o similar | E42: unidad | F42: 2 | G42: 70000 | H42: =+G42*F42 -> 140000
B43: 4 | C43: CUBRIMIENTO DE MATERIALES NO GRANULARES | D43: Cubrimiento de materiales granulares como bases, sub bases, arena, con plastico calibre 6" de 3 m de ancho x 10m de longitud para 30m2 por frente de obra. | E43: m2 | F43: 100 | G43: 8000 | H43: =+G43*F43 -> 800000
B44: 5 | C44: CUBRIMIENTODE ESCOMBROS | D44: Cubrimiento de escombros con tela verde para cerramiento de 2,10 m de ancho X 15m de longitud para 30m2 por frente de obra. | E44: m2 | F44: 100 | G44: 6000 | H44: =+G44*F44 -> 600000
B45: 6 | C45: KIT DE ASEO DE INFRAESTRUCTURA | D45: Pala con mango | E45: unidad | F45: 2 | G45: 25000 | H45: =+G45*F45 -> 50000
D46: Carretilla (tipo boggy con llanta neumatica) | E46: unidad | F46: 2 | G46: 125000 | H46: =+G46*F46 -> 250000
D47: Cono mínimo de h: 45 cm | E47: unidad | F47: 2 | G47: 30000 | H47: =+G47*F47 -> 60000
D48: Balde Plástico de 25lt | E48: unidad | F48: 10 | G48: =+H48/F48 -> 91737.5 | H48: 917375
D49: Cepillo de casquillo de 37 X 7 | E49: unidad | F49: 2 | G49: 10000 | H49: =+G49*F49 -> 20000
B50: 7 | C50: KIT DE DERRAMES | D50: El kit consta de pala con mango, balde plastico de 25 lt, bolsa roja de calibre, guantes, estopa y aserrín. | E50: unidad | F50: 2 | G50: 60000 | H50: =+G50*F50 -> 120000
B51: 8 | C51: SOCIALIZACION Y DIVULGACION | D51: Capacitaciones a la comunidad, auditorias visibles y volantes informativos | E51: unidad | F51: 3 | G51: 300000 | H51: =+G51*F51 -> 900000
B52: TOTAL COSTOS RECURSOS PARA LA IMPLEMENTACION DEL PMA | H52: =SUM(H35:H51) -> 4052375
B54: II. | C54: RECURSOS PARA LA IMPLEMENTACION DE PLAN DE CALIDAD
B55: No | C55: COMPONENTE | D55: ELEMENTOS | E55: UNIDAD | F55: CANTIDAD | G55: VALOR UNITARIO | H55: VALOR TOTAL
B56: 1 | C56: ENSAYOS A PETREOS | D56: Clasificacion de materiales, Granulometria. | E56: unidad | F56: 2 | G56: 140000 | H56: =+G56*F56 -> 280000
D57: Compactacion proctor modificado | E57: unidad | F57: 8 | G57: 65000 | H57: =+G57*F57 -> 520000
B58: 2 | C58: CERTIFICADOS | D58: RETIE | E58: unidad | F58: 1 | G58: 6000000 | H58: =+G58*F58 -> 6000000
B59: 3 | C59: INFORMES | D59: Generación de informes, impresión de información, adquisición de información, capacitaciones y mantenimiento del plan de implementación de PGIO eje de calidad.Generación de informes, impresión de información, adquisición de información, capacitaciones y mantenimiento del plan de implementación de PGIO eje de calidad. | E59: unidad | F59: 6 | G59: 100000 | H59: =+G59*F59 -> 600000
B62: TOTAL COSTOS RECURSOS PARA LA IMPLEMENTACION DE PLAN DE CALIDAD | H62: =SUM(H56:H61) -> 7400000
B64: COSTO TOTAL IMPLEMENTACIÓN PGIO | H64: =+H52+H31+H62 -> 21198375
C70: Elaboró: Ingeniero Jhon Alvaro Pabon Ramirez | F70: VoBo: Ingeniero Juan Pablo Guzman Martinez
C71: Profesional en presupuestos. | F71: Coordinador de Prespuestos
C76: VoBo: Arquitecta Jocelyn Danna | F76: VoBo: Arquitecto Fredy Enrique Lopez Ramirez
C77: Asesora metodologica | F77: Arquitecto senior

Sheet PPTO_INTER_TIRO_ARCO
B2: PRESUPUESTO INTERVENTORIA ESCENARIO DEPORTIVO TIRO CON ARCO SARA JOSE LOPEZ BUENO
B4: ESTUDIOS Y DISEÑOS PARA LA CONSTRUCCIÓN Y ADECUACIÓN DE LOS ESCENARIOS DEPORTIVOS JUEGOS DEPORTIVOS NACIONALES Y PARANACIONALES 2023
B5: COSTO DE INTERVENTORIA
B7: 1. PERSONAL PROFESIONAL, TECNICO Y ADMINISTRATIVO | C7: DEDICACION | D7: CANTIDAD | E7: MESES | F7: TARIFA MENSUAL | G7: FACTOR MULTIPLICADOR | H7: COSTO TOTAL
B8: =+'SALARIOS '!B15 -> Director de interventoria | C8: 0.5 | D8: 1 | E8: 6 | F8: =+VLOOKUP(B8,'SALARIOS '!$B$7:$E$28,4,FALSE) -> 5574000 | G8: =+FM!$C$38 -> 1.93 | H8: =+F8*E8*D8*C8*G8 -> 32273460
B9: =+'SALARIOS '!B16 -> Ingeniero residente de interventoria - BIM | C9: 1 | D9: 1 | E9: 6 | F9: =+VLOOKUP(B9,'SALARIOS '!$B$7:$E$28,4,FALSE) -> 3602000 | G9: =+FM!$C$38 -> 1.93 | H9: =+F9*E9*D9*C9*G9 -> 41711160
B10: =+'SALARIOS '!B8 -> Asesor en estructuras | C10: 0.2 | D10: 1 | E10: 4 | F10: =+VLOOKUP(B10,'SALARIOS '!$B$7:$E$28,4,FALSE) -> 5328000 | G10: =+FM!$C$79 -> 1.31 | H10: =+F10*E10*D10*C10*G10 -> 5583744
B11: =+'SALARIOS '!B9 -> Asesor hidrosanitario | C11: 0.2 | D11: 1 | E11: 3 | F11: =+VLOOKUP(B11,'SALARIOS '!$B$7:$E$28,4,FALSE) -> 5328000 | G11: =+FM!$C$79 -> 1.31 | H11: =+F11*E11*D11*C11*G11 -> 4187808
B12: =+'SALARIOS '!B10 -> Asesor electrico | C12: 0.2 | D12: 1 | E12: 3 | F12: =+VLOOKUP(B12,'SALARIOS '!$B$7:$E$28,4,FALSE) -> 5328000 | G12: =+FM!$C$79 -> 1.31 | H12: =+F12*E12*D12*C12*G12 -> 4187808
B13: =+'SALARIOS '!B11 -> Asesor ambiental | C13: 0.2 | D13: 1 | E13: 3 | F13: =+VLOOKUP(B13,'SALARIOS '!$B$7:$E$28,4,FALSE) -> 5328000 | G13: =+FM!$C$79 -> 1.31 | H13: =+F13*E13*D13*C13*G13 -> 4187808
B14: =+'SALARIOS '!B13 -> Profesional en salud ocupacional | C14: 0.5 | D14: 1 | E14: 6 | F14: =+VLOOKUP(B14,'SALARIOS '!$B$7:$E$28,4,FALSE) -> 3602000 | G14: =+FM!$C$38 -> 1.93 | H14: =+F14*E14*D14*C14*G14 -> 20855580
B15: =+'SALARIOS '!B14 -> Tecnologo en obras civiles | C15: 1 | D15: 1 | E15: 6 | F15: =+VLOOKUP(B15,'SALARIOS '!$B$7:$E$28,4,FALSE) -> 2373000 | G15: =+FM!$C$38 -> 1.93 | H15: =+F15*E15*D15*C15*G15 -> 27479340
B16: SUBTOTAL PERSONAL PROFESIONAL, TECNICO Y ADMINISTRATIVO | H16: =SUM(H8:H15) -> 140466708
B17: TOTAL COSTOS DE PERSONAL PROFESIONAL, TECNICO Y ADMINISTRATIVO (A) = | H17: =+H16 -> 140466708
B18: 2. DESCRIPCION DE COSTOS INDIRECTOS | C18: UNIDAD | D18: CANTIDAD | E18: MESES | F18: COSTO PARCIAL | G18: COSTO TOTAL
B19: Memoria fotográfica + planos + papelería | C19: Mes | D19: 1 | E19: 3 | F19: 300000 | G19: =+F19*E19*D19 -> 900000
B20: Equipo de topografia | C20: Mes | D20: 1 | E20: 1 | F20: 3000000 | G20: =+F20*E20*D20 -> 3000000
B21: Caracterizacion materiales (Granulometrias y otros) | C21: und | D21: 2 | E21: 1 | F21: 85000 | G21: =F21*E21*D21 -> 170000
B22: Densidades capas granulares | C22: und | D22: 5 | E22: 1 | F22: 65000 | G22: =F22*E22*D22 -> 325000
B23: Rotura de cilindros | C23: und | D23: 24 | E23: 4 | F23: 20000 | G23: =F23*E23*D23 -> 1920000
B24: TOTAL COSTOS INDIRECTOS (B) = | G24: =+SUM(G19:H23) -> 6315000
B26: TOTAL COSTOS DE PERSONAL PROFESIONAL, TECNICO Y ADMINISTRATIVO (A) Y COSTOS INDIRECTOS (B) = | G26: =+H17+G24 -> 146781708
B27: IVA 19 % (C) = | G27: =+G26*0.19 -> 27888525
B28: GASTOS DE LEGALIZACION (D) = | G28: =+H57 -> 10274720
B30: COSTO TOTAL INTERVENTORIA | H30: =+ROUND(G26+G27+G28,0) -> 184944952
B36: Elaboró: Ingeniero Jhon Alvaro Pabon Ramirez | E36: VoBo: Ingeniero Juan Pablo Guzman Martinez
B37: Profesional en presupuestos. | E37: Coordinador de Prespuestos
B42: VoBo: Arquitecta Jocelyn Danna | E42: VoBo: Arquitecto Fredy Enrique Lopez Ramirez
B43: Asesora metodologica | E43: Arquitecto senior
B49: CARGA TRIBUTARIA - CONTRATOS DE CONSULTORIA
B50: DESCUENTOS IMPUESTOS | C50: TARIFA | D50: BASE GRAVABLE CALCULO | H50: VALOR CALCULADO
B51: ESTAMPILLA BIENESTAR ADULTO MAYOR | C51: 3 | D51: VALOR SIN IVA | H51: =($G$26*C51%) -> 4403451.2
B52: ESTAMPILLAS PRO-HOSPITALES | C52: 0 | D52: VALOR SIN IVA | H52: =($G$26*C52%) -> 0
B53: ESTAMPILLA UNIVERSIDAD TECNOLOGICA | C53: 1 | D53: VALOR SIN IVA | H53: =($G$26*C53%) -> 1467817.1
B54: ESTAMPILLA PRODEPORTE Y RECREACION | C54: 0 | D54: VALOR SIN IVA | H54: =($G$26*C54%) -> 0
B55: ESTAMPILLA PRODESAROLLO | C55: 2 | D55: VALOR SIN IVA | H55: =($G$26*C55%) -> 2935634.2
B56: ESTAMPILLA PRO-CULTURA | C56: 1 | D56: VALOR SIN IVA | H56: =($G$26*C56%) -> 1467817.1
B57: Impuestos, tasas y contribuciones | H57: =H51+H52+H53+H54+H55+H56 -> 10274720

Sheet FM
A1: FACTOR MULTIPLICADOR 1 | E1: FACTOR MULTIPLICADOR 2
A2: CALCULO DEL FACTOR MULTIPLICADOR < 10 SMMLV | E2: CALCULO DEL FACTOR MULTIPLICADOR >= 10 SMMLV
A3: ÍTEM | B3: DESCRIPCIÓN | C3: % | E3: ÍTEM | F3: DESCRIPCIÓN | G3: %
A4: A | B4: SALARIO BÁSICO (Nomina Total Mensual) | C4: 100 | E4: A | F4: SALARIO BÁSICO (Nomina Total Mensual) | G4: 100
A5: B | B5: PRESTACIONES SOCIALES | E5: B | F5: PRESTACIONES SOCIALES
B6: Cesantías | C6: 8.333 | F6: Cesantías | G6: 8.333
B7: Intereses de cesantías | C7: 1 | F7: Intereses de cesantías | G7: 1
B8: Prima | C8: 8.333 | F8: Prima | G8: 8.333
B9: Vacaciones | C9: 4.17 | F9: Vacaciones | G9: 4.17
B10: SEGURIDAD SOCIAL | F10: SEGURIDAD SOCIAL
B11: Seguridad Social (Pensión) | C11: 12 | F11: Seguridad Social (Salud) | G11: 8.5
B12: Seguridad Social (Salud) | C12: 8.5 | F12: Seguridad Social (Pensión) | G12: 12
B13: Aseguradora de Riesgos Profesionales | C13: 6.96 | F13: Aseguradora de Riesgos Profesionales | G13: 6.96
B14: OTROS | F14: OTROS
B15: Subsidio de Transporte (permisos, bonificaciones, seguros, etc.) | C15: 0.12 | F15: ICBF | G15: 3
B16: Dotación | C16: 0.6 | F16: SENA | G16: 2
A17: SUBTOTAL B | C17: =C6+C7+C8+C9+C11+C12+C13+C15+C16 -> 50.016 | F17: Subsidio de Transporte (permisos, bonificaciones, seguros, etc.) | G17: 0.12
A18: C | B18: COSTOS INDIRECTOS | C18: % | F18: Dotación | G18: 0.6
B19: GASTOS LEGALES Y DE ADMINISTRACIÓN | E19: SUBTOTAL B | G19: =G6+G7+G8+G9+G11+G12+G13+G15+G16+G17+G18 -> 55.016
B20: Arriendos de oficina, administración y servicios públicos | C20: 6 | E20: C | F20: COSTOS INDIRECTOS | G20: %
B21: Útiles, papelería oficina consultor | C21: 3 | F21: GASTOS LEGALES Y DE ADMINISTRACIÓN
B22: Personal administrativo | C22: 5 | F22: Arriendos de oficina, administración y servicios públicos | G22: 6
B23: Personal profesional no facturado | C23: 3 | F23: Útiles, papelería oficina consultor | G23: 3
B24: Comunicaciones | C24: 1 | F24: Personal administrativo | G24: 5
B25: Asesoría legal, tributaria y medica | C25: 2 | F25: Personal profesional no facturado | G25: 3
B26: Gastos de representación | C26: 1 | F26: Comunicaciones | G26: 1
B27: Gastos e intereses bancarios por financiación | C27: 1 | F27: Asesoría legal, tributaria y medica | G27: 3
B28: Equipos y mantenimiento de oficina | C28: 1 | F28: Gastos de representación | G28: 1
B29: Seguros de oficina del consultor | C29: 1 | F29: Gastos e intereses bancarios por financiación | G29: 1
A30: SUBTOTAL C | C30: =SUM(C20:C29) -> 24 | F30: Equipos y mantenimiento de oficina | G30: 1
A31: D | B31: GASTOS DE PERFECCIONAMIENTO | F31: Seguros de oficina del consultor | G31: 1
B32: Póliza de calidad | C32: 0.531 | E32: SUBTOTAL C | G32: =SUM(G22:G31) -> 25
B33: Retefuente | E33: D | F33: GASTOS DE PERFECCIONAMIENTO
B34: Rete IVA | F34: Póliza de calidad | G34: 0.531
B35: Póliza de cumplimiento | C35: 0.995 | F35: Retefuente
A36: SUBTOTAL D | C36: =SUM(C32:C35) -> 1.526 | F36: Rete IVA
A37: E | B37: HONORARIOS (UTILIDADES) 10% de (A+B+C+D) | C37: =+(C4+C17+C30+C36)*0.1 -> 17.5542 | F37: Póliza de cumplimiento | G37: 0.995
B38: FACTOR MULTIPLICADOR = ( A + B + C + D ) / 100 | C38: =+ROUND((C37+C36+C30+C17+C4)/100,2) -> 1.93 | E38: SUBTOTAL D | G38: =SUM(G34:G37) -> 1.526
E39: E | F39: HONORARIOS (UTILIDADES) 10% de (A+B+C+D) | G39: =+(G4+G19+G32+G38)*0.1 -> 18.1542
F40: FACTOR MULTIPLICADOR = ( A + B + C + D ) / 100 | G40: =ROUND((G39+G38+G32+G19+G4)/100,2) -> 2
E42: Nota: Elaboración propia Referencia. PricewaterhouseCoopers & Cámara de Comercio de Infraestructura de Colombia. Benchmarking de salarios, tarifas de consultoría y calculo del factor multiplicador del sector.
A43: FACTOR MULTIPLICADOR 3
A44: CALCULO DEL FACTOR MULTIPLICADOR < 10 SMMLV
A45: ÍTEM | B45: DESCRIPCIÓN | C45: %
A46: A | B46: SALARIO BÁSICO (Nomina Total Mensual) | C46: 100
A47: B | B47: PRESTACIONES SOCIALES
B48: Cesantías
B49: Intereses de cesantías
B50: Prima
B51: Vacaciones
B52: SEGURIDAD SOCIAL
B53: Seguridad Social (Pensión)
B54: Aseguradora de Riesgos Profesionales | C54: 6.96
B55: OTROS
B56: Subsidio de Transporte (permisos, bonificaciones, seguros, etc.)
B57: Dotación
A58: SUBTOTAL B | C58: =C48+C49+C50+C51+C53+C54+C56+C57 -> 6.96
A59: C | B59: COSTOS INDIRECTOS | C59: %
B60: GASTOS LEGALES Y DE ADMINISTRACIÓN
B61: Arriendos de oficina, administración y servicios públicos
B62: Útiles, papelería oficina consultor
B63: Personal administrativo | C63: 5
B64: Personal profesional no facturado | C64: 3
B65: Comunicaciones
B66: Asesoría legal, tributaria y medica | C66: 2
B67: Gastos de representación | C67: 1
B68: Gastos e intereses bancarios por financiación
B69: Equipos y mantenimiento de oficina
B70: Seguros de oficina del consultor | C70: 0
A71: SUBTOTAL C | C71: =SUM(C61:C70) -> 11
A72: D | B72: GASTOS DE PERFECCIONAMIENTO
B73: Póliza de calidad | C73: 0.531
B74: Retefuente
B75: Rete IVA
B76: Póliza de cumplimiento | C76: 0.995
A77: SUBTOTAL D | C77: =SUM(C73:C76) -> 1.526
A78: E | B78: HONORARIOS (UTILIDADES) 10% de (A+B+C+D) | C78: =+(C46+C58+C71+C77)*0.1 -> 11.9486
B79: FACTOR MULTIPLICADOR = ( A + B + C + D ) / 100 | C79: =+ROUND((C78+C77+C71+C58+C46)/100,2) -> 1.31

Sheet AIU 
B2: CALCULO DEL A. I. U.
B3: LICITACIÓN PUBLICA
B4: 1.- | C4: CALCULO DE LA ADMINISTRACION : A
B5: 1.1.- | C5: MANEJO ADMINISTRATIVO MENSUAL
B7: PLAZO DEL CONTRATO: | G7: 180 | H7: DIAS
B8: COSTO DIRECTO OBRA : | G8: =+PPTO_TIRO_CON_ARCO!J183 -> 1500461471 | H8: MCTE
B10: DESCRIPCION | D10: SUELDO MES | E10: F.P | F10: CANT | G10: DEDICACION | H10: DURACION | I10: VALOR TOTAL | J10: PORCENTAJE %
B11: PERSONAL TECNICO Y ADM: (Incluye Prestaciones Soc.)
B12: Director de obra | D12: =+VLOOKUP(B12,'SALARIOS '!$B$6:$F$27,4,FALSE) -> 5574000 | E12: =1+'MANO DE OBRA'!$D$28 -> 1.6879 | F12: 1 | G12: 0.5 | H12: 6 | I12: =H12*G12*F12*D12*E12 -> 28225064 | J12: =ROUND(I12/G$8,4) -> 0.0188
B13: =+'SALARIOS '!B7 -> Ingeniero residente de obra -BIM | D13: =+VLOOKUP(B13,'SALARIOS '!$B$6:$F$27,4,FALSE) -> 3602000 | E13: =1+'MANO DE OBRA'!$D$28 -> 1.6879 | F13: 1 | G13: 1 | H13: 6 | I13: =H13*G13*F13*D13*E13 -> 36478895 | J13: =ROUND(I13/G$8,4) -> 0.0243
B14: =+'SALARIOS '!B8 -> Asesor en estructuras | D14: =+VLOOKUP(B14,'SALARIOS '!$B$6:$F$27,4,FALSE) -> 5328000 | E14: 1 | F14: 1 | G14: 0.2 | H14: 5 | I14: =H14*G14*F14*D14*E14 -> 5328000 | J14: =ROUND(I14/G$8,4) -> 0.0036
B15: =+'SALARIOS '!B9 -> Asesor hidrosanitario | D15: =+VLOOKUP(B15,'SALARIOS '!$B$6:$F$27,4,FALSE) -> 5328000 | E15: 1 | F15: 1 | G15: 0.2 | H15: 3 | I15: =H15*G15*F15*D15*E15 -> 3196800 | J15: =ROUND(I15/G$8,4) -> 0.0021
B16: =+'SALARIOS '!B10 -> Asesor electrico | D16: =+VLOOKUP(B16,'SALARIOS '!$B$6:$F$27,4,FALSE) -> 5328000 | E16: 1 | F16: 1 | G16: 0.2 | H16: 3 | I16: =H16*G16*F16*D16*E16 -> 3196800 | J16: =ROUND(I16/G$8,4) -> 0.0021
B17: =+'SALARIOS '!B11 -> Asesor ambiental | D17: =+VLOOKUP(B17,'SALARIOS '!$B$6:$F$27,4,FALSE) -> 5328000 | E17: 1 | F17: 1 | G17: 0.2 | H17: 3 | I17: =H17*G17*F17*D17*E17 -> 3196800 | J17: =ROUND(I17/G$8,4) -> 0.0021
B18: =+'SALARIOS '!B12 -> Trabajadora social | D18: =+VLOOKUP(B18,'SALARIOS '!$B$6:$F$27,4,FALSE) -> 3602000 | E18: 1 | F18: 1 | G18: 0.3 | H18: 6 | I18: =H18*G18*F18*D18*E18 -> 6483600 | J18: =ROUND(I18/G$8,4) -> 0.0043
B19: =+'SALARIOS '!B13 -> Profesional en salud ocupacional | D19: =+VLOOKUP(B19,'SALARIOS '!$B$6:$F$27,4,FALSE) -> 3602000 | E19: =1+'MANO DE OBRA'!$D$28 -> 1.6879 | F19: 1 | G19: 1 | H19: 6 | I19: =H19*G19*F19*D19*E19 -> 36478895 | J19: =ROUND(I19/G$8,4) -> 0.0243
B20: =+'SALARIOS '!B14 -> Tecnologo en obras civiles | D20: =+VLOOKUP(B20,'SALARIOS '!$B$6:$F$27,4,FALSE) -> 2373000 | E20: =1+'MANO DE OBRA'!$D$28 -> 1.6879 | F20: 1 | G20: 1 | H20: 6 | I20: =H20*G20*F20*D20*E20 -> 24032320 | J20: =ROUND(I20/G$8,4) -> 0.016
B21: =+'SALARIOS '!B17 -> Contador Publico | D21: =+VLOOKUP(B21,'SALARIOS '!$B$6:$F$27,4,FALSE) -> 3602000 | E21: 1 | F21: 1 | G21: 0.2 | H21: 2 | I21: =H21*G21*F21*D21*E21 -> 1440800 | J21: =ROUND(I21/G$8,4) -> 0.001
B22: =+'SALARIOS '!B18 -> Almacenista | D22: =+VLOOKUP(B22,'SALARIOS '!$B$6:$F$27,4,FALSE) -> 1520000 | E22: =1+'MANO DE OBRA'!$C$28 -> 1.825072 | F22: 1 | G22: 1 | H22: 6 | I22: =H22*G22*F22*D22*E22 -> 16644657 | J22: =ROUND(I22/G$8,4) -> 0.0111
B23: =+'SALARIOS '!B19 -> Secretaria | D23: =+VLOOKUP(B23,'SALARIOS '!$B$6:$F$27,4,FALSE) -> 1520000 | E23: =1+'MANO DE OBRA'!$C$28 -> 1.825072 | F23: 1 | G23: 1 | H23: 6 | I23: =H23*G23*F23*D23*E23 -> 16644657 | J23: =ROUND(I23/G$8,4) -> 0.0111
B24: Subtotal Mensual Personal técnico y administrativo: | I24: =SUM(I12:I23) -> 1.8134729e+08 | J24: =SUM(J12:J23) -> 0.1208
B26: OFICINA, PAPELERIA Y OTROS:
B27: Papelería, informes y Planos | E27: MES | F27: 2 | G27: 1 | H27: 150000 | I27: =H27*G27*F27 -> 300000 | J27: =ROUND(I27/G$8,4) -> 0.0002
B28: Servicios de comunicación | E28: MES | F28: 1 | G28: 1 | H28: 150000 | I28: =H28*G28*F28 -> 150000 | J28: =ROUND(I28/G$8,4) -> 0.0001
B29: Equipos de oficina | E29: MES | F29: 1 | G29: 1 | H29: 150000 | I29: =H29*G29*F29 -> 150000 | J29: =ROUND(I29/G$8,4) -> 0.0001
B30: Valla de identificación de obra área tamaño de 6m x 3m, colocada en cerchas metálica, incluye mantenimiento durante la construcción | E30: UND | F30: 1 | G30: 1 | H30: 550000 | I30: =H30*G30*F30 -> 550000 | J30: =ROUND(I30/G$8,4) -> 0.0004
B31: Campamento, incluye teja de zinc, piso en afirmado , tabla. | E31: UND | F31: 1 | G31: 1 | H31: 7550000 | I31: =H31*G31*F31 -> 7550000 | J31: =ROUND(I31/G$8,4) -> 0.005
B32: Suministro de red provisional de energia 110 - 220v | E32: MES | F32: 1 | G32: 6 | H32: 150000 | I32: =H32*G32*F32 -> 900000 | J32: =ROUND(I32/G$8,4) -> 0.0006
B33: Suministro de red provisional de agua y alcantarillado | E33: MES | F33: 1 | G33: 6 | H33: 150000 | I33: =H33*G33*F33 -> 900000 | J33: =ROUND(I33/G$8,4) -> 0.0006
B34: Alquiler de baño portátil (3 aseos semanales) | E34: UND/MES | F34: 12 | G34: 6 | H34: 150000 | I34: =H34*G34*F34 -> 10800000 | J34: =ROUND(I34/G$8,4) -> 0.0072
B35: Subtotal Mensual oficina , papeleria y otros: | I35: =SUM(I27:I34) -> 21300000 | J35: =SUM(J27:J34) -> 0.0142
B37: 1.2.- | C37: POR LEGALIZACION DEL CONTRATO
C39: Pólizas (0.65% del V.P.) | I39: 0.0065
H40: Total Legalización del Contrato: | I40: =SUM(I39:I39) -> 0.0065
B42: 1.3.- | C42: DESCUENTOS EN LAS CUENTAS DE COBRO
C44: =+CONCATENATE("Impuesto de contribucion especial ",I44*100,"%") -> Impuesto de contribucion especial 5% | I44: 0.05
C45: =+CONCATENATE("Por Estampilla Pro-deporte ",I45*100,"%") -> Por Estampilla Pro-deporte 2% | I45: 0.02
C46: =+CONCATENATE("Por Estampilla Pro-UTP ",I46*100,"%") -> Por Estampilla Pro-UTP 1% | I46: 0.01
C47: =+CONCATENATE("Por Estampilla Pro-cultura ",I47*100,"%") -> Por Estampilla Pro-cultura 1,5% | I47: 0.015
C48: =+CONCATENATE("Por Estampilla Pro-Adulto mayor ",I48*100,"%") -> Por Estampilla Pro-Adulto mayor 2% | I48: 0.02
C49: Por Retencion en la fuente2% | I49: 0.02
G51: Total Descuentos | I51: =SUM(I44:I49) -> 0.135
C53: RESUMEN DEL CALCULO DEL FACTOR DE ADMINISTRACION: A | I53: %
C54: MANEJO ADMINISTRATIVO MENSUAL PERSONAL TECNICO Y ADMINISTRATIVO | I54: =+J24 -> 0.1208
C55: MANEJO ADMINISTRATIVO MENSUAL OFICINA, PAPELERIA Y OTROS | I55: =+J35 -> 0.0142
C56: POR LEGALIZACION DEL CONTRATO | I56: =+I40 -> 0.0065
C57: DESCUENTOS POR IMPUESTOS DE LEY | I57: =+I51 -> 0.135
C58: VALOR TOTAL DE LA ADMINISTRACION | I58: =SUM(I54:I57) -> 0.2765
B60: 2.- | C60: CALCULO DE IMPREVISTOS : I
C61: =+CONCATENATE("Se asigna un valor a los imprevistos del ",I68*100,"% que de acuerdo con la experiencia obtenida en esta clase de obras puede cubrir este factor de riesgo") -> Se asigna un valor a los imprevistos del 1% que de acuerdo con la experiencia obtenida en esta clase de obras puede cubrir este factor de riesgo
B63: 3.- | C63: CALCULO DE LA UTILIDAD : U
C64: =+CONCATENATE("Se asigna un valor a la utilidad del ",I69*100,"% con el cual se consideran satisfechas las normales pretenciones del contratista en el desarrollo de la actividad.") -> Se asigna un valor a la utilidad del 5% con el cual se consideran satisfechas las normales pretenciones del contratista en el desarrollo de la actividad.
C66: RESUMEN DEL CALCULO DEL A. I. U. | I66: %
C67: Por Administración : A | I67: =+I58 -> 0.2765
C68: Por Imprevistos : I | I68: 0.01
C69: Por Utilidades : U | I69: 0.05
C70: VALOR TOTAL DE LA ADMINISTRACION | I70: =SUM(I67:I69) -> 0.3365
B74: Elaboró: Ingeniero Jhon Alvaro Pabon Ramirez | G74: VoBo: Ingeniero Juan Pablo Guzman Martinez
B75: Profesional en presupuestos. | G75: Coordinador de Prespuestos
B78: VoBo: Arquitecta Jocelyn Danna | G78: VoBo: Arquitecto Fredy Enrique Lopez Ramirez
B79: Asesora metodologica | G79: Arquitecto senior

Sheet PPTO_TIRO_CON_ARCO
E1: PRESUPUESTO OBRA ESCENARIO DEPORTIVO TIRO CON ARCO SARA JOSE LOPEZ BUENO
E3: ESTUDIOS Y DISEÑOS PARA LA CONSTRUCCIÓN Y ADECUACIÓN DE LOS ESCENARIOS DEPORTIVOS JUEGOS DEPORTIVOS NACIONALES Y PARANACIONALES 2023
A5: FINAL | B5: MATERFORMAT | E5: 1 | F5: PRELIMINARES | G5: UNIDAD | H5: CANTIDAD | I5: VALOR UNITARIO | J5: VALOR TOTAL | L5: PORCENTAJE DIRECTO
A6: =+CONCATENATE(B6,"_",E6) -> 00 31 13_JDN2023-TA-01-001 | B6: 00 31 13 | E6: JDN2023-TA-01-001 | F6: =+'1'!B4 -> Localización y replanteo | G6: =+'1'!H5 -> m2 | H6: 1100 | I6: =+'1'!D5 -> 1637 | J6: =+ROUND(H6*I6,0) -> 1800700 | L6: =+J6/$J$190 -> 0.00089794049
A7: =+CONCATENATE(B7,"_",E7) -> 00 31 13_JDN2023-TA-01-002 | B7: 00 31 13 | E7: JDN2023-TA-01-002 | F7: =+'1'!B51 -> Suministro e instalacion de tela de cerramiento h= 2.0 m | G7: =+'1'!H52 -> m | H7: 248.88 | I7: =+'1'!D52 -> 4147 | J7: =+ROUND(H7*I7,0) -> 1032105 | L7: =+J7/$J$190 -> 0.00051467144
A8: =+CONCATENATE(B8,"_",E8) -> 31 13 00_JDN2023-TA-01-003 | B8: 31 13 00 | E8: JDN2023-TA-01-003 | F8: =+'1'!B95 -> Poda + tala árbol grande H=6-9 m, Incluye raices y retiro de sobrante. | G8: =+'1'!H96 -> UND | H8: 1 | I8: =+'1'!D96 -> 441524 | J8: =+ROUND(H8*I8,0) -> 441524 | L8: =+J8/$J$190 -> 0.0002201712 | N8: 60.55
A9: =+CONCATENATE(B9,"_",E9) -> 03 11 26_JDN2023-TA-01-004 | B9: 03 11 26 | E9: JDN2023-TA-01-004 | F9: =+'1'!B132 -> Nivelación terreno con material del sitio | G9: =+'1'!H133 -> m2 | H9: 967.84 | I9: =+'1'!D133 -> 4336 | J9: =+ROUND(H9*I9,0) -> 4196554 | L9: =+J9/$J$190 -> 0.0020926616 | N9: =+I11*N8 -> 10332676
A10: =+CONCATENATE(B10,"_",E10) -> 00 31 13_JDN2023-TA-01-005 | B10: 00 31 13 | E10: JDN2023-TA-01-005 | F10: =+'1'!B168 -> Cargue de material manual | G10: =+'1'!H169 -> m3 | H10: 46.95 | I10: =+'1'!D169 -> 27213 | J10: =+ROUND(H10*I10,0) -> 1277650 | L10: =+J10/$J$190 -> 0.00063711538
A11: =+CONCATENATE(B11,"_",E11) -> 01 56 33_JDN2023-TA-01-006 | B11: 01 56 33 | E11: JDN2023-TA-01-006 | F11: =+'1'!B203 -> Cerramiento en tubería galvanizada de 1 1/2" @ 2 m, con malla eslabonada galvanizada calibre 13 ojo de 2", incluye viga de cimentación 0,30 x 0,30 m en concreto de 20,7 Mpa incluye refuerzo, y 3 hilos de alambre de puas C14. . | G11: =+'1'!H204 -> m | H11: 151.06 | I11: =+'1'!D204 -> 170647 | J11: =+ROUND(H11*I11,0) -> 25777936 | L11: =+J11/$J$190 -> 0.012854475 | M11: 159.68 | N11: =104000*H11 -> 15710240
E12: JDN2023-TA-01-007 | F12: =+'1'!B246 -> Empradizacion | G12: =+'1'!H247 -> m2 | H12: 200 | I12: =+'1'!D247 -> 8075 | J12: =+ROUND(H12*I12,0) -> 1615000 | L12: =+J12/$J$190 -> 0.00080533897
A13: =+CONCATENATE(B13,"_",E13) -> 00 31 13_JDN2023-TA-01-008 | B13: 00 31 13 | E13: JDN2023-TA-01-008 | F13: =+'1'!B282 -> Aseo de obra | G13: =+'1'!H283 -> UND | H13: 1 | I13: =+'1'!D283 -> 777345 | J13: =+ROUND(H13*I13,0) -> 777345 | L13: =+J13/$J$190 -> 0.00038763234 | N13: =+J11-N11 -> 10067696
G14: =+CONCATENATE("SUBTOTAL"," ",F5) -> SUBTOTAL PRELIMINARES | J14: =+SUM(J6:J13) -> 36918814 | L14: =+J14/$J$190 -> 0.018410006
E16: 2 | F16: DESMONTES Y DEMOLICIONES | G16: UNIDAD | H16: CANTIDAD | I16: VALOR UNITARIO | J16: VALOR TOTAL
A17: =+CONCATENATE(B17,"_",E17) -> 02 41 00_JDN2023-TA-02-001 | B17: 02 41 00 | E17: JDN2023-TA-02-001 | F17: =+'2'!B4 -> Desmonte aparatos sanitarios, con recuperación de ellos | G17: =+'2'!H5 -> UND | H17: 4 | I17: =+'2'!D5 -> 24638 | J17: =+ROUND(H17*I17,0) -> 98552 | L17: =+J17/$J$190 -> 4.9144128e-05
A18: =+CONCATENATE(B18,"_",E18) -> 02 41 00_JDN2023-TA-02-002 | B18: 02 41 00 | E18: JDN2023-TA-02-002 | F18: =+'2'!B40 -> Demolición de losa sobre terreno | G18: =+'2'!H41 -> m2 | H18: =161+36 -> 197 | I18: =+'2'!D41 -> 11663 | J18: =+ROUND(H18*I18,0) -> 2297611 | L18: =+J18/$J$190 -> 0.0011457311
A19: =+CONCATENATE(B19,"_",E19) -> 31 20 00_JDN2023-TA-02-003 | B19: 31 20 00 | E19: JDN2023-TA-02-003 | F19: =+'2'!B76 -> Cargue mecánico de material | G19: =+'2'!H77 -> m3 | H19: =+H18*1.2*0.1 -> 23.64 | I19: =+'2'!D77 -> 3075 | J19: =+ROUND(H19*I19,0) -> 72693 | L19: =+J19/$J$190 -> 3.624923e-05
A20: =+CONCATENATE(B20,"_",E20) -> 10 22 19_JDN2023-TA-02-004 | B20: 10 22 19 | E20: JDN2023-TA-02-004 | F20: =+'2'!B111 -> Desmonte de cubierta existente h< 3 m | G20: =+'2'!H112 -> m2 | H20: 89.77 | I20: =+'2'!D112 -> 7586 | J20: =+ROUND(H20*I20,0) -> 680995 | L20: =+J20/$J$190 -> 0.00033958626
A21: =+CONCATENATE(B21,"_",E21) -> 10 22 19_JDN2023-TA-02-005 | B21: 10 22 19 | E21: JDN2023-TA-02-005 | F21: =+'2'!B149 -> Desmonte de estructura metalica | G21: =+'2'!H150 -> Kg | H21: 1590 | I21: =+'2'!D150 -> 3574 | J21: =+ROUND(H21*I21,0) -> 5682660 | L21: =+J21/$J$190 -> 0.002833726
E22: JDN2023-TA-02-006 | F22: =+'2'!B185 -> Desmonte malla eslabonada | G22: =+'2'!H186 -> m2 | H22: =(99.8+66.06)*2 -> 331.72 | I22: =+'2'!D186 -> 6314 | J22: =+ROUND(H22*I22,0) -> 2094480 | L22: =+J22/$J$190 -> 0.0010444374
E23: JDN2023-TA-02-007 | F23: =+'2'!B221 -> Demolicion de muro en soga, incluye pisamalla, columneta y desmonte de poste galvanizado. | G23: =+'2'!H222 -> m2 | H23: =99.8*0.5 -> 49.9 | I23: =+'2'!D222 -> 17671 | J23: =+ROUND(H23*I23,0) -> 881783 | L23: =+J23/$J$190 -> 0.00043971159
G24: =+CONCATENATE("SUBTOTAL"," ",F16) -> SUBTOTAL DESMONTES Y DEMOLICIONES | J24: =+SUM(J17:J23) -> 11808774 | L24: =+J24/$J$190 -> 0.0058885857
E26: 3 | F26: EXCAVACIONES Y LLENOS | G26: UNIDAD | H26: CANTIDAD | I26: VALOR UNITARIO | J26: VALOR TOTAL
A27: =+CONCATENATE(B27,"_",E27) -> 31 23 16_JDN2023-TA-03-001 | B27: 31 23 16 | E27: JDN2023-TA-03-001 | F27: =+'3'!B3 -> Excavación en material común seco de 0 - 2 m manual | G27: =+'3'!H4 -> m3 | H27: 187.09 | I27: =+'3'!D4 -> 33111 | J27: =++ROUND(H27*I27,0) -> 6194737 | L27: =+J27/$J$190 -> 0.0030890793
E28: JDN2023-TA-03-002 | F28: =+'3'!B40 -> Retiro de material sobrante (distancia 1 a 15 Km) | G28: =+'3'!H41 -> m3 | H28: 132.58 | I28: =+'3'!D41 -> 34973 | J28: =++ROUND(H28*I28,0) -> 4636720 | L28: =+J28/$J$190 -> 0.0023121556
A29: =+CONCATENATE(B29,"_",E29) -> 31 23 16_JDN2023-TA-03-003 | B29: 31 23 16 | E29: JDN2023-TA-03-003 | F29: =+'3'!B75 -> Excavación material común abierto manual | G29: =+'3'!H76 -> m2 | H29: =31.3*1.5*1 -> 46.95 | I29: =+'3'!D76 -> 39262 | J29: =++ROUND(H29*I29,0) -> 1843351 | L29: =+J29/$J$190 -> 0.00091920891 | N29: =187.09/2 -> 93.545
E30: JDN2023-TA-03-004 | F30: =+'3'!B112 -> Lleno compactado con afirmado incluye transporte | G30: =+'3'!H113 -> m3 | H30: 38.36 | I30: =+'3'!D113 -> 75740 | J30: =++ROUND(H30*I30,0) -> 2905386
A31: =+CONCATENATE(B31,"_",E31) -> 31 23 23_JDN2023-TA-03-005 | B31: 31 23 23 | E31: JDN2023-TA-03-005 | F31: =+'3'!B151 -> Lleno compactado con material del sitio manual | G31: =+'3'!H152 -> m3 | H31: 93.5 | I31: =+'3'!D152 -> 27222 | J31: =++ROUND(H31*I31,0) -> 2545257 | L31: =+J31/$J$190 -> 0.0012692227
A32: =+CONCATENATE(B32,"_",E32) -> 31 23 23_JDN2023-TA-03-006 | B32: 31 23 23 | E32: JDN2023-TA-03-006 | F32: =+'3'!B189 -> Lleno compactado manual con material transportado | G32: =+'3'!H190 -> m3 | H32: 93.5 | I32: =+'3'!D190 -> 71029 | J32: =++ROUND(H32*I32,0) -> 6641212 | L32: =+J32/$J$190 -> 0.0033117194
G33: =+CONCATENATE("SUBTOTAL"," ",F26) -> SUBTOTAL EXCAVACIONES Y LLENOS | J33: =+SUM(J27:J32) -> 24766663 | L33: =+J33/$J$190 -> 0.012350191
E35: 4 | F35: CONCRETOS | G35: UNIDAD | H35: CANTIDAD | I35: VALOR UNITARIO | J35: VALOR TOTAL
E36: JDN2023-TA-04-001 | F36: =+'4'!B4 -> Solado en concreto de 10,3 Mpa | G36: =+'4'!H5 -> m3 | H36: 5.35 | I36: =+'4'!D5 -> 352744 | J36: =++ROUND(H36*I36,0) -> 1887180 | L36: =+J36/$J$190 -> 0.00094106477
A37: =+CONCATENATE(B37,"_",E37) -> 03 06 30 13_JDN2023-TA-04-002 | B37: 03 06 30 13 | E37: JDN2023-TA-04-002 | F37: =+'4'!B41 -> Placa de contrapiso en concreto premezclado de 27,6 Mpa ( 4000 psi) e = 0,10 m, no incluye malla electrosoldada | G37: =+'4'!H42 -> m2 | H37: 366.34 | I37: =+'4'!D42 -> 76612 | J37: =++ROUND(H37*I37,0) -> 28066040 | L37: =+J37/$J$190 -> 0.013995465 | M37: 366.33
A38: =+CONCATENATE(B38,"_",E38) -> 03 11 13_JDN2023-TA-04-003 | B38: 03 11 13 | E38: JDN2023-TA-04-003 | F38: =+'4'!B81 -> Zapatas en concreto premezclado de 27,6 Mpa (4000 PSI), no incluye refuerzo | G38: =+'4'!H82 -> m3 | H38: 53.55 | I38: =+'4'!D82 -> 777724 | J38: =++ROUND(H38*I38,0) -> 41647120 | L38: =+J38/$J$190 -> 0.020767832 | M38: 53.55
A39: =+CONCATENATE(B39,"_",E39) -> 03 06 30 26_JDN2023-TA-04-004 | B39: 03 06 30 26 | E39: JDN2023-TA-04-004 | F39: =+'4'!B124 -> Viga de enlace de zapatas en concreto premezclado de 27,6 Mpa (4000 PSI), no incluye refuerzo | G39: =+'4'!H125 -> m3 | H39: 18.75 | I39: =+'4'!D125 -> 793957 | J39: =++ROUND(H39*I39,0) -> 14886694 | L39: =+J39/$J$190 -> 0.0074234271
A40: =+CONCATENATE(B40,"_",E40) -> 03 06 30 16_JDN2023-TA-04-005 | B40: 03 06 30 16 | E40: JDN2023-TA-04-005 | F40: =+'4'!B167 -> Columna en concreto premezclado de 27,6 Mpa (4000 PSI) a la vista , no incluye refuerzo | G40: =+'4'!H168 -> m3 | H40: 45.71 | I40: =+'4'!D168 -> 1057958 | J40: =++ROUND(H40*I40,0) -> 48359260 | L40: =+J40/$J$190 -> 0.024114921 | M40: º
A41: =+CONCATENATE(B41,"_",E41) -> 03 48 19_JDN2023-TA-04-006 | B41: 03 48 19 | E41: JDN2023-TA-04-006 | F41: =+'4'!B214 -> Escalera en espina de pescado en perlin de 2P 10-11con huellas en perlin P12-12 abierto con concreto de 20.7 Mpa (3000 psi) de 8 cm, incluye Platinas de soporte para pasos, anticorrosivo y pintura. | G41: =+'4'!H215 -> m | H41: 25.44 | I41: =+'4'!D215 -> 687495 | J41: =++ROUND(H41*I41,0) -> 17489873 | L41: =+J41/$J$190 -> 0.0087215333
A42: =+CONCATENATE(B42,"_",E42) -> 03 06 30 19_JDN2023-TA-04-007 | B42: 03 06 30 19 | E42: JDN2023-TA-04-007 | F42: =+'4'!B260 -> Placa con lamina colaborante cal 22 en concreto premezclado de 27,6 Mpa (4000 PSI) laterales a la vista, e = 0,10 m, incluye Malla electrosoldada | G42: =+'4'!H261 -> m2 | H42: 472.6 | I42: =+'4'!D261 -> 151596 | J42: =++ROUND(H42*I42,0) -> 71644270 | L42: =+J42/$J$190 -> 0.035726268 | M42: 475.31
A43: =+CONCATENATE(B43,"_",E43) -> 03 06 30 26_JDN2023-TA-04-008 | B43: 03 06 30 26 | E43: JDN2023-TA-04-008 | F43: =+'4'!B302 -> Viga aérea en concreto premezclado de 27,6 Mpa (4000 PSI) a la vista, no incluye refuerzo | G43: =+'4'!H303 -> m3 | H43: 125.5 | I43: =+'4'!D303 -> 1387044 | J43: =++ROUND(H43*I43,0) -> 174074022 | L43: =+J43/$J$190 -> 0.086804083
A44: =+CONCATENATE(B44,"_",E44) -> 03 33 00_JDN2023-TA-04-009 | B44: 03 33 00 | E44: JDN2023-TA-04-009 | F44: =+'4'!B349 -> Alfajía en concreto de 20,7 Mpa para remate de muro, incluye refuerzo | G44: =+'4'!H350 -> m | H44: 167.07 | I44: =+'4'!D350 -> 124761 | J44: =++ROUND(H44*I44,0) -> 20843820 | L44: =+J44/$J$190 -> 0.010394019
A45: =+CONCATENATE(B45,"_",E45) -> 03 30 53_JDN2023-TA-04-010 | B45: 03 30 53 | E45: JDN2023-TA-04-010 | F45: =+'4'!B393 -> Rampa en concreto de 20,7 Mpa (3000 PSI) e = 0,10 m | G45: =+'4'!H394 -> m2 | H45: 11.2 | I45: =+'4'!D394 -> 72102 | J45: =++ROUND(H45*I45,0) -> 807542 | L45: =+J45/$J$190 -> 0.00040269043
A46: =+CONCATENATE(B46,"_",E46) -> 03 35 43_JDN2023-TA-04-011 | B46: 03 35 43 | E46: JDN2023-TA-04-011 | F46: =+'4'!B434 -> Piso con endurecedor de Quarzo para trafico mediano 4 Kg/m2, allanado mecanicamente pulido, brillado y sellado, Incluye corte y sello de juntas. | G46: =+'4'!H435 -> m2 | H46: 472.62 | I46: =+'4'!D435 -> 42629 | J46: =++ROUND(H46*I46,0) -> 20147318 | L46: =+J46/$J$190 -> 0.0100467 | M46: 503.83
A47: =+CONCATENATE(B47,"_",E47) -> 32 32 00_JDN2023-TA-04-012 | B47: 32 32 00 | E47: JDN2023-TA-04-012 | F47: =+'4'!B475 -> Muro de contención en concreto premezclado baja permeabilidad de 27,6 Mpa ( 4000 psi) a la vista cara interna , no incluye refuerzo | G47: =+'4'!H476 -> m3 | H47: 27.84 | I47: =+'4'!D476 -> 770893 | J47: =++ROUND(H47*I47,0) -> 21461661 | L47: =+J47/$J$190 -> 0.010702113
A48: =+CONCATENATE(B48,"_",E48) -> 34 32 00_JDN2023-TA-04-013 | B48: 34 32 00 | E48: JDN2023-TA-04-013 | F48: =+'4'!B521 -> Placa de piso para tanque de almacenamiento en concreto premezclado baja permeabilidad de 27,6 Mpa ( 4000 psi) a la vista cara superior, e = 0,25 m, no incluye refuerzo | G48: =+'4'!H522 -> m2 | H48: 13 | I48: =+'4'!D522 -> 145613 | J48: =++ROUND(H48*I48,0) -> 1892969 | L48: =+J48/$J$190 -> 0.00094395152 | M48: 13
E49: JDN2023-TA-04-014 | F49: =+'4'!B561 -> Placa maciza en concreto premezclado baja permeabilidad de 27,6 Mpa ( 4000 psi) a la vista, e = 0,20 m impermeabilizado, no incluye refuerzo | G49: =+'4'!H562 -> m2 | H49: 13 | I49: =+'4'!D562 -> 134588 | J49: =++ROUND(H49*I49,0) -> 1749644 | L49: =+J49/$J$190 -> 0.0008724808 | M49: 13
E50: JDN2023-TA-04-015 | F50: =+'4'!B602 -> Columna circular en concreto de 27,6 Mpa (4000 psi) a la vista, diametro = 0,127 m, no incluye refuerzo | G50: =+'4'!H603 -> m | H50: =3.15*4 -> 12.6 | I50: =+'4'!D603 -> 20071 | J50: =++ROUND(H50*I50,0) -> 252895 | L50: =+J50/$J$190 -> 0.0001261091
A51: =+CONCATENATE(B51,"_",E51) -> 03 21 00_JDN2023-TA-04-016 | B51: 03 21 00 | E51: JDN2023-TA-04-016 | F51: =+'4'!B641 -> Suministro, corte y figurado de acero Fy = 60.000 psi d>1/4" | G51: =+'4'!H642 -> Kg | H51: 32020.61 | I51: =+'4'!D642 -> 7623 | J51: =++ROUND(H51*I51,0) -> 244093110 | L51: =+J51/$J$190 -> 0.12171993 | M51: 32870.13
E52: JDN2023-TA-04-017 | F52: =+'4'!B678 -> Suministro e instalacion de malla electrosoldada M-188 Φ 6.00 mm c/.15m en ambos sentidos (incluye alambre negro, colocación y traslapo). | G52: =+'4'!H679 -> Kg | H52: 2516.51 | I52: =+'4'!D679 -> 7545 | J52: =++ROUND(H52*I52,0) -> 18987068 | L52: =+J52/$J$190 -> 0.0094681274
E53: JDN2023-TA-04-018 | F53: =+'4'!B715 -> Suministro e instalacion de cinta PVC V - 15 | G53: =+'4'!H716 -> m | H53: =+(4.32+4.32+2.64+2.64) -> 13.92 | I53: =+'4'!D716 -> 38298 | J53: =++ROUND(H53*I53,0) -> 533108 | L53: =+J53/$J$190 -> 0.00026584065
G54: =+CONCATENATE("SUBTOTAL"," ",F35) -> SUBTOTAL CONCRETOS | J54: =+SUM(J36:J53) -> 728823594 | L54: =+J54/$J$190 -> 0.36343656
E56: 5 | F56: MAMPOSTERIA | G56: UNIDAD | H56: CANTIDAD | I56: VALOR UNITARIO | J56: VALOR TOTAL
A57: =+CONCATENATE(B57,"_",E57) -> 04 00 00_JDN2023-TA-05-001 | B57: 04 00 00 | E57: JDN2023-TA-05-001 | F57: =+'5'!B4 -> Muro en ladrillo farol pandereta e = 0,12 m | G57: =+'5'!H5 -> m2 | H57: 563.27 | I57: =+'5'!D5 -> 45897 | J57: =++ROUND(H57*I57,0) -> 25852403 | L57: =+J57/$J$190 -> 0.012891608 | M57: 653.8
A58: =+CONCATENATE(B58,"_",E58) -> 04 05 13_JDN2023-TA-05-002 | B58: 04 05 13 | E58: JDN2023-TA-05-002 | F58: =+'5'!B43 -> Revoque muro incluye dilataciones y filos, en mortero 1:3 | G58: =+'5'!H44 -> m2 | H58: 803.91 | I58: =+'5'!D44 -> 25957 | J58: =++ROUND(H58*I58,0) -> 20867092 | L58: =+J58/$J$190 -> 0.010405624 | M58: 724.47
A59: =+CONCATENATE(B59,"_",E59) -> 04 05 13_JDN2023-TA-05-003 | B59: 04 05 13 | E59: JDN2023-TA-05-003 | F59: =+'5'!B80 -> Revoque muro impermeabilizado, incluye dilataciones y filos, em mortero 1:3 | G59: =+'5'!H81 -> m2 | H59: 366.81 | I59: =+'5'!D81 -> 29198 | J59: =++ROUND(H59*I59,0) -> 10710118 | L59: =+J59/$J$190 -> 0.0053407278 | M59: 563.93
G60: =+CONCATENATE("SUBTOTAL"," ",F56) -> SUBTOTAL MAMPOSTERIA | J60: =+SUM(J57:J59) -> 57429613 | L60: =+J60/$J$190 -> 0.02863796
E62: 6 | F62: PISOS Y ENCHAPES | G62: UNIDAD | H62: CANTIDAD | I62: VALOR UNITARIO | J62: VALOR TOTAL
E63: JDN2023-TA-06-001 | F63: =+'6'!B4 -> Mortero de nivelación e = 0,05 m para pisos | G63: =+'6'!H5 -> m2 | H63: =+H64+H66 -> 141.34 | I63: =+'6'!D5 -> 31611 | J63: =++ROUND(H63*I63,0) -> 4467899 | L63: =+J63/$J$190 -> 0.002227971
A64: =+CONCATENATE(B64,"_",E64) -> 09 06 30_JDN2023-TA-06-002 | B64: 09 06 30 | E64: JDN2023-TA-06-002 | F64: =+'6'!B40 -> Cerámica piso blanca institucional antideslizante de 20 x 20 cm, no incluye mortero | G64: =+'6'!H41 -> m2 | H64: 18.42 | I64: =+'6'!D41 -> 47562 | J64: =++ROUND(H64*I64,0) -> 876092 | L64: =+J64/$J$190 -> 0.0004368737
A65: =+CONCATENATE(B65,"_",E65) -> 09 06 30_JDN2023-TA-06-003 | B65: 09 06 30 | E65: JDN2023-TA-06-003 | F65: =+'6'!B79 -> Cerámica pared blanca institucional de 20 x 20 cm, no incluye mortero | G65: =+'6'!H80 -> m2 | H65: 114.23 | I65: =+'6'!D80 -> 53843 | J65: =++ROUND(H65*I65,0) -> 6150486 | L65: =+J65/$J$190 -> 0.003067013 | M65: 74.02
A66: =+CONCATENATE(B66,"_",E66) -> 09 06 30_JDN2023-TA-06-004 | B66: 09 06 30 | E66: JDN2023-TA-06-004 | F66: =+'6'!B118 -> Piso en cerámica de 1ra. de 40 x 40 cm tipo Mangle, no incluye mortero | G66: =+'6'!H119 -> m2 | H66: 122.92 | I66: =+'6'!D119 -> 45127 | J66: =++ROUND(H66*I66,0) -> 5547011 | L66: =+J66/$J$190 -> 0.0027660831 | M66: 122.92
A67: =+CONCATENATE(B67,"_",E67) -> 09 06 60_JDN2023-TA-06-005 | B67: 09 06 60 | E67: JDN2023-TA-06-005 | F67: =+'6'!B157 -> Piso en caucho contra impacto de e=10 mm para gimnasio. | G67: =+'6'!H158 -> m2 | H67: 66.5 | I67: =+'6'!D158 -> 70492 | J67: =++ROUND(H67*I67,0) -> 4687718 | L67: =+J67/$J$190 -> 0.0023375864 | M67: 66.5
E68: JDN2023-TA-06-006 | F68: =+'6'!B192 -> Guardaescoba en fibrocemento de h= 8 cm con pintura en esmalte para exteriores | G68: =+'6'!H193 -> m | H68: 334.21 | I68: =+'6'!D193 -> 14470 | J68: =++ROUND(H68*I68,0) -> 4836019 | L68: =+J68/$J$190 -> 0.0024115384 | M68: 334.21
G69: =+CONCATENATE("SUBTOTAL"," ",F62) -> SUBTOTAL PISOS Y ENCHAPES | J69: =+SUM(J63:J68) -> 26565225 | L69: =+J69/$J$190 -> 0.013247066
E71: 7 | F71: PINTURAS | G71: UNIDAD | H71: CANTIDAD | I71: VALOR UNITARIO | J71: VALOR TOTAL
A72: =+CONCATENATE(B72,"_",E72) -> 09 91 23_JDN2023-TA-07-001 | B72: 09 91 23 | E72: JDN2023-TA-07-001 | F72: =+'7'!B3 -> Estuco y pintura muros 3 manos | G72: =+'7'!H4 -> m2 | H72: 642.66 | I72: =+'7'!D4 -> 24629 | J72: =++ROUND(H72*I72,0) -> 15828073 | L72: =+J72/$J$190 -> 0.007892857 | M72: 742.46
A73: =+CONCATENATE(B73,"_",E73) -> 09 91 23_JDN2023-TA-07-002 | B73: 09 91 23 | E73: JDN2023-TA-07-002 | F73: =+'7'!B41 -> Pintura texturizada hidrorepelente | G73: =+'7'!H42 -> m2 | H73: 563.18 | I73: =+'7'!D42 -> 29016 | J73: =++ROUND(H73*I73,0) -> 16341231 | L73: =+J73/$J$190 -> 0.0081487493 | M73: 446.16
G74: =+CONCATENATE("SUBTOTAL"," ",F71) -> SUBTOTAL PINTURAS | J74: =+SUM(J72:J73) -> 32169304 | L74: =+J74/$J$190 -> 0.016041606
E76: 8 | F76: CUBIERTA | G76: UNIDAD | H76: CANTIDAD | I76: VALOR UNITARIO | J76: VALOR TOTAL
A77: =+CONCATENATE(B77,"_",E77) -> 07 57 00_JDN2023-TA-08-001 | B77: 07 57 00 | E77: JDN2023-TA-08-001 | F77: =+'8'!B4 -> Teja en lámina Standing Seam Calibre 26 (0,45mm) con un galvanizado Z180 (Zinc 180MG/M2) , Prepintada en Superpoliester y primer al interior y exterior de 4-6 micras, bandeja de 50 cm, tipo sanduche con aislamiento en polietileno 38 mm de densidad 11 kg/m3, color blanco ambas caras | G77: =+'8'!H5 -> m2 | H77: 448.41 | I77: =+'8'!D5 -> 141238 | J77: =++ROUND(H77*I77,0) -> 63332532 | L77: =+J77/$J$190 -> 0.031581521
A78: =+CONCATENATE(B78,"_",E78) -> 40 67 19_JDN2023-TA-08-002 | B78: 40 67 19 | E78: JDN2023-TA-08-002 | F78: =+'8'!B44 -> Muro en placa de fibrocemento e=10 mm o similar 1 cara incluye pintura | G78: =+'8'!H45 -> m2 | H78: 18.19 | I78: =+'8'!D45 -> 119949 | J78: =++ROUND(H78*I78,0) -> 2181872 | L78: =+J78/$J$190 -> 0.0010880164 | M78: 34.41
A79: =+CONCATENATE(B79,"_",E79) -> 09 22 13 13_JDN2023-TA-08-003 | B79: 09 22 13 13 | E79: JDN2023-TA-08-003 | F79: =+'8'!B88 -> Canal en lámina galvanizada C 22, long de desarrollo 0,7 m | G79: =+'8'!H89 -> m | H79: 45.02 | I79: =+'8'!D89 -> 73429 | J79: =++ROUND(H79*I79,0) -> 3305774 | L79: =+J79/$J$190 -> 0.0016484635
A80: =+CONCATENATE(B80,"_",E80) -> 05 12 23_JDN2023-TA-08-004 | B80: 05 12 23 | E80: JDN2023-TA-08-004 | F80: =+'8'!B128 -> Estructura metálica en: Perfiles Tubulares ASTM A-500 Grado C, Platinas ASTM A-36, Pernos ASTM A-490, Varillas roscadas ASTM A-193 B7. Incluye soldadura, anticorrosivo y pintura | G80: =+'8'!H129 -> Kg | H80: 14309.82 | I80: =+'8'!D129 -> 15057 | J80: =++ROUND(H80*I80,0) -> 215462960 | L80: =+J80/$J$190 -> 0.10744317 | M80: 11578
A81: =+CONCATENATE(B81,"_",E81) -> 09 22 13 13_JDN2023-TA-08-005 | B81: 09 22 13 13 | E81: JDN2023-TA-08-005 | F81: =+'8'!B170 -> Flashing en lámina galvanizada C 26, incluye instalacion con tornillo y silicona. | G81: =+'8'!H171 -> m | H81: 138.18 | I81: =+'8'!D171 -> 18981 | J81: =++ROUND(H81*I81,0) -> 2622795 | L81: =+J81/$J$190 -> 0.0013078879
G82: =+CONCATENATE("SUBTOTAL"," ",F76) -> SUBTOTAL CUBIERTA | J82: =+SUM(J77:J81) -> 286905933 | L82: =+J82/$J$190 -> 0.14306906
E84: 9 | F84: CARPINTERIA | G84: UNIDAD | H84: CANTIDAD | I84: VALOR UNITARIO | J84: VALOR TOTAL
A85: =+CONCATENATE(B85,"_",E85) -> 08 10 00_JDN2023-TA-09-001 | B85: 08 10 00 | E85: JDN2023-TA-09-001 | F85: =+'9'!B4 -> Suministro e instalación de ventana tipo V-1 (1.90X5.0); carpintería en aluminio blanco o negro corrediza, panel de vidrio de 6.0 mm, con chapa y manija en aluminio, incluye accesorios. | G85: =+'9'!H5 -> UND | H85: 10 | I85: =+'9'!D5 -> 2710562 | J85: =++ROUND(H85*I85,0) -> 27105620 | L85: =+J85/$J$190 -> 0.01351654 | M85: 10
A86: =+CONCATENATE(B86,"_",E86) -> 08 10 00_JDN2023-TA-09-002 | B86: 08 10 00 | E86: JDN2023-TA-09-002 | F86: =+'9'!B44 -> Suministro e instalación de ventana proyectante tipo V-2 (2.87X1.87); carpintería en aluminio blanco o negro, panel de vidrio de 6.0 mm, con chapa y manija en aluminio, incluye accesorios. | G86: =+'9'!H45 -> UND | H86: 6 | I86: =+'9'!D45 -> 1678829 | J86: =++ROUND(H86*I86,0) -> 10072974 | L86: =+J86/$J$190 -> 0.0050230084 | M86: 5
A87: =+CONCATENATE(B87,"_",E87) -> 08 10 00_JDN2023-TA-09-003 | B87: 08 10 00 | E87: JDN2023-TA-09-003 | F87: =+'9'!B84 -> Suministro e instalación de ventanafija tipo V-3 (4,26X2.87); carpintería en aluminio blanco o negro, panel de vidrio de 6.0 mm, con chapa y manija en aluminio, incluye accesorios. | G87: =+'9'!H85 -> UND | H87: 1 | I87: =+'9'!D85 -> 2937846 | J87: =++ROUND(H87*I87,0) -> 2937846 | L87: =+J87/$J$190 -> 0.0014649919
A88: =+CONCATENATE(B88,"_",E88) -> 08 10 00_JDN2023-TA-09-004 | B88: 08 10 00 | E88: JDN2023-TA-09-004 | F88: =+'9'!B123 -> Suministro e instalación de ventana proyectante tipo V-4 (4,26X2,8); carpintería en aluminio blanco o negro, panel de vidrio de 6.0 mm, con chapa y manija en aluminio, incluye accesorios. | G88: =+'9'!H124 -> UND | H88: 1 | I88: =+'9'!D124 -> 2884667 | J88: =++ROUND(H88*I88,0) -> 2884667 | L88: =+J88/$J$190 -> 0.0014384735
A89: =+CONCATENATE(B89,"_",E89) -> 08 10 00_JDN2023-TA-09-005 | B89: 08 10 00 | E89: JDN2023-TA-09-005 | F89: =+'9'!B162 -> Suministro e instalación de ventana proyectante tipo V-5 (4,26X1.5); carpintería en aluminio blanco o negro corrediza, panel de vidrio de 6.0 mm, con chapa y manija en aluminio, incluye accesorios. | G89: =+'9'!H163 -> UND | H89: 1 | I89: =+'9'!H186 -> 1935370 | J89: =++ROUND(H89*I89,0) -> 1935370 | L89: =+J89/$J$190 -> 0.00096509528
A90: =+CONCATENATE(B90,"_",E90) -> 08 10 00_JDN2023-TA-09-006 | B90: 08 10 00 | E90: JDN2023-TA-09-006 | F90: =+'9'!B201 -> Suministro e instalación de Puerta tipo PW1 (2.20X1.50) corrediza, lisa en lamina cold rolled calibre 20, entamborada con riel inferior y accesorios, incluye cerradura con chapa de seguridad de pasador, color Negro o Café pintada con pintura esmalte | G90: =+'9'!H202 -> UND | H90: 1 | I90: =+'9'!D202 -> 735524 | J90: =++ROUND(H90*I90,0) -> 735524 | L90: =+J90/$J$190 -> 0.0003667778 | M90: 1
A91: =+CONCATENATE(B91,"_",E91) -> 08 10 00_JDN2023-TA-09-007 | B91: 08 10 00 | E91: JDN2023-TA-09-007 | F91: =+'9'!B244 -> Suministro e instalación de Puerta en panel de vidrio templado PV -1 (4,5X2.71) de 6.0 mm de espesor (vidrio de seguridad), con marco en aluminio color negro o café, incluye chapa en acero inoxidable, incluye accesorios en acero inoxidable | G91: =+'9'!H245 -> UND | H91: 2 | I91: =+'9'!D245 -> 3106262 | J91: =++ROUND(H91*I91,0) -> 6212524 | L91: =+J91/$J$190 -> 0.003097949 | M91: 1
E92: JDN2023-TA-09-008 | F92: =+'9'!B286 -> Suministro e instalación de puerta tipo P1 (0.80X2.20); en lámina Cold Rolled calibre 20, entamborada lisa, incluye marco en acero de 15 cm y bisagras, cerradura con chapa de seguridad de pasador, color Negro o Café pintada con pintura electroestática | G92: =+'9'!H287 -> UND | H92: 2 | I92: =+'9'!D287 -> 699969 | J92: =++ROUND(H92*I92,0) -> 1399938 | M92: 0
A93: =+CONCATENATE(B93,"_",E93) -> 08 10 00_JDN2023-TA-09-009 | B93: 08 10 00 | E93: JDN2023-TA-09-009 | F93: =+'9'!B331 -> Suministro e instalación de puerta tipo P2 (0.90X2.20); en lámina Cold Rolled calibre 20, entamborada lisa, incluye marco en acero de 15 cm y bisagras, cerradura con chapa de seguridad de pasador, color Negro o Café pintada con pintura electroestática | G93: =+'9'!H332 -> UND | H93: 4 | I93: =+'9'!D332 -> 714969 | J93: =++ROUND(H93*I93,0) -> 2859876 | L93: =+J93/$J$190 -> 0.0014261112 | M93: 4
A94: =+CONCATENATE(B94,"_",E94) -> 08 10 00_JDN2023-TA-09-010 | B94: 08 10 00 | E94: JDN2023-TA-09-010 | F94: =+'9'!B375 -> Suministro e instalación de puerta tipo P3 (1.0X2.20); en lámina Cold Rolled calibre 20, entamborada lisa, incluye marco en acero de 15 cm y bisagras, cerradura con chapa de seguridad de pasador, color Negro o Café pintada con pintura electroestática | G94: =+'9'!H376 -> UND | H94: 5 | I94: =+'9'!D376 -> 749969 | J94: =++ROUND(H94*I94,0) -> 3749845 | L94: =+J94/$J$190 -> 0.0018699048 | M94: 4
A95: =+CONCATENATE(B95,"_",E95) -> 08 10 00_JDN2023-TA-09-011 | B95: 08 10 00 | E95: JDN2023-TA-09-011 | F95: =+'9'!B419 -> Suministro e instalación de puerta ventana tipo PV-3 (4.33X2.87); carpintería en aluminio blanco o negro corrediza, panel de vidrio de 6.0 mm, con chapa de seguridad con pasador y manija en acero inoxidable, incluye accesorios. | G95: =+'9'!H420 -> UND | H95: 2 | I95: =+'9'!D420 -> 3567225 | J95: =++ROUND(H95*I95,0) -> 7134450 | L95: =+J95/$J$190 -> 0.0035576784 | M95: 2
A96: =+CONCATENATE(B96,"_",E96) -> 08 10 00_JDN2023-TA-09-012 | B96: 08 10 00 | E96: JDN2023-TA-09-012 | F96: =+'9'!B461 -> Suministro e instalación de puerta ventana tipo PV-2 (2,71X2.87); carpintería en aluminio blanco o negro corrediza, panel de vidrio de 6.0 mm, con chapa de seguridad con pasador y manija en acero inoxidable, incluye accesorios. | G96: =+'9'!H462 -> UND | H96: 1 | I96: =+'9'!D462 -> 2327182 | J96: =++ROUND(H96*I96,0) -> 2327182 | L96: =+J96/$J$190 -> 0.001160477 | M96: 1
A97: =+CONCATENATE(B97,"_",E97) -> 08 10 00_JDN2023-TA-09-013 | B97: 08 10 00 | E97: JDN2023-TA-09-013 | F97: =+'9'!B503 -> Suministro e instalación de puerta ventana tipo PV-4 (2.87X3.79); carpintería en aluminio blanco o negro corrediza, panel de vidrio de 6.0 mm, con chapa de seguridad con pasador y manija en acero inoxidable, incluye accesorios. | G97: =+'9'!H504 -> UND | H97: 2 | I97: =+'9'!D504 -> 2958394 | J97: =++ROUND(H97*I97,0) -> 5916788 | L97: =+J97/$J$190 -> 0.0029504768 | M97: 1
A98: =+CONCATENATE(B98,"_",E98) -> 08 10 00_JDN2023-TA-09-014 | B98: 08 10 00 | E98: JDN2023-TA-09-014 | F98: =+'9'!B545 -> Construcción de baranda pasamanos en tubería de acero galvanizado de 2" y tubería de acero galvanizado de 1 1/2". incluye ángulos de anclaje y adosada a escalones de estructura en acero de escaleras, Incluye accesorios | G98: =+'9'!H546 -> m | H98: 20 | I98: =+'9'!D546 -> 161119 | J98: =++ROUND(H98*I98,0) -> 3222380 | L98: =+J98/$J$190 -> 0.0016068781
A99: =+CONCATENATE(B99,"_",E99) -> 08 10 00_JDN2023-TA-09-015 | B99: 08 10 00 | E99: JDN2023-TA-09-015 | F99: =+'9'!B585 -> Construcción de baranda en perfiles de acero rectangular 2"X4", en calibre 16; con pasamanos en tubería de acero galvanizado de 2" superior y tubería galvanizada cerramiento 1 1/2" inferior, incluye ángulos de anclaje de pasamanos y platinas de anclaje 4"X6"+ accesorios | G99: =+'9'!H586 -> m | H99: 14.67 | I99: =+'9'!D586 -> 240935 | J99: =++ROUND(H99*I99,0) -> 3534516 | L99: =+J99/$J$190 -> 0.0017625285
A100: =+CONCATENATE(B100,"_",E100) -> 08 10 00_JDN2023-TA-09-016 | B100: 08 10 00 | E100: JDN2023-TA-09-016 | F100: =+'9'!B631 -> Suministro e instalación de división en vidrio templado de 6 mm, para zona húmeda de 1.8 x 2,2 m. incluye accesorios en acero inoxidable | G100: =+'9'!H632 -> UND | H100: 2 | I100: =+'9'!D632 -> 1057789 | J100: =++ROUND(H100*I100,0) -> 2115578 | L100: =+J100/$J$190 -> 0.0010549581
A101: =+CONCATENATE(B101,"_",E101) -> 08 44 00_JDN2023-TA-09-017 | B101: 08 44 00 | E101: JDN2023-TA-09-017 | F101: =+'9'!B668 -> Fachada flotante en vidrio templado de 6 mm tipo spider, incluye perfiles y accesorios. | G101: =+'9'!H669 -> m2 | H101: 61.1 | I101: =+'9'!D669 -> 441722 | J101: =++ROUND(H101*I101,0) -> 26989214 | L101: =+J101/$J$190 -> 0.013458493
G102: =+CONCATENATE("SUBTOTAL"," ",F84) -> SUBTOTAL CARPINTERIA | J102: =+SUM(J85:J101) -> 111134292 | L102: =+J102/$J$190 -> 0.055418437
E104: 10 | F104: ACUEDUCTO | G104: UNIDAD | H104: CANTIDAD | I104: VALOR UNITARIO | J104: VALOR TOTAL
A105: =+CONCATENATE(B105,"_",E105) -> 22 10 00_JDN2023-TA-10-001 | B105: 22 10 00 | E105: JDN2023-TA-10-001 | F105: =+'10'!B4 -> Suministro e instalación tubería PVC presión de 1/2" rde 9 | G105: =+'10'!H5 -> m | H105: 48.77 | I105: =+'10'!D5 -> 9257 | J105: =++ROUND(H105*I105,0) -> 451464 | L105: =+J105/$J$190 -> 0.0002251279
A106: =+CONCATENATE(B106,"_",E106) -> 22 10 00_JDN2023-TA-10-002 | B106: 22 10 00 | E106: JDN2023-TA-10-002 | F106: =+'10'!B43 -> Suministro e Instalación de tubería PVC 3/4" RDE 11 | G106: =+'10'!H44 -> m | H106: 20.92 | I106: =+'10'!D44 -> 11575 | J106: =++ROUND(H106*I106,0) -> 242149 | L106: =+J106/$J$190 -> 0.00012075048
A107: =+CONCATENATE(B107,"_",E107) -> 22 10 00_JDN2023-TA-10-003 | B107: 22 10 00 | E107: JDN2023-TA-10-003 | F107: =+'10'!B82 -> Suministro e Instalación de tubería PVC 1" RDE 13,5 | G107: =+'10'!H83 -> m | H107: 41.76 | I107: =+'10'!D83 -> 17193 | J107: =++ROUND(H107*I107,0) -> 717980 | L107: =+J107/$J$190 -> 0.00035802927
A108: =+CONCATENATE(B108,"_",E108) -> 22 10 00_JDN2023-TA-10-004 | B108: 22 10 00 | E108: JDN2023-TA-10-004 | F108: =+'10'!B121 -> Suministro e instalación de llave de paso de 3/4" tipo Red White | G108: =+'10'!H122 -> UND | H108: 4 | I108: =+'10'!D122 -> 82266 | J108: =++ROUND(H108*I108,0) -> 329064 | L108: =+J108/$J$190 -> 0.00016409168
A109: =+CONCATENATE(B109,"_",E109) -> 22 10 00_JDN2023-TA-10-005 | B109: 22 10 00 | E109: JDN2023-TA-10-005 | F109: =+'10'!B161 -> Suministro e instalación de llave de paso de 1" tipo Red White | G109: =+'10'!H162 -> UND | H109: 1 | I109: =+'10'!D162 -> 116781 | J109: =++ROUND(H109*I109,0) -> 116781 | L109: =+J109/$J$190 -> 5.8234236e-05
A110: =+CONCATENATE(B110,"_",E110) -> 22 00 00_JDN2023-TA-10-006 | B110: 22 00 00 | E110: JDN2023-TA-10-006 | F110: =+'10'!B201 -> Punto hidráulico PVC de 1/2" L prom = 3 m | G110: =+'10'!H202 -> PTO | H110: 19 | I110: =+'10'!D202 -> 53741 | J110: =++ROUND(H110*I110,0) -> 1021079 | L110: =+J110/$J$190 -> 0.0005091732
A111: =+CONCATENATE(B111,"_",E111) -> 22 00 00_JDN2023-TA-10-007 | B111: 22 00 00 | E111: JDN2023-TA-10-007 | F111: =+'10'!B242 -> Suministro e instalación de registro de corte de 1/2" | G111: =+'10'!H243 -> UND | H111: 4 | I111: =+'10'!D243 -> 34505 | J111: =++ROUND(H111*I111,0) -> 138020 | L111: =+J111/$J$190 -> 6.8825316e-05
...

Sheet 1
B2: ESCENARIO DEPORTIVO TIRO CON ARCO
B3: REFERENCIA | D3: JDN2023-TA-01-001
B4: Localización y replanteo | D4: VALOR | H4: Unidad
D5: =+ROUND(H29+H19+H14+H23,0) -> 1637 | H5: m2
B8: MATERIALES | D8: UNIDAD | E8: CANTIDAD | F8: DES | G8: VALOR UNITARIO | H8: VALOR TOTAL
B9: MAT,334 | C9: =VLOOKUP(B9,'LISTA DE PRECIOS'!A:B,2,FALSE) -> Puntilla de 3" | D9: =VLOOKUP(B9,'LISTA DE PRECIOS'!A:D,4,FALSE) -> Lb | E9: 0.02 | F9: 1 | G9: =VLOOKUP(B9,'LISTA DE PRECIOS'!A:E,5,FALSE) -> 3500 | H9: =+ROUND(E9*F9*G9,0) -> 70
B10: MAT,176 | C10: =VLOOKUP(B10,'LISTA DE PRECIOS'!A:B,2,FALSE) -> Guadua basa longitud promedio = 5 m | D10: =VLOOKUP(B10,'LISTA DE PRECIOS'!A:D,4,FALSE) -> Un | E10: 0.02 | F10: 0.3 | G10: =VLOOKUP(B10,'LISTA DE PRECIOS'!A:E,5,FALSE) -> 6228 | H10: =+ROUND(E10*F10*G10,0) -> 37
B11: MAT,116 | C11: =VLOOKUP(B11,'LISTA DE PRECIOS'!A:B,2,FALSE) -> Cuartón de sajo 2" x 4" x 2,9 m | D11: =VLOOKUP(B11,'LISTA DE PRECIOS'!A:D,4,FALSE) -> M | E11: 0.1 | F11: 0.3 | G11: =VLOOKUP(B11,'LISTA DE PRECIOS'!A:E,5,FALSE) -> 4359.6 | H11: =+ROUND(E11*F11*G11,0) -> 131
B12: MAT,298 | C12: =VLOOKUP(B12,'LISTA DE PRECIOS'!A:B,2,FALSE) -> Pintura esmalte para exteriores | D12: =VLOOKUP(B12,'LISTA DE PRECIOS'!A:D,4,FALSE) -> Gl | E12: 0.002 | F12: 1.03 | G12: =VLOOKUP(B12,'LISTA DE PRECIOS'!A:E,5,FALSE) -> 60633 | H12: =+ROUND(E12*F12*G12,0) -> 125
B13: MAT,222 | C13: =VLOOKUP(B13,'LISTA DE PRECIOS'!A:B,2,FALSE) -> Listón sajo de 5 x 3 cm x 2,5 m (varilla) | D13: =VLOOKUP(B13,'LISTA DE PRECIOS'!A:D,4,FALSE) -> M | E13: 0.1 | F13: 0.3 | G13: =VLOOKUP(B13,'LISTA DE PRECIOS'!A:E,5,FALSE) -> 5424 | H13: =+ROUND(E13*F13*G13,0) -> 163
E14: SUBTOTAL MATERIALES | H14: =ROUND(SUM(H9:H13),0) -> 526
B16: EQUIPOS Y HERRAMIENTAS | D16: UNIDAD | E16: RENDIMIENTO | F16: CANT | G16: VALOR UNITARIO | H16: VALOR TOTAL
B17: EQU002 | C17: =VLOOKUP(B17,'LISTA DE PRECIOS'!A:B,2,FALSE) -> Herramienta menor | D17: =VLOOKUP(B17,'LISTA DE PRECIOS'!A:D,4,FALSE) -> %MO | E17: 0.1 | G17: =+H29 -> 916 | H17: =+ROUND(E17*G17,0) -> 92
B18: EQU011 | C18: =VLOOKUP(B18,'LISTA DE PRECIOS'!A:B,2,FALSE) -> Equipo completo de topografía | D18: =VLOOKUP(B18,'LISTA DE PRECIOS'!A:D,4,FALSE) -> Día | E18: 0.001 | G18: =VLOOKUP(B18,'LISTA DE PRECIOS'!A:E,5,FALSE) -> 102710.1 | H18: =+ROUND(E18*G18,0) -> 103
E19: SUBTOTAL EQUIPOS | H19: =ROUND(SUM(H17:H18),0) -> 195
B21: TRANSPORTE | D21: UNIDAD | E21: DISTANCIA (Km) | F21: CANT | G21: VALOR UNITARIO ($/ m³*km) | H21: VALOR TOTAL
B22: 3 | C22: No aplica | H22: =+ROUND(E22*G22,0) -> 0
E23: SUBTOTAL TRANSPORTE | H23: =ROUND(SUM(H22:H22),0) -> 0
B25: MANO DE OBRA | D25: UNIDAD | E25: RENDIMIENTO | F25: CANT | G25: VALOR /HORA | H25: VALOR TOTAL
B26: MO 014 | C26: =VLOOKUP(B26,'LISTA DE PRECIOS'!A:B,2,FALSE) -> Topógrafo | D26: =VLOOKUP(B26,'LISTA DE PRECIOS'!A:D,4,FALSE) -> Día | E26: 0.002 | F26: 1 | G26: =VLOOKUP(B26,'LISTA DE PRECIOS'!A:E,5,FALSE) -> 219995 | H26: =+ROUND(E26*F26*G26,0) -> 440
B27: MO 004 | C27: =VLOOKUP(B27,'LISTA DE PRECIOS'!A:B,2,FALSE) -> Cadenero 1 | D27: =VLOOKUP(B27,'LISTA DE PRECIOS'!A:D,4,FALSE) -> Día | E27: 0.002 | F27: 1 | G27: =VLOOKUP(B27,'LISTA DE PRECIOS'!A:E,5,FALSE) -> 101946 | H27: =+ROUND(E27*F27*G27,0) -> 204
B28: MO 005 | C28: =VLOOKUP(B28,'LISTA DE PRECIOS'!A:B,2,FALSE) -> Cadenero 2 | D28: =VLOOKUP(B28,'LISTA DE PRECIOS'!A:D,4,FALSE) -> Día | E28: 0.002 | F28: 2 | G28: =VLOOKUP(B28,'LISTA DE PRECIOS'!A:E,5,FALSE) -> 67964 | H28: =+ROUND(E28*F28*G28,0) -> 272
E29: SUBTOTAL MANO DE OBRA | H29: =ROUND(SUM(H26:H28),0) -> 916
E31: COSTO DIRECTO | H31: =+ROUND(H29+H19+H14+H23,0) -> 1637
E33: AIU | G33: Porcentaje | H33: Valor Total
E34: ADMINISTRACION | G34: 0.2765 | H34: =+H31*G34 -> 452.6305
E35: IMPREVISTOS | G35: 0 | H35: =+H31*G35 -> 0
E36: UTILIDAD | G36: 0.05 | H36: =+H31*G36 -> 81.85
E38: COSTO INDIRECTO | H38: =+ROUND(H34+H35+H36,0) -> 534
E40: Precio Unitario Total Aproximado al peso $ | H40: =ROUND(H31+H38,0) -> 2171
C42: Elaboro: Ingeniero Jhon Alvaro Pabon | E42: VoBo: Ingeniero Juan Pablo Guzman Martinez
C46: VoBo: Arquitecta Jocelyn Danna | E46: VoBo: Arquitecto Fredy Enrique Lopez Ramirez
B49: ESCENARIO DEPORTIVO TIRO CON ARCO
B50: REFERENCIA | D50: JDN2023-TA-01-002
B51: Suministro e instalacion de tela de cerramiento h= 2.0 m | D51: VALOR | H51: Unidad
D52: =+ROUND(H70+H62+H58+H66,0) -> 4147 | H52: m
B55: MATERIALES | D55: UNIDAD | E55: CANTIDAD | F55: DES | G55: VALOR UNITARIO | H55: VALOR TOTAL
B56: MAT,032 | C56: =VLOOKUP(B56,'LISTA DE PRECIOS'!A:B,2,FALSE) -> Amarras con tapa plástica | D56: =VLOOKUP(B56,'LISTA DE PRECIOS'!A:D,4,FALSE) -> Un | E56: 2 | F56: 1 | G56: =VLOOKUP(B56,'LISTA DE PRECIOS'!A:E,5,FALSE) -> 199 | H56: =+ROUND(E56*F56*G56,0) -> 398
B57: MAT,394 | C57: =VLOOKUP(B57,'LISTA DE PRECIOS'!A:B,2,FALSE) -> Tela de cerramiento a = 2,10 m (rollo por 100 m) | D57: =VLOOKUP(B57,'LISTA DE PRECIOS'!A:D,4,FALSE) -> M2 | E57: 2.1 | F57: 1.05 | G57: =VLOOKUP(B57,'LISTA DE PRECIOS'!A:E,5,FALSE) -> 1361 | H57: =+ROUND(E57*F57*G57,0) -> 3001
E58: SUBTOTAL MATERIALES | H58: =ROUND(SUM(H56:H57),0) -> 3399
B60: EQUIPOS Y HERRAMIENTAS | D60: UNIDAD | E60: RENDIMIENTO | F60: CANT | G60: VALOR UNITARIO | H60: VALOR TOTAL
B61: EQU002 | C61: =VLOOKUP(B61,'LISTA DE PRECIOS'!A:B,2,FALSE) -> Herramienta menor | D61: =VLOOKUP(B61,'LISTA DE PRECIOS'!A:D,4,FALSE) -> %MO | E61: 0.1 | G61: =+H70 -> 680 | H61: =+ROUND(E61*G61,0) -> 68
E62: SUBTOTAL EQUIPOS | H62: =ROUND(SUM(H61:H61),0) -> 68
B64: TRANSPORTE | D64: UNIDAD | E64: DISTANCIA (Km) | F64: CANT | G64: VALOR UNITARIO ($/ m³*km) | H64: VALOR TOTAL
B65: 3 | C65: No aplica | H65: =+ROUND(E65*G65,0) -> 0
E66: SUBTOTAL TRANSPORTE | H66: =ROUND(SUM(H65:H65),0) -> 0
B68: MANO DE OBRA | D68: UNIDAD | E68: RENDIMIENTO | F68: CANT | G68: VALOR /HORA | H68: VALOR TOTAL
B69: MO 001 | C69: =VLOOKUP(B69,'LISTA DE PRECIOS'!A:B,2,FALSE) -> Ayudante | D69: =VLOOKUP(B69,'LISTA DE PRECIOS'!A:D,4,FALSE) -> Día | E69: 0.01 | F69: 1 | G69: =VLOOKUP(B69,'LISTA DE PRECIOS'!A:E,5,FALSE) -> 67964 | H69: =+ROUND(E69*F69*G69,0) -> 680
E70: SUBTOTAL MANO DE OBRA | H70: =ROUND(SUM(H69:H69),0) -> 680
E72: COSTO DIRECTO | H72: =+ROUND(H70+H62+H58+H66,0) -> 4147
E74: AIU | G74: Porcentaje | H74: Valor Total
E75: ADMINISTRACION | G75: 0.2765 | H75: =+H72*G75 -> 1146.6455
E76: IMPREVISTOS | G76: 0 | H76: =+H72*G76 -> 0
E77: UTILIDAD | G77: 0.05 | H77: =+H72*G77 -> 207.35
E79: COSTO INDIRECTO | H79: =+ROUND(H75+H76+H77,0) -> 1354
E81: Precio Unitario Total Aproximado al peso $ | H81: =ROUND(H72+H79,0) -> 5501
C86: Elaboro: Ingeniero Jhon Alvaro Pabon | E86: VoBo: Ingeniero Juan Pablo Guzman Martinez
C90: VoBo: Arquitecta Jocelyn Danna | E90: VoBo: Arquitecto Fredy Enrique Lopez Ramirez
B93: ESCENARIO DEPORTIVO TIRO CON ARCO
B94: REFERENCIA | D94: JDN2023-TA-01-003
B95: Poda + tala árbol grande H=6-9 m, Incluye raices y retiro de sobrante. | D95: VALOR | H95: Unidad
D96: =+ROUND(H115+H106+H101+H110,0) -> 441524 | H96: UND
B99: MATERIALES | D99: UNIDAD | E99: CANTIDAD | F99: DES | G99: VALOR UNITARIO | H99: VALOR TOTAL
H101: =ROUND(SUM(H100:H100),0) -> 0
B103: EQUIPOS Y HERRAMIENTAS | D103: UNIDAD | E103: RENDIMIENTO | F103: CANT | G103: VALOR UNITARIO | H103: VALOR TOTAL
B104: EQU059 | C104: =VLOOKUP(B104,'LISTA DE PRECIOS'!A:B,2,FALSE) -> Motosierra, 93.6 cm3 - 7.1 HP, 45-90 cm - 7.9 kg | D104: =VLOOKUP(B104,'LISTA DE PRECIOS'!A:D,4,FALSE) -> Dia | E104: 1 | G104: =+H114 -> 122335 | H104: =+ROUND(E104*G104,0) -> 122335
B105: EQU002 | C105: =VLOOKUP(B105,'LISTA DE PRECIOS'!A:B,2,FALSE) -> Herramienta menor | D105: =VLOOKUP(B105,'LISTA DE PRECIOS'!A:D,4,FALSE) -> %MO | E105: 0.1 | G105: =+H115 -> 190299 | H105: =+ROUND(E105*G105,0) -> 19030
E106: SUBTOTAL EQUIPOS | H106: =ROUND(SUM(H104:H105),0) -> 141365
B108: TRANSPORTE | D108: UNIDAD | E108: DISTANCIA (Km) | F108: CANT | G108: VALOR UNITARIO ($/ m³*km) | H108: VALOR TOTAL
B109: G-03-01 | C109: =VLOOKUP(B109,'LISTA DE PRECIOS'!A:B,2,FALSE) -> Transporte material (corte, sub-base, base, afirmado, Petreos, arenas, etc) | D109: =VLOOKUP(B109,'LISTA DE PRECIOS'!A:D,4,FALSE) -> M3-Km | E109: 15 | F109: 4 | G109: =VLOOKUP(B109,'LISTA DE PRECIOS'!A:E,5,FALSE) -> 1831 | H109: =+ROUND(E109*F109*G109,0) -> 109860
E110: SUBTOTAL TRANSPORTE | H110: =ROUND(SUM(H109),0) -> 109860
B112: MANO DE OBRA | D112: UNIDAD | E112: RENDIMIENTO | F112: CANT | G112: VALOR /HORA | H112: VALOR TOTAL
B113: MO 001 | C113: =VLOOKUP(B113,'LISTA DE PRECIOS'!A:B,2,FALSE) -> Ayudante | D113: =VLOOKUP(B113,'LISTA DE PRECIOS'!A:D,4,FALSE) -> Día | E113: 1 | F113: 1 | G113: =VLOOKUP(B113,'LISTA DE PRECIOS'!A:E,5,FALSE) -> 67964 | H113: =+ROUND(E113*F113*G113,0) -> 67964
B114: MO 003 | C114: =VLOOKUP(B114,'LISTA DE PRECIOS'!A:B,2,FALSE) -> Oficial | D114: =VLOOKUP(B114,'LISTA DE PRECIOS'!A:D,4,FALSE) -> Día | E114: 1 | F114: 1 | G114: =VLOOKUP(B114,'LISTA DE PRECIOS'!A:E,5,FALSE) -> 122335 | H114: =+ROUND(E114*F114*G114,0) -> 122335
E115: SUBTOTAL MANO DE OBRA | H115: =ROUND(SUM(H113:H114),0) -> 190299
E117: COSTO DIRECTO | H117: =+ROUND(H115+H106+H101+H110,0) -> 441524
C123: Elaboro: Ingeniero Jhon Alvaro Pabon | E123: VoBo: Ingeniero Juan Pablo Guzman Martinez
C127: VoBo: Arquitecta Jocelyn Danna | E127: VoBo: Arquitecto Fredy Enrique Lopez Ramirez
B130: ESCENARIO DEPORTIVO TIRO CON ARCO
B131: REFERENCIA | D131: JDN2023-TA-01-004
B132: Nivelación terreno con material del sitio | D132: VALOR | H132: Unidad
D133: =+ROUND(H151+H142+H138+H146,0) -> 4336 | H133: m2
B136: MATERIALES | D136: UNIDAD | E136: CANTIDAD | F136: DES | G136: VALOR UNITARIO | H136: VALOR TOTAL
E138: SUBTOTAL MATERIALES | H138: =ROUND(SUM(H137:H137),0) -> 0
B140: EQUIPOS Y HERRAMIENTAS | D140: UNIDAD | E140: RENDIMIENTO | F140: CANT | G140: VALOR UNITARIO | H140: VALOR TOTAL
B141: EQU002 | C141: =VLOOKUP(B141,'LISTA DE PRECIOS'!A:B,2,FALSE) -> Herramienta menor | D141: =VLOOKUP(B141,'LISTA DE PRECIOS'!A:D,4,FALSE) -> %MO | E141: 0.1 | G141: =+H151 -> 3942 | H141: =+ROUND(E141*G141,0) -> 394
E142: SUBTOTAL EQUIPOS | H142: =ROUND(SUM(H141:H141),0) -> 394
B144: TRANSPORTE | D144: UNIDAD | E144: DISTANCIA (Km) | F144: CANT | G144: VALOR UNITARIO ($/ m³*km) | H144: VALOR TOTAL
B145: 1 | C145: No aplica | H145: =+ROUND(E145*G145,0) -> 0
E146: SUBTOTAL TRANSPORTE | H146: =ROUND(SUM(H145:H145),0) -> 0
B148: MANO DE OBRA | D148: UNIDAD | E148: RENDIMIENTO | F148: CANT | G148: VALOR /HORA | H148: VALOR TOTAL
B149: MO 001 | C149: =VLOOKUP(B149,'LISTA DE PRECIOS'!A:B,2,FALSE) -> Ayudante | D149: =VLOOKUP(B149,'LISTA DE PRECIOS'!A:D,4,FALSE) -> Día | E149: 0.01 | F149: 4 | G149: =VLOOKUP(B149,'LISTA DE PRECIOS'!A:E,5,FALSE) -> 67964 | H149: =+ROUND(E149*F149*G149,0) -> 2719
B150: MO 003 | C150: =VLOOKUP(B150,'LISTA DE PRECIOS'!A:B,2,FALSE) -> Oficial | D150: =VLOOKUP(B150,'LISTA DE PRECIOS'!A:D,4,FALSE) -> Día | E150: 0.01 | F150: 1 | G150: =VLOOKUP(B150,'LISTA DE PRECIOS'!A:E,5,FALSE) -> 122335 | H150: =+ROUND(E150*F150*G150,0) -> 1223
E151: SUBTOTAL MANO DE OBRA | H151: =ROUND(SUM(H149:H150),0) -> 3942
E153: COSTO DIRECTO | H153: =+ROUND(H151+H142+H138+H146,0) -> 4336
C159: Elaboro: Ingeniero Jhon Alvaro Pabon | E159: VoBo: Ingeniero Juan Pablo Guzman Martinez
C163: VoBo: Arquitecta Jocelyn Danna | E163: VoBo: Arquitecto Fredy Enrique Lopez Ramirez
B166: ESCENARIO DEPORTIVO TIRO CON ARCO
B167: REFERENCIA | D167: JDN2023-TA-01-005
B168: Cargue de material manual | D168: VALOR | H168: Unidad
...

Sheet 2
B2: ESCENARIO DEPORTIVO TIRO CON ARCO
B3: REFERENCIA | D3: JDN2023-TA-02-001
B4: Desmonte aparatos sanitarios, con recuperación de ellos | D4: VALOR | H4: Unidad
D5: =+ROUND(H23+H15+H10+H19,0) -> 24638 | H5: UND
B8: MATERIALES | D8: UNIDAD | E8: CANTIDAD | F8: DES | G8: VALOR UNITARIO | H8: VALOR TOTAL
E10: SUBTOTAL MATERIALES | H10: =ROUND(SUM(H9:H9),0) -> 0
B12: EQUIPOS Y HERRAMIENTAS | D12: UNIDAD | E12: RENDIMIENTO | F12: CANT | G12: VALOR UNITARIO | H12: VALOR TOTAL
B13: EQU002 | C13: =VLOOKUP(B13,'LISTA DE PRECIOS'!A:B,2,FALSE) -> Herramienta menor | D13: =VLOOKUP(B13,'LISTA DE PRECIOS'!A:D,4,FALSE) -> %MO | E13: 0.15 | G13: =H23 -> 19710 | H13: =+ROUND(E13*G13,0) -> 2957
B14: MOB011 | C14: =VLOOKUP(B14,'LISTA DE PRECIOS'!A:B,2,FALSE) -> Acarreo Horizontal | D14: =VLOOKUP(B14,'LISTA DE PRECIOS'!A:D,4,FALSE) -> % MO | E14: 0.1 | G14: =H23 -> 19710 | H14: =+ROUND(E14*G14,0) -> 1971
E15: SUBTOTAL EQUIPOS | H15: =ROUND(SUM(H13:H14),0) -> 4928
B17: TRANSPORTE | D17: UNIDAD | E17: DISTANCIA (Km) | F17: CANT | G17: VALOR UNITARIO ($/ m³*km) | H17: VALOR TOTAL
B18: 3 | C18: No aplica | H18: =+ROUND(E18*G18,0) -> 0
E19: SUBTOTAL TRANSPORTE | H19: =ROUND(SUM(H18:H18),0) -> 0
B21: MANO DE OBRA | D21: UNIDAD | E21: RENDIMIENTO | F21: CANT | G21: VALOR /HORA | H21: VALOR TOTAL
B22: MO 001 | C22: =VLOOKUP(B22,'LISTA DE PRECIOS'!A:B,2,FALSE) -> Ayudante | D22: =VLOOKUP(B22,'LISTA DE PRECIOS'!A:D,4,FALSE) -> Día | E22: 0.29 | F22: 1 | G22: =VLOOKUP(B22,'LISTA DE PRECIOS'!A:E,5,FALSE) -> 67964 | H22: =+ROUND(E22*F22*G22,0) -> 19710
E23: SUBTOTAL MANO DE OBRA | H23: =ROUND(SUM(H22:H22),0) -> 19710
E25: COSTO DIRECTO | H25: =+ROUND(H23+H15+H10+H19,0) -> 24638
C31: Elaboro: Ingeniero Jhon Alvaro Pabon | E31: VoBo: Ingeniero Juan Pablo Guzman Martinez
C35: VoBo: Arquitecta Jocelyn Danna | E35: VoBo: Arquitecto Fredy Enrique Lopez Ramirez
B38: ESCENARIO DEPORTIVO TIRO CON ARCO
B39: REFERENCIA | D39: JDN2023-TA-02-002
B40: Demolición de losa sobre terreno | D40: VALOR | H40: Unidad
D41: =+ROUND(H59+H51+H46+H55,0) -> 11663 | H41: m2
B44: MATERIALES | D44: UNIDAD | E44: CANTIDAD | F44: DES | G44: VALOR UNITARIO | H44: VALOR TOTAL
E46: SUBTOTAL MATERIALES | H46: =ROUND(SUM(H45:H45),0) -> 0
B48: EQUIPOS Y HERRAMIENTAS | D48: UNIDAD | E48: RENDIMIENTO | F48: CANT | G48: VALOR UNITARIO | H48: VALOR TOTAL
B49: EQU002 | C49: =VLOOKUP(B49,'LISTA DE PRECIOS'!A:B,2,FALSE) -> Herramienta menor | D49: =VLOOKUP(B49,'LISTA DE PRECIOS'!A:D,4,FALSE) -> %MO | E49: 0.15 | G49: =+H59 -> 8971 | H49: =+ROUND(E49*G49,0) -> 1346
B50: MOB011 | C50: =VLOOKUP(B50,'LISTA DE PRECIOS'!A:B,2,FALSE) -> Acarreo Horizontal | D50: =VLOOKUP(B50,'LISTA DE PRECIOS'!A:D,4,FALSE) -> % MO | E50: 0.15 | G50: =+H59 -> 8971 | H50: =+ROUND(E50*G50,0) -> 1346
E51: SUBTOTAL EQUIPOS | H51: =ROUND(SUM(H49:H50),0) -> 2692
B53: TRANSPORTE | D53: UNIDAD | E53: DISTANCIA (Km) | F53: CANT | G53: VALOR UNITARIO ($/ m³*km) | H53: VALOR TOTAL
B54: 3 | C54: No aplica | H54: =+ROUND(E54*G54,0) -> 0
E55: SUBTOTAL TRANSPORTE | H55: =ROUND(SUM(H54:H54),0) -> 0
B57: MANO DE OBRA | D57: UNIDAD | E57: RENDIMIENTO | F57: CANT | G57: VALOR /HORA | H57: VALOR TOTAL
B58: MO 001 | C58: =VLOOKUP(B58,'LISTA DE PRECIOS'!A:B,2,FALSE) -> Ayudante | D58: =VLOOKUP(B58,'LISTA DE PRECIOS'!A:D,4,FALSE) -> Día | E58: 0.033 | F58: 4 | G58: =VLOOKUP(B58,'LISTA DE PRECIOS'!A:E,5,FALSE) -> 67964 | H58: =+ROUND(E58*F58*G58,0) -> 8971
E59: SUBTOTAL MANO DE OBRA | H59: =ROUND(SUM(H58:H58),0) -> 8971
E61: COSTO DIRECTO | H61: =+ROUND(H59+H51+H46+H55,0) -> 11663
C67: Elaboro: Ingeniero Jhon Alvaro Pabon | E67: VoBo: Ingeniero Juan Pablo Guzman Martinez
C71: VoBo: Arquitecta Jocelyn Danna | E71: VoBo: Arquitecto Fredy Enrique Lopez Ramirez
B74: ESCENARIO DEPORTIVO TIRO CON ARCO
B75: REFERENCIA | D75: JDN2023-TA-02-003
B76: Cargue mecánico de material | D76: VALOR | H76: Unidad
D77: =+ROUND(H94+H86+H82+H90,0) -> 3075 | H77: m3
B80: MATERIALES | D80: UNIDAD | E80: CANTIDAD | F80: DES | G80: VALOR UNITARIO | H80: VALOR TOTAL
E82: SUBTOTAL MATERIALES | H82: =ROUND(SUM(H81:H81),0) -> 0
B84: EQUIPOS Y HERRAMIENTAS | D84: UNIDAD | E84: RENDIMIENTO | F84: CANT | G84: VALOR UNITARIO | H84: VALOR TOTAL
B85: EQU009 | C85: =VLOOKUP(B85,'LISTA DE PRECIOS'!A:B,2,FALSE) -> Cargador 930 1,5 yd3 | D85: =VLOOKUP(B85,'LISTA DE PRECIOS'!A:D,4,FALSE) -> Hr | E85: 0.025 | G85: =VLOOKUP(B85,'LISTA DE PRECIOS'!A:E,5,FALSE) -> 112104 | H85: =+ROUND(E85*G85,0) -> 2803
E86: SUBTOTAL EQUIPOS | H86: =ROUND(SUM(H85),0) -> 2803
B88: TRANSPORTE | D88: UNIDAD | E88: DISTANCIA (Km) | F88: CANT | G88: VALOR UNITARIO ($/ m³*km) | H88: VALOR TOTAL
B89: 1 | C89: No aplica | H89: =+ROUND(E89*G89,0) -> 0
E90: SUBTOTAL TRANSPORTE | H90: =ROUND(SUM(H89:H89),0) -> 0
B92: MANO DE OBRA | D92: UNIDAD | E92: RENDIMIENTO | F92: CANT | G92: VALOR /HORA | H92: VALOR TOTAL
B93: MO 001 | C93: =VLOOKUP(B93,'LISTA DE PRECIOS'!A:B,2,FALSE) -> Ayudante | D93: =VLOOKUP(B93,'LISTA DE PRECIOS'!A:D,4,FALSE) -> Día | E93: 0.004 | F93: 1 | G93: =VLOOKUP(B93,'LISTA DE PRECIOS'!A:E,5,FALSE) -> 67964 | H93: =+ROUND(E93*F93*G93,0) -> 272
E94: SUBTOTAL MANO DE OBRA | H94: =ROUND(SUM(H93:H93),0) -> 272
E96: COSTO DIRECTO | H96: =+ROUND(H94+H86+H82+H90,0) -> 3075
C102: Elaboro: Ingeniero Jhon Alvaro Pabon | E102: VoBo: Ingeniero Juan Pablo Guzman Martinez
C106: VoBo: Arquitecta Jocelyn Danna | E106: VoBo: Arquitecto Fredy Enrique Lopez Ramirez
B109: ESCENARIO DEPORTIVO TIRO CON ARCO
B110: REFERENCIA | D110: JDN2023-TA-02-004
B111: Desmonte de cubierta existente h< 3 m | D111: VALOR | H111: Unidad
D112: =+ROUND(H132+H123+H117+H127,0) -> 7586 | H112: m2
B115: MATERIALES | D115: UNIDAD | E115: CANTIDAD | F115: DES | G115: VALOR UNITARIO | H115: VALOR TOTAL
E117: SUBTOTAL MATERIALES | H117: =ROUND(SUM(H116:H116),0) -> 0
B119: EQUIPOS Y HERRAMIENTAS | D119: UNIDAD | E119: RENDIMIENTO | F119: CANT | G119: VALOR UNITARIO | H119: VALOR TOTAL
B120: EQU002 | C120: =VLOOKUP(B120,'LISTA DE PRECIOS'!A:B,2,FALSE) -> Herramienta menor | D120: =VLOOKUP(B120,'LISTA DE PRECIOS'!A:D,4,FALSE) -> %MO | E120: 0.1 | G120: =+H132 -> 3942 | H120: =+ROUND(E120*G120,0) -> 394
B121: MOB011 | C121: =VLOOKUP(B121,'LISTA DE PRECIOS'!A:B,2,FALSE) -> Acarreo Horizontal | D121: =VLOOKUP(B121,'LISTA DE PRECIOS'!A:D,4,FALSE) -> % MO | E121: 0.1 | G121: =+H132 -> 3942 | H121: =+ROUND(E121*G121,0) -> 394
B122: EQU006 | C122: =VLOOKUP(B122,'LISTA DE PRECIOS'!A:B,2,FALSE) -> Andamio certificado | D122: =VLOOKUP(B122,'LISTA DE PRECIOS'!A:D,4,FALSE) -> Día | E122: 0.1 | G122: =VLOOKUP(B122,'LISTA DE PRECIOS'!A:E,5,FALSE) -> 28560 | H122: =+ROUND(E122*G122,0) -> 2856
E123: SUBTOTAL EQUIPOS | H123: =ROUND(SUM(H120:H122),0) -> 3644
B125: TRANSPORTE | D125: UNIDAD | E125: DISTANCIA (Km) | F125: CANT | G125: VALOR UNITARIO ($/ m³*km) | H125: VALOR TOTAL
B126: 3 | C126: No aplica | H126: =+ROUND(E126*G126,0) -> 0
E127: SUBTOTAL TRANSPORTE | H127: =ROUND(SUM(H126:H126),0) -> 0 | K127: =1/0.01 -> 100
B129: MANO DE OBRA | D129: UNIDAD | E129: RENDIMIENTO | F129: CANT | G129: VALOR /HORA | H129: VALOR TOTAL
B130: MO 001 | C130: =VLOOKUP(B130,'LISTA DE PRECIOS'!A:B,2,FALSE) -> Ayudante | D130: =VLOOKUP(B130,'LISTA DE PRECIOS'!A:D,4,FALSE) -> Día | E130: 0.01 | F130: 4 | G130: =VLOOKUP(B130,'LISTA DE PRECIOS'!A:E,5,FALSE) -> 67964 | H130: =+ROUND(E130*F130*G130,0) -> 2719
B131: MO 003 | C131: =VLOOKUP(B131,'LISTA DE PRECIOS'!A:B,2,FALSE) -> Oficial | D131: =VLOOKUP(B131,'LISTA DE PRECIOS'!A:D,4,FALSE) -> Día | E131: 0.01 | F131: 1 | G131: =VLOOKUP(B131,'LISTA DE PRECIOS'!A:E,5,FALSE) -> 122335 | H131: =+ROUND(E131*F131*G131,0) -> 1223
E132: SUBTOTAL MANO DE OBRA | H132: =ROUND(SUM(H130:H131),0) -> 3942
E134: COSTO DIRECTO | H134: =+ROUND(H132+H123+H117+H127,0) -> 7586
C140: Elaboro: Ingeniero Jhon Alvaro Pabon | E140: VoBo: Ingeniero Juan Pablo Guzman Martinez
C144: VoBo: Arquitecta Jocelyn Danna | E144: VoBo: Arquitecto Fredy Enrique Lopez Ramirez
B147: ESCENARIO DEPORTIVO TIRO CON ARCO
B148: REFERENCIA | D148: JDN2023-TA-02-005
B149: Desmonte de estructura metalica | D149: VALOR | H149: Unidad
D150: =+ROUND(H168+H160+H155+H164,0) -> 3574 | H150: Kg
B153: MATERIALES | D153: UNIDAD | E153: CANTIDAD | F153: DES | G153: VALOR UNITARIO | H153: VALOR TOTAL
E155: SUBTOTAL MATERIALES | H155: =ROUND(SUM(H154),0) -> 0
B157: EQUIPOS Y HERRAMIENTAS | D157: UNIDAD | E157: RENDIMIENTO | F157: DES | G157: VALOR UNITARIO | H157: VALOR TOTAL
B158: EQU048 | C158: =VLOOKUP(B158,'LISTA DE PRECIOS'!A:B,2,FALSE) -> Andamio tubular | D158: =VLOOKUP(B158,'LISTA DE PRECIOS'!A:D,4,FALSE) -> Día | E158: 0.04 | G158: =VLOOKUP(B158,'LISTA DE PRECIOS'!A:E,5,FALSE) -> 7266 | H158: =+ROUND(E158*G158,0) -> 291
B159: EQU002 | C159: =VLOOKUP(B159,'LISTA DE PRECIOS'!A:B,2,FALSE) -> Herramienta menor | D159: =VLOOKUP(B159,'LISTA DE PRECIOS'!A:D,4,FALSE) -> %MO | E159: 0.15 | G159: =+H168 -> 2855 | H159: =+ROUND(E159*G159,0) -> 428
E160: SUBTOTAL EQUIPOS | H160: =ROUND(SUM(H158:H159),0) -> 719
B162: TRANSPORTE | D162: UNIDAD | E162: DISTANCIA (Km) | F162: DES | G162: VALOR UNITARIO ($/ m³*km) | H162: VALOR TOTAL
B163: 3 | C163: No aplica | H163: =+ROUND(E163*G163,0) -> 0
E164: SUBTOTAL TRANSPORTE | H164: =ROUND(SUM(H163),0) -> 0
B166: MANO DE OBRA | D166: UNIDAD | E166: RENDIMIENTO | F166: CANT | G166: VALOR /HORA | H166: VALOR TOTAL
B167: MO 002 | C167: =VLOOKUP(B167,'LISTA DE PRECIOS'!A:B,2,FALSE) -> Ayudante práctico | D167: =VLOOKUP(B167,'LISTA DE PRECIOS'!A:D,4,FALSE) -> Día | E167: 0.015 | F167: 2 | G167: =VLOOKUP(B167,'LISTA DE PRECIOS'!A:E,5,FALSE) -> 95150 | H167: =+ROUND(E167*F167*G167,0) -> 2855
E168: SUBTOTAL MANO DE OBRA | H168: =ROUND(SUM(H167:H167),0) -> 2855
E170: COSTO DIRECTO | H170: =+ROUND(H168+H160+H155+H164,0) -> 3574
C176: Elaboro: Ingeniero Jhon Alvaro Pabon | E176: VoBo: Ingeniero Juan Pablo Guzman Martinez
C180: VoBo: Arquitecta Jocelyn Danna | E180: VoBo: Arquitecto Fredy Enrique Lopez Ramirez
B183: ESCENARIO DEPORTIVO TIRO CON ARCO
B184: REFERENCIA | D184: JDN2023-TA-02-006
B185: Desmonte malla eslabonada | D185: VALOR | H185: Unidad
D186: =+ROUND(H204+H195+H191+H199,0) -> 6314 | H186: m2
...

Sheet 3
B1: ESCENARIO DEPORTIVO TIRO CON ARCO
B2: REFERENCIA | D2: JDN2023-TA-03-001
B3: Excavación en material común seco de 0 - 2 m manual | D3: VALOR | H3: Unidad
D4: =+ROUND(H23+H14+H9+H18,0) -> 33111 | H4: m3
B7: MATERIALES | D7: UNIDAD | E7: CANTIDAD | F7: DESP | G7: VALOR UNITARIO | H7: VALOR TOTAL
E9: SUBTOTAL MATERIALES | H9: =ROUND(SUM(H8:H8),0) -> 0
B11: EQUIPOS Y HERRAMIENTAS | D11: UNIDAD | E11: RENDIMIENTO | F11: DESP | G11: VALOR UNITARIO | H11: VALOR TOTAL
B12: EQU002 | C12: =VLOOKUP(B12,'LISTA DE PRECIOS'!A:B,2,FALSE) -> Herramienta menor | D12: =VLOOKUP(B12,'LISTA DE PRECIOS'!A:D,4,FALSE) -> %MO | E12: 0.1 | F12: 1 | G12: =+H23 -> 27593 | H12: =+ROUND(E12*F12*G12,0) -> 2759
B13: MOB011 | C13: =VLOOKUP(B13,'LISTA DE PRECIOS'!A:B,2,FALSE) -> Acarreo Horizontal | D13: =VLOOKUP(B13,'LISTA DE PRECIOS'!A:D,4,FALSE) -> % MO | E13: 0.1 | F13: 1 | G13: =+H23 -> 27593 | H13: =+ROUND(E13*G13,0) -> 2759
E14: SUBTOTAL EQUIPOS | H14: =ROUND(SUM(H12:H13),0) -> 5518
B16: TRANSPORTE | D16: UNIDAD | E16: DISTANCIA (Km) | F16: CANT | G16: VALOR UNITARIO ($/ m³*km) | H16: VALOR TOTAL
B17: 3 | C17: No aplica | H17: =+ROUND(E17*G17,0) -> 0
E18: SUBTOTAL TRANSPORTE | H18: =ROUND(SUM(H17:H17),0) -> 0
B20: MANO DE OBRA | D20: UNIDAD | E20: RENDIMIENTO | F20: CANT | G20: VALOR /HORA | H20: VALOR TOTAL
B21: MO 001 | C21: =VLOOKUP(B21,'LISTA DE PRECIOS'!A:B,2,FALSE) -> Ayudante | D21: =VLOOKUP(B21,'LISTA DE PRECIOS'!A:D,4,FALSE) -> Día | E21: 0.07 | F21: 4 | G21: =VLOOKUP(B21,'LISTA DE PRECIOS'!A:E,5,FALSE) -> 67964 | H21: =+ROUND(E21*F21*G21,0) -> 19030
B22: MO 003 | C22: =VLOOKUP(B22,'LISTA DE PRECIOS'!A:B,2,FALSE) -> Oficial | D22: =VLOOKUP(B22,'LISTA DE PRECIOS'!A:D,4,FALSE) -> Día | E22: 0.07 | F22: 1 | G22: =VLOOKUP(B22,'LISTA DE PRECIOS'!A:E,5,FALSE) -> 122335 | H22: =+ROUND(E22*F22*G22,0) -> 8563
E23: SUBTOTAL MANO DE OBRA | H23: =ROUND(SUM(H21:H22),0) -> 27593
E25: COSTO DIRECTO | H25: =+ROUND(H23+H14+H9+H18,0) -> 33111
C31: Elaboro: Ingeniero Jhon Alvaro Pabon | E31: VoBo: Ingeniero Juan Pablo Guzman Martinez
C35: VoBo: Arquitecta Jocelyn Danna | E35: VoBo: Arquitecto Fredy Enrique Lopez Ramirez
B38: ESCENARIO DEPORTIVO TIRO CON ARCO
B39: REFERENCIA | D39: JDN2023-TA-03-002
B40: Retiro de material sobrante (distancia 1 a 15 Km) | D40: VALOR | H40: Unidad
D41: =+ROUND(H58+H50+H46+H54,0) -> 34973 | H41: m3
B44: MATERIALES | D44: UNIDAD | E44: CANTIDAD | F44: DES | G44: VALOR UNITARIO | H44: VALOR TOTAL
B45: G-03-05 | C45: =VLOOKUP(B45,'LISTA DE PRECIOS'!A:B,2,FALSE) -> Disposición en botadero | D45: =VLOOKUP(B45,'LISTA DE PRECIOS'!A:D,4,FALSE) -> m3 | E45: 1 | F45: 1 | G45: =VLOOKUP(B45,'LISTA DE PRECIOS'!A:E,5,FALSE) -> 5714 | H45: =+ROUND(E45*F45*G45,0) -> 5714
E46: SUBTOTAL MATERIALES | H46: =ROUND(SUM(H45:H45),0) -> 5714
B48: EQUIPOS Y HERRAMIENTAS | D48: UNIDAD | E48: RENDIMIENTO | F48: DES | G48: VALOR UNITARIO | H48: VALOR TOTAL
B49: EQU002 | C49: Herramienta menor | D49: %MO | E49: 0.1 | G49: =+H58 -> 1631 | H49: =+ROUND(E49*G49,0) -> 163
E50: SUBTOTAL EQUIPOS | H50: =ROUND(SUM(H49:H49),0) -> 163
B52: TRANSPORTE | D52: UNIDAD | E52: DISTANCIA (Km) | F52: DES | G52: VALOR UNITARIO ($/ m³*km) | H52: VALOR TOTAL
B53: 1 | C53: Volqueta 7 m3 | D53: 1 | E53: 15 | F53: 1 | G53: 1831 | H53: =+ROUND(D53*E53*F53*G53,0) -> 27465
E54: SUBTOTAL TRANSPORTE | H54: =ROUND(SUM(H53:H53),0) -> 27465
B56: MANO DE OBRA | D56: UNIDAD | E56: RENDIMIENTO | F56: CANT | G56: VALOR /HORA | H56: VALOR TOTAL
B57: MO 001 | C57: =VLOOKUP(B57,'LISTA DE PRECIOS'!A:B,2,FALSE) -> Ayudante | D57: =VLOOKUP(B57,'LISTA DE PRECIOS'!A:D,4,FALSE) -> Día | E57: 0.024 | F57: 1 | G57: =VLOOKUP(B57,'LISTA DE PRECIOS'!A:E,5,FALSE) -> 67964 | H57: =+ROUND(E57*F57*G57,0) -> 1631
E58: SUBTOTAL MANO DE OBRA | H58: =ROUND(SUM(H57:H57),0) -> 1631
E60: COSTO DIRECTO | H60: =+ROUND(H58+H50+H46+H54,0) -> 34973
C66: Elaboro: Ingeniero Jhon Alvaro Pabon | E66: VoBo: Ingeniero Juan Pablo Guzman Martinez
C70: VoBo: Arquitecta Jocelyn Danna | E70: VoBo: Arquitecto Fredy Enrique Lopez Ramirez
B73: ESCENARIO DEPORTIVO TIRO CON ARCO
B74: REFERENCIA | D74: JDN2023-TA-03-003
B75: Excavación material común abierto manual | D75: VALOR | H75: Unidad
D76: =+ROUND(H95+H86+H81+H90,0) -> 39262 | H76: m2
B79: MATERIALES | D79: UNIDAD | E79: CANTIDAD | F79: DES | G79: VALOR UNITARIO | H79: VALOR TOTAL
C80: VoBo: Arquitecta Jocelyn Danna
E81: SUBTOTAL MATERIALES | H81: =ROUND(SUM(H80:H80),0) -> 0
B83: EQUIPOS Y HERRAMIENTAS | D83: UNIDAD | E83: RENDIMIENTO | F83: CANT | G83: VALOR UNITARIO | H83: VALOR TOTAL
B84: EQU002 | C84: =VLOOKUP(B84,'LISTA DE PRECIOS'!A:B,2,FALSE) -> Herramienta menor | D84: =VLOOKUP(B84,'LISTA DE PRECIOS'!A:D,4,FALSE) -> %MO | E84: 0.1 | G84: =+H95 -> 32718 | H84: =+ROUND(E84*G84,0) -> 3272
B85: MOB011 | C85: =VLOOKUP(B85,'LISTA DE PRECIOS'!A:B,2,FALSE) -> Acarreo Horizontal | D85: =VLOOKUP(B85,'LISTA DE PRECIOS'!A:D,4,FALSE) -> % MO | E85: 0.1 | G85: =+H95 -> 32718 | H85: =+ROUND(E85*G85,0) -> 3272
E86: SUBTOTAL EQUIPOS | H86: =ROUND(SUM(H84:H85),0) -> 6544
B88: TRANSPORTE | D88: UNIDAD | E88: DISTANCIA (Km) | F88: CANT | G88: VALOR UNITARIO ($/ m³*km) | H88: VALOR TOTAL
B89: 3 | C89: No aplica | H89: =+ROUND(E89*G89,0) -> 0
E90: SUBTOTAL TRANSPORTE | H90: =ROUND(SUM(H89:H89),0) -> 0
B92: MANO DE OBRA | D92: UNIDAD | E92: RENDIMIENTO | F92: CANT | G92: VALOR /HORA | H92: VALOR TOTAL
B93: MO 001 | C93: =VLOOKUP(B93,'LISTA DE PRECIOS'!A:B,2,FALSE) -> Ayudante | D93: =VLOOKUP(B93,'LISTA DE PRECIOS'!A:D,4,FALSE) -> Día | E93: 0.083 | F93: 4 | G93: =VLOOKUP(B93,'LISTA DE PRECIOS'!A:E,5,FALSE) -> 67964 | H93: =+ROUND(E93*F93*G93,0) -> 22564
B94: MO 003 | C94: =VLOOKUP(B94,'LISTA DE PRECIOS'!A:B,2,FALSE) -> Oficial | D94: =VLOOKUP(B94,'LISTA DE PRECIOS'!A:D,4,FALSE) -> Día | E94: 0.083 | F94: 1 | G94: =VLOOKUP(B94,'LISTA DE PRECIOS'!A:E,5,FALSE) -> 122335 | H94: =+ROUND(E94*F94*G94,0) -> 10154
E95: SUBTOTAL MANO DE OBRA | H95: =ROUND(SUM(H93:H94),0) -> 32718
E97: COSTO DIRECTO | H97: =+ROUND(H95+H86+H81+H90,0) -> 39262
C103: Elaboro: Ingeniero Jhon Alvaro Pabon | E103: VoBo: Ingeniero Juan Pablo Guzman Martinez
C107: VoBo: Arquitecta Jocelyn Danna | E107: VoBo: Arquitecto Fredy Enrique Lopez Ramirez
B110: ESCENARIO DEPORTIVO TIRO CON ARCO
B111: REFERENCIA | D111: JDN2023-TA-03-004
B112: Lleno compactado con afirmado incluye transporte | D112: VALOR | H112: Unidad
D113: =+ROUND(H134+H125+H118+H129,0) -> 75740 | H113: m3
B116: MATERIALES | D116: UNIDAD | E116: CANTIDAD | F116: DES | G116: VALOR UNITARIO | H116: VALOR TOTAL
B117: MAT,026 | C117: =VLOOKUP(B117,'LISTA DE PRECIOS'!A:B,2,FALSE) -> Afirmado para mantenimiento vial y elementos no estructurales | D117: =VLOOKUP(B117,'LISTA DE PRECIOS'!A:D,4,FALSE) -> M3 | E117: 1 | F117: 1.3 | G117: =VLOOKUP(B117,'LISTA DE PRECIOS'!A:E,5,FALSE) -> 36500 | H117: =+ROUND(E117*F117*G117,0) -> 47450
E118: SUBTOTAL MATERIALES | H118: =ROUND(SUM(H117:H117),0) -> 47450
B120: EQUIPOS Y HERRAMIENTAS | D120: UNIDAD | E120: RENDIMIENTO | F120: CANT | G120: VALOR UNITARIO | H120: VALOR TOTAL
B121: EQU002 | C121: =VLOOKUP(B121,'LISTA DE PRECIOS'!A:B,2,FALSE) -> Herramienta menor | D121: =VLOOKUP(B121,'LISTA DE PRECIOS'!A:D,4,FALSE) -> %MO | E121: 0.1 | G121: =+H134 -> 19710 | H121: =+ROUND(E121*G121,0) -> 1971
B122: EQU012 | C122: =VLOOKUP(B122,'LISTA DE PRECIOS'!A:B,2,FALSE) -> Vibrocompactador manual | D122: =VLOOKUP(B122,'LISTA DE PRECIOS'!A:D,4,FALSE) -> Día | E122: 0.05 | F122: 1 | G122: =VLOOKUP(B122,'LISTA DE PRECIOS'!A:E,5,FALSE) -> 59500 | H122: =+ROUND(E122*F122*G122,0) -> 2975
B123: ESY002 | C123: =VLOOKUP(B123,'LISTA DE PRECIOS'!A:B,2,FALSE) -> Toma de densidades | D123: =VLOOKUP(B123,'LISTA DE PRECIOS'!A:D,4,FALSE) -> Un | E123: 0.025 | F123: 1 | G123: =VLOOKUP(B123,'LISTA DE PRECIOS'!A:E,5,FALSE) -> 66521 | H123: =+ROUND(E123*F123*G123,0) -> 1663
B124: MOB011 | C124: =VLOOKUP(B124,'LISTA DE PRECIOS'!A:B,2,FALSE) -> Acarreo Horizontal | D124: =VLOOKUP(B124,'LISTA DE PRECIOS'!A:D,4,FALSE) -> % MO | E124: 0.1 | G124: =+H134 -> 19710 | H124: =+ROUND(E124*G124,0) -> 1971
E125: SUBTOTAL EQUIPOS | H125: =ROUND(SUM(H121:H124),0) -> 8580
B127: TRANSPORTE | D127: UNIDAD | E127: DISTANCIA (Km) | F127: CANT | G127: VALOR UNITARIO ($/ m³*km) | H127: VALOR TOTAL
B128: 3 | C128: No aplica | H128: =+ROUND(E128*G128,0) -> 0
E129: SUBTOTAL TRANSPORTE | H129: =ROUND(SUM(H128:H128),0) -> 0
B131: MANO DE OBRA | D131: UNIDAD | E131: RENDIMIENTO | F131: CANT | G131: VALOR /HORA | H131: VALOR TOTAL
B132: MO 001 | C132: =VLOOKUP(B132,'LISTA DE PRECIOS'!A:B,2,FALSE) -> Ayudante | D132: =VLOOKUP(B132,'LISTA DE PRECIOS'!A:D,4,FALSE) -> Día | E132: 0.05 | F132: 4 | G132: =VLOOKUP(B132,'LISTA DE PRECIOS'!A:E,5,FALSE) -> 67964 | H132: =+ROUND(E132*F132*G132,0) -> 13593
B133: MO 003 | C133: =VLOOKUP(B133,'LISTA DE PRECIOS'!A:B,2,FALSE) -> Oficial | D133: =VLOOKUP(B133,'LISTA DE PRECIOS'!A:D,4,FALSE) -> Día | E133: 0.05 | F133: 1 | G133: =VLOOKUP(B133,'LISTA DE PRECIOS'!A:E,5,FALSE) -> 122335 | H133: =+ROUND(E133*F133*G133,0) -> 6117
E134: SUBTOTAL MANO DE OBRA | H134: =ROUND(SUM(H132:H133),0) -> 19710
E136: COSTO DIRECTO | H136: =+ROUND(H134+H125+H118+H129,0) -> 75740
C142: Elaboro: Ingeniero Jhon Alvaro Pabon | E142: VoBo: Ingeniero Juan Pablo Guzman Martinez
C146: VoBo: Arquitecta Jocelyn Danna | E146: VoBo: Arquitecto Fredy Enrique Lopez Ramirez
B149: ESCENARIO DEPORTIVO TIRO CON ARCO
B150: REFERENCIA | D150: JDN2023-TA-03-005
B151: Lleno compactado con material del sitio manual | D151: VALOR | H151: Unidad
D152: =+ROUND(H172+H163+H157+H167,0) -> 27222 | H152: m3
B155: MATERIALES | D155: UNIDAD | E155: CANTIDAD | F155: DES | G155: VALOR UNITARIO | H155: VALOR TOTAL
E157: SUBTOTAL MATERIALES | H157: =ROUND(SUM(H156:H156),0) -> 0
B159: EQUIPOS Y HERRAMIENTAS | D159: UNIDAD | E159: RENDIMIENTO | F159: CANT | G159: VALOR UNITARIO | H159: VALOR TOTAL
B160: EQU002 | C160: =VLOOKUP(B160,'LISTA DE PRECIOS'!A:B,2,FALSE) -> Herramienta menor | D160: =VLOOKUP(B160,'LISTA DE PRECIOS'!A:D,4,FALSE) -> %MO | E160: 0.1 | F160: 1 | G160: =+H172 -> 19710 | H160: =+ROUND(E160*F160*G160,0) -> 1971
B161: MOB011 | C161: =VLOOKUP(B161,'LISTA DE PRECIOS'!A:B,2,FALSE) -> Acarreo Horizontal | D161: =VLOOKUP(B161,'LISTA DE PRECIOS'!A:D,4,FALSE) -> % MO | E161: 0.1 | F161: 1 | G161: =+H172 -> 19710 | H161: =+ROUND(E161*F161*G161,0) -> 1971
B162: EQU034 | C162: =VLOOKUP(B162,'LISTA DE PRECIOS'!A:B,2,FALSE) -> Compactador manual (canguro) | D162: =VLOOKUP(B162,'LISTA DE PRECIOS'!A:D,4,FALSE) -> Día | E162: 0.05 | F162: 1 | G162: =VLOOKUP(B162,'LISTA DE PRECIOS'!A:E,5,FALSE) -> 71400 | H162: =+ROUND(E162*F162*G162,0) -> 3570
E163: SUBTOTAL EQUIPOS | H163: =ROUND(SUM(H160:H162),0) -> 7512
B165: TRANSPORTE | D165: UNIDAD | E165: DISTANCIA (Km) | F165: CANT | G165: VALOR UNITARIO ($/ m³*km) | H165: VALOR TOTAL
E167: SUBTOTAL TRANSPORTE | H167: =ROUND(SUM(H166:H166),0) -> 0
B169: MANO DE OBRA | D169: UNIDAD | E169: RENDIMIENTO | F169: CANT | G169: VALOR /HORA | H169: VALOR TOTAL
B170: MO 001 | C170: =VLOOKUP(B170,'LISTA DE PRECIOS'!A:B,2,FALSE) -> Ayudante | D170: =VLOOKUP(B170,'LISTA DE PRECIOS'!A:D,4,FALSE) -> Día | E170: 0.05 | F170: 4 | G170: =VLOOKUP(B170,'LISTA DE PRECIOS'!A:E,5,FALSE) -> 67964 | H170: =+ROUND(E170*F170*G170,0) -> 13593
B171: MO 003 | C171: =VLOOKUP(B171,'LISTA DE PRECIOS'!A:B,2,FALSE) -> Oficial | D171: =VLOOKUP(B171,'LISTA DE PRECIOS'!A:D,4,FALSE) -> Día | E171: 0.05 | F171: 1 | G171: =VLOOKUP(B171,'LISTA DE PRECIOS'!A:E,5,FALSE) -> 122335 | H171: =+ROUND(E171*F171*G171,0) -> 6117
E172: SUBTOTAL MANO DE OBRA | H172: =ROUND(SUM(H170:H171),0) -> 19710
...

Sheet 4
B2: ESCENARIO DEPORTIVO TIRO CON ARCO
B3: REFERENCIA | D3: JDN2023-TA-04-001
B4: Solado en concreto de 10,3 Mpa | D4: VALOR | H4: Unidad
D5: =+ROUND(H24+H15+H10+H19,0) -> 352744 | H5: m3
B8: MATERIALES | D8: UNIDAD | E8: CANTIDAD | F8: DESP | G8: VALOR UNITARIO | H8: VALOR TOTAL
B9: G-01-01 | C9: =VLOOKUP(B9,'LISTA DE PRECIOS'!A:B,2,FALSE) -> Concreto de 10,3 Mpa (producción) | D9: =VLOOKUP(B9,'LISTA DE PRECIOS'!A:D,4,FALSE) -> M3 | E9: 1 | F9: 1.05 | G9: =VLOOKUP(B9,'LISTA DE PRECIOS'!A:E,5,FALSE) -> 264176 | H9: =+ROUND(E9*F9*G9,0) -> 277385
E10: SUBTOTAL MATERIALES | H10: =ROUND(SUM(H9:H9),0) -> 277385
B12: EQUIPOS Y HERRAMIENTAS | D12: UNIDAD | E12: RENDIMIENTO | F12: DESP | G12: VALOR UNITARIO | H12: VALOR TOTAL
B13: EQU002 | C13: =VLOOKUP(B13,'LISTA DE PRECIOS'!A:B,2,FALSE) -> Herramienta menor | D13: =VLOOKUP(B13,'LISTA DE PRECIOS'!A:D,4,FALSE) -> %MO | E13: 0.1 | G13: =+H24 -> 62799 | H13: =+ROUND(E13*G13,0) -> 6280
B14: MOB011 | C14: =VLOOKUP(B14,'LISTA DE PRECIOS'!A:B,2,FALSE) -> Acarreo Horizontal | D14: =VLOOKUP(B14,'LISTA DE PRECIOS'!A:D,4,FALSE) -> % MO | E14: 0.1 | G14: =+H24 -> 62799 | H14: =+ROUND(E14*G14,0) -> 6280
E15: SUBTOTAL EQUIPOS | H15: =ROUND(SUM(H13:H14),0) -> 12560
B17: TRANSPORTE | D17: UNIDAD | E17: DISTANCIA (Km) | F17: DESP | G17: VALOR UNITARIO ($/ m³*km) | H17: VALOR TOTAL
B18: 3 | C18: No aplica | H18: =+ROUND(E18*G18,0) -> 0
E19: SUBTOTAL TRANSPORTE | H19: =ROUND(SUM(H18:H18),0) -> 0
B21: MANO DE OBRA | D21: UNIDAD | E21: RENDIMIENTO | F21: CANT | G21: VALOR /HORA | H21: VALOR TOTAL
B22: MO 001 | C22: =VLOOKUP(B22,'LISTA DE PRECIOS'!A:B,2,FALSE) -> Ayudante | D22: =VLOOKUP(B22,'LISTA DE PRECIOS'!A:D,4,FALSE) -> Día | E22: 0.33 | F22: 1 | G22: =VLOOKUP(B22,'LISTA DE PRECIOS'!A:E,5,FALSE) -> 67964 | H22: =+ROUND(E22*F22*G22,0) -> 22428
B23: MO 003 | C23: =VLOOKUP(B23,'LISTA DE PRECIOS'!A:B,2,FALSE) -> Oficial | D23: =VLOOKUP(B23,'LISTA DE PRECIOS'!A:D,4,FALSE) -> Día | E23: 0.33 | F23: 1 | G23: =VLOOKUP(B23,'LISTA DE PRECIOS'!A:E,5,FALSE) -> 122335 | H23: =+ROUND(E23*F23*G23,0) -> 40371
E24: SUBTOTAL MANO DE OBRA | H24: =ROUND(SUM(H22:H23),0) -> 62799
E26: COSTO DIRECTO | H26: =+ROUND(H24+H15+H10+H19,0) -> 352744
C32: Elaboro: Ingeniero Jhon Alvaro Pabon | E32: VoBo: Ingeniero Juan Pablo Guzman Martinez
C36: VoBo: Arquitecta Jocelyn Danna | E36: VoBo: Arquitecto Fredy Enrique Lopez Ramirez
B39: ESCENARIO DEPORTIVO TIRO CON ARCO
B40: REFERENCIA | D40: JDN2023-TA-04-002
B41: Placa de contrapiso en concreto premezclado de 27,6 Mpa ( 4000 psi) e = 0,10 m, no incluye malla electrosoldada | D41: VALOR | H41: Unidad
D42: =+ROUND(H64+H55+H51+H59,0) -> 76612 | H42: m2
B45: MATERIALES | D45: UNIDAD | E45: CANTIDAD | F45: DESP | G45: VALOR UNITARIO | H45: VALOR TOTAL
B46: MAT,368 | C46: =VLOOKUP(B46,'LISTA DE PRECIOS'!A:B,2,FALSE) -> Tabla para formaleta de 1" x 10" x 2,9 m | D46: =VLOOKUP(B46,'LISTA DE PRECIOS'!A:D,4,FALSE) -> M | E46: 2 | F46: 0.33333333 | G46: =VLOOKUP(B46,'LISTA DE PRECIOS'!A:E,5,FALSE) -> 5377 | H46: =+ROUND(E46*F46*G46,0) -> 3585
B47: MAT,487 | C47: =VLOOKUP(B47,'LISTA DE PRECIOS'!A:B,2,FALSE) -> Varillón de sajo 3x3 | D47: =VLOOKUP(B47,'LISTA DE PRECIOS'!A:D,4,FALSE) -> M | E47: 2 | F47: 0.33333333 | G47: =VLOOKUP(B47,'LISTA DE PRECIOS'!A:E,5,FALSE) -> 2595 | H47: =+ROUND(E47*F47*G47,0) -> 1730
B48: MAT,333 | C48: =VLOOKUP(B48,'LISTA DE PRECIOS'!A:B,2,FALSE) -> Puntilla (promedio) | D48: =VLOOKUP(B48,'LISTA DE PRECIOS'!A:D,4,FALSE) -> Lb | E48: 0.07 | F48: 1 | G48: =VLOOKUP(B48,'LISTA DE PRECIOS'!A:E,5,FALSE) -> 3500 | H48: =+ROUND(E48*F48*G48,0) -> 245
B49: MAT,039 | C49: =VLOOKUP(B49,'LISTA DE PRECIOS'!A:B,2,FALSE) -> Antisol blanco | D49: =VLOOKUP(B49,'LISTA DE PRECIOS'!A:D,4,FALSE) -> Kg | E49: 0.2 | F49: 1.03 | G49: =VLOOKUP(B49,'LISTA DE PRECIOS'!A:E,5,FALSE) -> 17224 | H49: =+ROUND(E49*F49*G49,0) -> 3548
B50: G-01-19 | C50: =VLOOKUP(B50,'LISTA DE PRECIOS'!A:B,2,FALSE) -> Concreto premezclado de 27,6 Mpa (4.000 PSI) | D50: =VLOOKUP(B50,'LISTA DE PRECIOS'!A:D,4,FALSE) -> M3 | E50: 0.1 | F50: 1.05 | G50: =VLOOKUP(B50,'LISTA DE PRECIOS'!A:E,5,FALSE) -> 395127 | H50: =+ROUND(E50*F50*G50,0) -> 41488
E51: SUBTOTAL MATERIALES | H51: =ROUND(SUM(H46:H50),0) -> 50596
B53: EQUIPOS Y HERRAMIENTAS | D53: UNIDAD | E53: RENDIMIENTO | F53: CANT | G53: VALOR UNITARIO | H53: VALOR TOTAL
B54: EQU002 | C54: =VLOOKUP(B54,'LISTA DE PRECIOS'!A:B,2,FALSE) -> Herramienta menor | D54: =VLOOKUP(B54,'LISTA DE PRECIOS'!A:D,4,FALSE) -> %MO | E54: 0.1 | F54: 1 | G54: =+H64 -> 23651 | H54: =+ROUND(E54*G54,0) -> 2365
E55: SUBTOTAL EQUIPOS | H55: =ROUND(SUM(H54:H54),0) -> 2365
B57: TRANSPORTE | D57: UNIDAD | E57: DISTANCIA (Km) | F57: CANT | G57: VALOR UNITARIO ($/ m³*km) | H57: VALOR TOTAL
B58: 3 | C58: No aplica | H58: =+ROUND(E58*G58,0) -> 0
E59: SUBTOTAL TRANSPORTE | H59: =ROUND(SUM(H58:H58),0) -> 0
B61: MANO DE OBRA | D61: UNIDAD | E61: RENDIMIENTO | F61: CANT | G61: VALOR /HORA | H61: VALOR TOTAL
B62: MO 001 | C62: =VLOOKUP(B62,'LISTA DE PRECIOS'!A:B,2,FALSE) -> Ayudante | D62: =VLOOKUP(B62,'LISTA DE PRECIOS'!A:D,4,FALSE) -> Día | E62: 0.06 | F62: 4 | G62: =VLOOKUP(B62,'LISTA DE PRECIOS'!A:E,5,FALSE) -> 67964 | H62: =+ROUND(E62*F62*G62,0) -> 16311
B63: MO 003 | C63: =VLOOKUP(B63,'LISTA DE PRECIOS'!A:B,2,FALSE) -> Oficial | D63: =VLOOKUP(B63,'LISTA DE PRECIOS'!A:D,4,FALSE) -> Día | E63: 0.06 | F63: 1 | G63: =VLOOKUP(B63,'LISTA DE PRECIOS'!A:E,5,FALSE) -> 122335 | H63: =+ROUND(E63*F63*G63,0) -> 7340
E64: SUBTOTAL MANO DE OBRA | H64: =ROUND(SUM(H62:H63),0) -> 23651
E66: COSTO DIRECTO | H66: =+ROUND(H64+H55+H51+H59,0) -> 76612
C72: Elaboro: Ingeniero Jhon Alvaro Pabon | E72: VoBo: Ingeniero Juan Pablo Guzman Martinez
C76: VoBo: Arquitecta Jocelyn Danna | E76: VoBo: Arquitecto Fredy Enrique Lopez Ramirez
B79: ESCENARIO DEPORTIVO TIRO CON ARCO
B80: REFERENCIA | D80: JDN2023-TA-04-003
B81: Zapatas en concreto premezclado de 27,6 Mpa (4000 PSI), no incluye refuerzo | D81: VALOR | H81: Unidad
D82: =+ROUND(H107+H98+H92+H102,0) -> 777724 | H82: m3
B85: MATERIALES | D85: UNIDAD | E85: CANTIDAD | F85: DESP | G85: VALOR UNITARIO | H85: VALOR TOTAL
B86: MAT,012 | C86: =VLOOKUP(B86,'LISTA DE PRECIOS'!A:B,2,FALSE) -> ACPM | D86: =VLOOKUP(B86,'LISTA DE PRECIOS'!A:D,4,FALSE) -> Gl | E86: 0.6 | F86: 1.05 | G86: =VLOOKUP(B86,'LISTA DE PRECIOS'!A:E,5,FALSE) -> 8725 | H86: =+ROUND(E86*F86*G86,0) -> 5497
B87: MAT,039 | C87: =VLOOKUP(B87,'LISTA DE PRECIOS'!A:B,2,FALSE) -> Antisol blanco | D87: =VLOOKUP(B87,'LISTA DE PRECIOS'!A:D,4,FALSE) -> Kg | E87: 2.5 | F87: 1.05 | G87: =VLOOKUP(B87,'LISTA DE PRECIOS'!A:E,5,FALSE) -> 17224 | H87: =+ROUND(E87*F87*G87,0) -> 45213
B88: G-01-19 | C88: =VLOOKUP(B88,'LISTA DE PRECIOS'!A:B,2,FALSE) -> Concreto premezclado de 27,6 Mpa (4.000 PSI) | D88: =VLOOKUP(B88,'LISTA DE PRECIOS'!A:D,4,FALSE) -> M3 | E88: 1 | F88: 1.05 | G88: =VLOOKUP(B88,'LISTA DE PRECIOS'!A:E,5,FALSE) -> 395127 | H88: =+ROUND(E88*F88*G88,0) -> 414883
B89: MAT,368 | C89: =VLOOKUP(B89,'LISTA DE PRECIOS'!A:B,2,FALSE) -> Tabla para formaleta de 1" x 10" x 2,9 m | D89: =VLOOKUP(B89,'LISTA DE PRECIOS'!A:D,4,FALSE) -> M | E89: 1.5 | F89: 0.33 | G89: =VLOOKUP(B89,'LISTA DE PRECIOS'!A:E,5,FALSE) -> 5377 | H89: =+ROUND(E89*F89*G89,0) -> 2662
B90: MAT,487 | C90: =VLOOKUP(B90,'LISTA DE PRECIOS'!A:B,2,FALSE) -> Varillón de sajo 3x3 | D90: =VLOOKUP(B90,'LISTA DE PRECIOS'!A:D,4,FALSE) -> M | E90: 1.5 | F90: 0.33 | G90: =VLOOKUP(B90,'LISTA DE PRECIOS'!A:E,5,FALSE) -> 2595 | H90: =+ROUND(E90*F90*G90,0) -> 1285
B91: MAT,333 | C91: =VLOOKUP(B91,'LISTA DE PRECIOS'!A:B,2,FALSE) -> Puntilla (promedio) | D91: =VLOOKUP(B91,'LISTA DE PRECIOS'!A:D,4,FALSE) -> Lb | E91: 0.5 | F91: 1.05 | G91: =VLOOKUP(B91,'LISTA DE PRECIOS'!A:E,5,FALSE) -> 3500 | H91: =+ROUND(E91*F91*G91,0) -> 1838
E92: SUBTOTAL MATERIALES | H92: =ROUND(SUM(H86:H91),0) -> 471378
B94: EQUIPOS Y HERRAMIENTAS | D94: UNIDAD | E94: RENDIMIENTO | F94: CANT | G94: VALOR UNITARIO | H94: VALOR TOTAL
B95: EQU002 | C95: =VLOOKUP(B95,'LISTA DE PRECIOS'!A:B,2,FALSE) -> Herramienta menor | D95: =VLOOKUP(B95,'LISTA DE PRECIOS'!A:D,4,FALSE) -> %MO | E95: 0.1 | F95: 1 | G95: =+H107 -> 264108 | H95: =+ROUND(E95*G95,0) -> 26411
B96: EQU018 | C96: =VLOOKUP(B96,'LISTA DE PRECIOS'!A:B,2,FALSE) -> Vibrador eléctrico o a gasolina | D96: =VLOOKUP(B96,'LISTA DE PRECIOS'!A:D,4,FALSE) -> Día | E96: 0.2 | F96: 1 | G96: =VLOOKUP(B96,'LISTA DE PRECIOS'!A:E,5,FALSE) -> 53550 | H96: =+ROUND(E96*G96,0) -> 10710
B97: ESY001 | C97: =VLOOKUP(B97,'LISTA DE PRECIOS'!A:B,2,FALSE) -> Ensayo resistencia concretos | D97: =VLOOKUP(B97,'LISTA DE PRECIOS'!A:D,4,FALSE) -> Un | E97: 0.5 | F97: 1 | G97: =VLOOKUP(B97,'LISTA DE PRECIOS'!A:E,5,FALSE) -> 10234 | H97: =+ROUND(E97*G97,0) -> 5117
E98: SUBTOTAL EQUIPOS | H98: =ROUND(SUM(H95:H97),0) -> 42238
B100: TRANSPORTE | D100: UNIDAD | E100: DISTANCIA (Km) | F100: CANT | G100: VALOR UNITARIO ($/ m³*km) | H100: VALOR TOTAL
B101: 3 | C101: No aplica | H101: =+ROUND(E101*G101,0) -> 0
E102: SUBTOTAL TRANSPORTE | H102: =ROUND(SUM(H101:H101),0) -> 0
B104: MANO DE OBRA | D104: UNIDAD | E104: RENDIMIENTO | F104: CANT | G104: VALOR /HORA | H104: VALOR TOTAL
B105: MO 001 | C105: =VLOOKUP(B105,'LISTA DE PRECIOS'!A:B,2,FALSE) -> Ayudante | D105: =VLOOKUP(B105,'LISTA DE PRECIOS'!A:D,4,FALSE) -> Día | E105: 0.67 | F105: 4 | G105: =VLOOKUP(B105,'LISTA DE PRECIOS'!A:E,5,FALSE) -> 67964 | H105: =+ROUND(E105*F105*G105,0) -> 182144
B106: MO 003 | C106: =VLOOKUP(B106,'LISTA DE PRECIOS'!A:B,2,FALSE) -> Oficial | D106: =VLOOKUP(B106,'LISTA DE PRECIOS'!A:D,4,FALSE) -> Día | E106: 0.67 | F106: 1 | G106: =VLOOKUP(B106,'LISTA DE PRECIOS'!A:E,5,FALSE) -> 122335 | H106: =+ROUND(E106*F106*G106,0) -> 81964
E107: SUBTOTAL MANO DE OBRA | H107: =ROUND(SUM(H105:H106),0) -> 264108
E109: COSTO DIRECTO | H109: =+ROUND(H107+H98+H92+H102,0) -> 777724
C115: Elaboro: Ingeniero Jhon Alvaro Pabon | E115: VoBo: Ingeniero Juan Pablo Guzman Martinez
C119: VoBo: Arquitecta Jocelyn Danna | E119: VoBo: Arquitecto Fredy Enrique Lopez Ramirez
B122: ESCENARIO DEPORTIVO TIRO CON ARCO
B123: REFERENCIA | D123: JDN2023-TA-04-004
B124: Viga de enlace de zapatas en concreto premezclado de 27,6 Mpa (4000 PSI), no incluye refuerzo | D124: VALOR | H124: Unidad
D125: =+ROUND(H150+H141+H135+H145,0) -> 793957 | H125: m3
B128: MATERIALES | D128: UNIDAD | E128: CANTIDAD | F128: DESP | G128: VALOR UNITARIO | H128: VALOR TOTAL
B129: MAT,012 | C129: =VLOOKUP(B129,'LISTA DE PRECIOS'!A:B,2,FALSE) -> ACPM | D129: =VLOOKUP(B129,'LISTA DE PRECIOS'!A:D,4,FALSE) -> Gl | E129: 0.6 | F129: 1.05 | G129: =VLOOKUP(B129,'LISTA DE PRECIOS'!A:E,5,FALSE) -> 8725 | H129: =+ROUND(E129*F129*G129,0) -> 5497
B130: MAT,039 | C130: =VLOOKUP(B130,'LISTA DE PRECIOS'!A:B,2,FALSE) -> Antisol blanco | D130: =VLOOKUP(B130,'LISTA DE PRECIOS'!A:D,4,FALSE) -> Kg | E130: 1 | F130: 1.05 | G130: =VLOOKUP(B130,'LISTA DE PRECIOS'!A:E,5,FALSE) -> 17224 | H130: =+ROUND(E130*F130*G130,0) -> 18085
B131: G-01-19 | C131: =VLOOKUP(B131,'LISTA DE PRECIOS'!A:B,2,FALSE) -> Concreto premezclado de 27,6 Mpa (4.000 PSI) | D131: =VLOOKUP(B131,'LISTA DE PRECIOS'!A:D,4,FALSE) -> M3 | E131: 1 | F131: 1.05 | G131: =VLOOKUP(B131,'LISTA DE PRECIOS'!A:E,5,FALSE) -> 395127 | H131: =+ROUND(E131*F131*G131,0) -> 414883
B132: MAT,368 | C132: =VLOOKUP(B132,'LISTA DE PRECIOS'!A:B,2,FALSE) -> Tabla para formaleta de 1" x 10" x 2,9 m | D132: =VLOOKUP(B132,'LISTA DE PRECIOS'!A:D,4,FALSE) -> M | E132: 1.5 | F132: 0.33 | G132: =VLOOKUP(B132,'LISTA DE PRECIOS'!A:E,5,FALSE) -> 5377 | H132: =+ROUND(E132*F132*G132,0) -> 2662
B133: MAT,487 | C133: =VLOOKUP(B133,'LISTA DE PRECIOS'!A:B,2,FALSE) -> Varillón de sajo 3x3 | D133: =VLOOKUP(B133,'LISTA DE PRECIOS'!A:D,4,FALSE) -> M | E133: 1.5 | F133: 0.33 | G133: =VLOOKUP(B133,'LISTA DE PRECIOS'!A:E,5,FALSE) -> 2595 | H133: =+ROUND(E133*F133*G133,0) -> 1285
B134: MAT,333 | C134: =VLOOKUP(B134,'LISTA DE PRECIOS'!A:B,2,FALSE) -> Puntilla (promedio) | D134: =VLOOKUP(B134,'LISTA DE PRECIOS'!A:D,4,FALSE) -> Lb | E134: 0.5 | F134: 1.05 | G134: =VLOOKUP(B134,'LISTA DE PRECIOS'!A:E,5,FALSE) -> 3500 | H134: =+ROUND(E134*F134*G134,0) -> 1838
E135: SUBTOTAL MATERIALES | H135: =ROUND(SUM(H129:H134),0) -> 444250
B137: EQUIPOS Y HERRAMIENTAS | D137: UNIDAD | E137: RENDIMIENTO | F137: CANT | G137: VALOR UNITARIO | H137: VALOR TOTAL
B138: EQU002 | C138: =VLOOKUP(B138,'LISTA DE PRECIOS'!A:B,2,FALSE) -> Herramienta menor | D138: =VLOOKUP(B138,'LISTA DE PRECIOS'!A:D,4,FALSE) -> %MO | E138: 0.1 | F138: 1 | G138: =+H150 -> 303527 | H138: =+ROUND(E138*G138,0) -> 30353
B139: EQU018 | C139: =VLOOKUP(B139,'LISTA DE PRECIOS'!A:B,2,FALSE) -> Vibrador eléctrico o a gasolina | D139: =VLOOKUP(B139,'LISTA DE PRECIOS'!A:D,4,FALSE) -> Día | E139: 0.2 | F139: 1 | G139: =VLOOKUP(B139,'LISTA DE PRECIOS'!A:E,5,FALSE) -> 53550 | H139: =+ROUND(E139*G139,0) -> 10710
B140: ESY001 | C140: =VLOOKUP(B140,'LISTA DE PRECIOS'!A:B,2,FALSE) -> Ensayo resistencia concretos | D140: =VLOOKUP(B140,'LISTA DE PRECIOS'!A:D,4,FALSE) -> Un | E140: 0.5 | F140: 1 | G140: =VLOOKUP(B140,'LISTA DE PRECIOS'!A:E,5,FALSE) -> 10234 | H140: =+ROUND(E140*G140,0) -> 5117
E141: SUBTOTAL EQUIPOS | H141: =ROUND(SUM(H138:H140),0) -> 46180
B143: TRANSPORTE | D143: UNIDAD | E143: DISTANCIA (Km) | F143: CANT | G143: VALOR UNITARIO ($/ m³*km) | H143: VALOR TOTAL
B144: 3 | C144: No aplica | H144: =+ROUND(E144*G144,0) -> 0
E145: SUBTOTAL TRANSPORTE | H145: =ROUND(SUM(H144:H144),0) -> 0
B147: MANO DE OBRA | D147: UNIDAD | E147: RENDIMIENTO | F147: CANT | G147: VALOR /HORA | H147: VALOR TOTAL
B148: MO 001 | C148: =VLOOKUP(B148,'LISTA DE PRECIOS'!A:B,2,FALSE) -> Ayudante | D148: =VLOOKUP(B148,'LISTA DE PRECIOS'!A:D,4,FALSE) -> Día | E148: 0.77 | F148: 4 | G148: =VLOOKUP(B148,'LISTA DE PRECIOS'!A:E,5,FALSE) -> 67964 | H148: =+ROUND(E148*F148*G148,0) -> 209329
B149: MO 003 | C149: =VLOOKUP(B149,'LISTA DE PRECIOS'!A:B,2,FALSE) -> Oficial | D149: =VLOOKUP(B149,'LISTA DE PRECIOS'!A:D,4,FALSE) -> Día | E149: 0.77 | F149: 1 | G149: =VLOOKUP(B149,'LISTA DE PRECIOS'!A:E,5,FALSE) -> 122335 | H149: =+ROUND(E149*F149*G149,0) -> 94198
E150: SUBTOTAL MANO DE OBRA | H150: =ROUND(SUM(H148:H149),0) -> 303527
E152: COSTO DIRECTO | H152: =+ROUND(H150+H141+H135+H145,0) -> 793957
C158: Elaboro: Ingeniero Jhon Alvaro Pabon | E158: VoBo: Ingeniero Juan Pablo Guzman Martinez
C162: VoBo: Arquitecta Jocelyn Danna | E162: VoBo: Arquitecto Fredy Enrique Lopez Ramirez
B165: ESCENARIO DEPORTIVO TIRO CON ARCO
...

Sheet 5
B2: ESCENARIO DEPORTIVO TIRO CON ARCO
B3: REFERENCIA | D3: JDN2023-TA-05-001
B4: Muro en ladrillo farol pandereta e = 0,12 m | D4: VALOR | H4: Unidad
D5: =+ROUND(H26+H17+H12+H21,0) -> 45897 | H5: m2
B8: MATERIALES | D8: UNIDAD | E8: CANTIDAD | F8: DESP | G8: VALOR UNITARIO | H8: VALOR TOTAL
B9: MAT,201 | C9: =VLOOKUP(B9,'LISTA DE PRECIOS'!A:B,2,FALSE) -> Ladrillo farol rayado de 0,12 x 0,20 x 0,30 m | D9: =VLOOKUP(B9,'LISTA DE PRECIOS'!A:D,4,FALSE) -> Un | E9: 17 | F9: 1.05 | G9: =VLOOKUP(B9,'LISTA DE PRECIOS'!A:E,5,FALSE) -> 924 | H9: =+ROUND(E9*F9*G9,0) -> 16493
B10: MAT,027 | C10: =VLOOKUP(B10,'LISTA DE PRECIOS'!A:B,2,FALSE) -> Agua | D10: =VLOOKUP(B10,'LISTA DE PRECIOS'!A:D,4,FALSE) -> Lt | E10: 50 | F10: 1 | G10: =VLOOKUP(B10,'LISTA DE PRECIOS'!A:E,5,FALSE) -> 7 | H10: =+ROUND(E10*F10*G10,0) -> 350
B11: G-01-15 | C11: =VLOOKUP(B11,'LISTA DE PRECIOS'!A:B,2,FALSE) -> Mortero 1:3 (producción) | D11: =VLOOKUP(B11,'LISTA DE PRECIOS'!A:D,4,FALSE) -> M3 | E11: 0.018 | F11: 1.05 | G11: =VLOOKUP(B11,'LISTA DE PRECIOS'!A:E,5,FALSE) -> 335812 | H11: =+ROUND(E11*F11*G11,0) -> 6347
E12: SUBTOTAL MATERIALES | H12: =ROUND(SUM(H9:H11),0) -> 23190
B14: EQUIPOS Y HERRAMIENTAS | D14: UNIDAD | E14: RENDIMIENTO | F14: DESP | G14: VALOR UNITARIO | H14: VALOR TOTAL
B15: EQU002 | C15: =VLOOKUP(B15,'LISTA DE PRECIOS'!A:B,2,FALSE) -> Herramienta menor | D15: =VLOOKUP(B15,'LISTA DE PRECIOS'!A:D,4,FALSE) -> %MO | E15: 0.05 | G15: =+H26 -> 20933 | H15: =+ROUND(E15*G15,0) -> 1047
B16: EQU048 | C16: =VLOOKUP(B16,'LISTA DE PRECIOS'!A:B,2,FALSE) -> Andamio tubular | D16: =VLOOKUP(B16,'LISTA DE PRECIOS'!A:D,4,FALSE) -> Día | E16: 0.1 | G16: =VLOOKUP(B16,'LISTA DE PRECIOS'!A:E,5,FALSE) -> 7266 | H16: =+ROUND(E16*G16,0) -> 727
E17: SUBTOTAL EQUIPOS | H17: =ROUND(SUM(H15:H16),0) -> 1774
B19: TRANSPORTE | D19: UNIDAD | E19: DISTANCIA (Km) | F19: DESP | G19: VALOR UNITARIO ($/ m³*km) | H19: VALOR TOTAL
B20: 3 | C20: No aplica | H20: =+ROUND(E20*G20,0) -> 0
E21: SUBTOTAL TRANSPORTE | H21: =ROUND(SUM(H20:H20),0) -> 0
B23: MANO DE OBRA | D23: UNIDAD | E23: RENDIMIENTO | F23: CANT | G23: VALOR /HORA | H23: VALOR TOTAL
B24: MO 001 | C24: =VLOOKUP(B24,'LISTA DE PRECIOS'!A:B,2,FALSE) -> Ayudante | D24: =VLOOKUP(B24,'LISTA DE PRECIOS'!A:D,4,FALSE) -> Día | E24: 0.11 | F24: 1 | G24: =VLOOKUP(B24,'LISTA DE PRECIOS'!A:E,5,FALSE) -> 67964 | H24: =+ROUND(E24*F24*G24,0) -> 7476
B25: MO 003 | C25: =VLOOKUP(B25,'LISTA DE PRECIOS'!A:B,2,FALSE) -> Oficial | D25: =VLOOKUP(B25,'LISTA DE PRECIOS'!A:D,4,FALSE) -> Día | E25: 0.11 | F25: 1 | G25: =VLOOKUP(B25,'LISTA DE PRECIOS'!A:E,5,FALSE) -> 122335 | H25: =+ROUND(E25*F25*G25,0) -> 13457
E26: SUBTOTAL MANO DE OBRA | H26: =ROUND(SUM(H24:H25),0) -> 20933
E28: COSTO DIRECTO | H28: =+ROUND(H26+H17+H12+H21,0) -> 45897
C34: Elaboro: Ingeniero Jhon Alvaro Pabon | E34: VoBo: Ingeniero Juan Pablo Guzman Martinez
C38: VoBo: Arquitecta Jocelyn Danna | E38: VoBo: Arquitecto Fredy Enrique Lopez Ramirez
B41: ESCENARIO DEPORTIVO TIRO CON ARCO
B42: REFERENCIA | D42: JDN2023-TA-05-002
B43: Revoque muro incluye dilataciones y filos, en mortero 1:3 | D43: VALOR | H43: Unidad
D44: =+ROUND(H63+H54+H49+H58,0) -> 25957 | H44: m2
B47: MATERIALES | D47: UNIDAD | E47: CANTIDAD | F47: DESP | G47: VALOR UNITARIO | H47: VALOR TOTAL
B48: G-01-15 | C48: =VLOOKUP(B48,'LISTA DE PRECIOS'!A:B,2,FALSE) -> Mortero 1:3 (producción) | D48: =VLOOKUP(B48,'LISTA DE PRECIOS'!A:D,4,FALSE) -> M3 | E48: 0.03 | F48: 1.05 | G48: =VLOOKUP(B48,'LISTA DE PRECIOS'!A:E,5,FALSE) -> 335812 | H48: =+ROUND(E48*F48*G48,0) -> 10578
E49: SUBTOTAL MATERIALES | H49: =ROUND(SUM(H48:H48),0) -> 10578
B51: EQUIPOS Y HERRAMIENTAS | D51: UNIDAD | E51: RENDIMIENTO | F51: DESP | G51: VALOR UNITARIO | H51: VALOR TOTAL
B52: EQU002 | C52: =VLOOKUP(B52,'LISTA DE PRECIOS'!A:B,2,FALSE) -> Herramienta menor | D52: =VLOOKUP(B52,'LISTA DE PRECIOS'!A:D,4,FALSE) -> %MO | E52: 0.1 | G52: =+H63 -> 13320 | H52: =+ROUND(E52*G52,0) -> 1332
B53: EQU048 | C53: =VLOOKUP(B53,'LISTA DE PRECIOS'!A:B,2,FALSE) -> Andamio tubular | D53: =VLOOKUP(B53,'LISTA DE PRECIOS'!A:D,4,FALSE) -> Día | E53: 0.1 | G53: =VLOOKUP(B53,'LISTA DE PRECIOS'!A:E,5,FALSE) -> 7266 | H53: =+ROUND(E53*G53,0) -> 727
E54: SUBTOTAL EQUIPOS | H54: =ROUND(SUM(H52:H53),0) -> 2059
B56: TRANSPORTE | D56: UNIDAD | E56: DISTANCIA (Km) | F56: DESP | G56: VALOR UNITARIO ($/ m³*km) | H56: VALOR TOTAL
B57: 3 | C57: No aplica | H57: =+ROUND(E57*G57,0) -> 0
E58: SUBTOTAL TRANSPORTE | H58: =ROUND(SUM(H57:H57),0) -> 0
B60: MANO DE OBRA | D60: UNIDAD | E60: RENDIMIENTO | F60: CANT | G60: VALOR /HORA | H60: VALOR TOTAL
B61: MO 001 | C61: =VLOOKUP(B61,'LISTA DE PRECIOS'!A:B,2,FALSE) -> Ayudante | D61: =VLOOKUP(B61,'LISTA DE PRECIOS'!A:D,4,FALSE) -> Día | E61: 0.07 | F61: 1 | G61: =VLOOKUP(B61,'LISTA DE PRECIOS'!A:E,5,FALSE) -> 67964 | H61: =+ROUND(E61*F61*G61,0) -> 4757
B62: MO 003 | C62: =VLOOKUP(B62,'LISTA DE PRECIOS'!A:B,2,FALSE) -> Oficial | D62: =VLOOKUP(B62,'LISTA DE PRECIOS'!A:D,4,FALSE) -> Día | E62: 0.07 | F62: 1 | G62: =VLOOKUP(B62,'LISTA DE PRECIOS'!A:E,5,FALSE) -> 122335 | H62: =+ROUND(E62*F62*G62,0) -> 8563
E63: SUBTOTAL MANO DE OBRA | H63: =ROUND(SUM(H61:H62),0) -> 13320
E65: COSTO DIRECTO | H65: =+ROUND(H63+H54+H49+H58,0) -> 25957
C71: Elaboro: Ingeniero Jhon Alvaro Pabon | E71: VoBo: Ingeniero Juan Pablo Guzman Martinez
C75: VoBo: Arquitecta Jocelyn Danna | E75: VoBo: Arquitecto Fredy Enrique Lopez Ramirez
B78: ESCENARIO DEPORTIVO TIRO CON ARCO
B79: REFERENCIA | D79: JDN2023-TA-05-003
B80: Revoque muro impermeabilizado, incluye dilataciones y filos, em mortero 1:3 | D80: VALOR | H80: Unidad
D81: =+ROUND(H101+H92+H87+H96,0) -> 29198 | H81: m2
B84: MATERIALES | D84: UNIDAD | E84: CANTIDAD | F84: DESP | G84: VALOR UNITARIO | H84: VALOR TOTAL
B85: G-01-18 | C85: =VLOOKUP(B85,'LISTA DE PRECIOS'!A:B,2,FALSE) -> Mortero 1:3 impermeabilizado (producción) | D85: =VLOOKUP(B85,'LISTA DE PRECIOS'!A:D,4,FALSE) -> M3 | E85: 0.025 | F85: 1.05 | G85: =VLOOKUP(B85,'LISTA DE PRECIOS'!A:E,5,FALSE) -> 526422 | H85: =+ROUND(E85*F85*G85,0) -> 13819
E87: SUBTOTAL MATERIALES | H87: =ROUND(SUM(H85:H86),0) -> 13819
B89: EQUIPOS Y HERRAMIENTAS | D89: UNIDAD | E89: RENDIMIENTO | F89: DESP | G89: VALOR UNITARIO | H89: VALOR TOTAL
B90: EQU002 | C90: =VLOOKUP(B90,'LISTA DE PRECIOS'!A:B,2,FALSE) -> Herramienta menor | D90: =VLOOKUP(B90,'LISTA DE PRECIOS'!A:D,4,FALSE) -> %MO | E90: 0.1 | G90: =+H101 -> 13320 | H90: =+ROUND(E90*G90,0) -> 1332
B91: EQU048 | C91: =VLOOKUP(B91,'LISTA DE PRECIOS'!A:B,2,FALSE) -> Andamio tubular | D91: =VLOOKUP(B91,'LISTA DE PRECIOS'!A:D,4,FALSE) -> Día | E91: 0.1 | G91: =VLOOKUP(B91,'LISTA DE PRECIOS'!A:E,5,FALSE) -> 7266 | H91: =+ROUND(E91*G91,0) -> 727
E92: SUBTOTAL EQUIPOS | H92: =ROUND(SUM(H90:H91),0) -> 2059
B94: TRANSPORTE | D94: UNIDAD | E94: DISTANCIA (Km) | F94: DESP | G94: VALOR UNITARIO ($/ m³*km) | H94: VALOR TOTAL
B95: 3 | C95: No aplica | H95: =+ROUND(E95*G95,0) -> 0
E96: SUBTOTAL TRANSPORTE | H96: =ROUND(SUM(H95:H95),0) -> 0
B98: MANO DE OBRA | D98: UNIDAD | E98: RENDIMIENTO | F98: CANT | G98: VALOR /HORA | H98: VALOR TOTAL
B99: MO 001 | C99: =VLOOKUP(B99,'LISTA DE PRECIOS'!A:B,2,FALSE) -> Ayudante | D99: =VLOOKUP(B99,'LISTA DE PRECIOS'!A:D,4,FALSE) -> Día | E99: 0.07 | F99: 1 | G99: =VLOOKUP(B99,'LISTA DE PRECIOS'!A:E,5,FALSE) -> 67964 | H99: =+ROUND(E99*F99*G99,0) -> 4757
B100: MO 003 | C100: =VLOOKUP(B100,'LISTA DE PRECIOS'!A:B,2,FALSE) -> Oficial | D100: =VLOOKUP(B100,'LISTA DE PRECIOS'!A:D,4,FALSE) -> Día | E100: 0.07 | F100: 1 | G100: =VLOOKUP(B100,'LISTA DE PRECIOS'!A:E,5,FALSE) -> 122335 | H100: =+ROUND(E100*F100*G100,0) -> 8563
E101: SUBTOTAL MANO DE OBRA | H101: =ROUND(SUM(H99:H100),0) -> 13320
E103: COSTO DIRECTO | H103: =+ROUND(H101+H92+H87+H96,0) -> 29198
C109: Elaboro: Ingeniero Jhon Alvaro Pabon | E109: VoBo: Ingeniero Juan Pablo Guzman Martinez
C113: VoBo: Arquitecta Jocelyn Danna | E113: VoBo: Arquitecto Fredy Enrique Lopez Ramirez

Sheet 6
B2: ESCENARIO DEPORTIVO TIRO CON ARCO
B3: REFERENCIA | D3: JDN2023-TA-06-001
B4: Mortero de nivelación e = 0,05 m para pisos | D4: VALOR | H4: Unidad
D5: =+ROUND(H23+H14+H10+H18,0) -> 31611 | H5: m2
B8: MATERIALES | D8: UNIDAD | E8: CANTIDAD | F8: DESP | G8: VALOR UNITARIO | H8: VALOR TOTAL
B9: G-01-15 | C9: =VLOOKUP(B9,'LISTA DE PRECIOS'!A:B,2,FALSE) -> Mortero 1:3 (producción) | D9: =VLOOKUP(B9,'LISTA DE PRECIOS'!A:D,4,FALSE) -> M3 | E9: 0.05 | F9: 1.01 | G9: =VLOOKUP(B9,'LISTA DE PRECIOS'!A:E,5,FALSE) -> 335812 | H9: =+ROUND(E9*F9*G9,0) -> 16959
E10: SUBTOTAL MATERIALES | H10: =ROUND(SUM(H9:H9),0) -> 16959
B12: EQUIPOS Y HERRAMIENTAS | D12: UNIDAD | E12: RENDIMIENTO | F12: CANT | G12: VALOR UNITARIO | H12: VALOR TOTAL
B13: EQU002 | C13: =VLOOKUP(B13,'LISTA DE PRECIOS'!A:B,2,FALSE) -> Herramienta menor | D13: =VLOOKUP(B13,'LISTA DE PRECIOS'!A:D,4,FALSE) -> %MO | E13: 0.1 | G13: =+H23 -> 13320 | H13: =+ROUND(E13*G13,0) -> 1332
E14: SUBTOTAL EQUIPOS | H14: =ROUND(SUM(H13:H13),0) -> 1332
B16: TRANSPORTE | D16: UNIDAD | E16: DISTANCIA (Km) | F16: CANT | G16: VALOR UNITARIO ($/ m³*km) | H16: VALOR TOTAL
B17: 3 | C17: No aplica | H17: =+ROUND(E17*G17,0) -> 0
E18: SUBTOTAL TRANSPORTE | H18: =ROUND(SUM(H17:H17),0) -> 0
B20: MANO DE OBRA | D20: UNIDAD | E20: RENDIMIENTO | F20: CANT | G20: VALOR /HORA | H20: VALOR TOTAL
B21: MO 001 | C21: =VLOOKUP(B21,'LISTA DE PRECIOS'!A:B,2,FALSE) -> Ayudante | D21: =VLOOKUP(B21,'LISTA DE PRECIOS'!A:D,4,FALSE) -> Día | E21: 0.07 | F21: 1 | G21: =VLOOKUP(B21,'LISTA DE PRECIOS'!A:E,5,FALSE) -> 67964 | H21: =+ROUND(E21*F21*G21,0) -> 4757
B22: MO 003 | C22: =VLOOKUP(B22,'LISTA DE PRECIOS'!A:B,2,FALSE) -> Oficial | D22: =VLOOKUP(B22,'LISTA DE PRECIOS'!A:D,4,FALSE) -> Día | E22: 0.07 | F22: 1 | G22: =VLOOKUP(B22,'LISTA DE PRECIOS'!A:E,5,FALSE) -> 122335 | H22: =+ROUND(E22*F22*G22,0) -> 8563
E23: SUBTOTAL MANO DE OBRA | H23: =ROUND(SUM(H21:H22),0) -> 13320
E25: COSTO DIRECTO | H25: =+ROUND(H23+H14+H10+H18,0) -> 31611
C31: Elaboro: Ingeniero Jhon Alvaro Pabon | E31: VoBo: Ingeniero Juan Pablo Guzman Martinez
C35: VoBo: Arquitecta Jocelyn Danna | E35: VoBo: Arquitecto Fredy Enrique Lopez Ramirez
B38: ESCENARIO DEPORTIVO TIRO CON ARCO
B39: REFERENCIA | D39: JDN2023-TA-06-002
B40: Cerámica piso blanca institucional antideslizante de 20 x 20 cm, no incluye mortero | D40: VALOR | H40: Unidad
D41: =+ROUND(H62+H53+H49+H57,0) -> 47562 | H41: m2
B44: MATERIALES | D44: UNIDAD | E44: CANTIDAD | F44: DES | G44: VALOR UNITARIO | H44: VALOR TOTAL
B45: MAT,067 | C45: =VLOOKUP(B45,'LISTA DE PRECIOS'!A:B,2,FALSE) -> Cemento blanco | D45: =VLOOKUP(B45,'LISTA DE PRECIOS'!A:D,4,FALSE) -> Kg | E45: 2 | F45: 1.05 | G45: =VLOOKUP(B45,'LISTA DE PRECIOS'!A:E,5,FALSE) -> 1247 | H45: =+ROUND(E45*F45*G45,0) -> 2619
C46: Ceramica Piso Blanco institucuional antideslizante 20 cm x 20 cm | D46: m2 | E46: 1 | F46: 1.1 | G46: 23700 | H46: =+ROUND(E46*F46*G46,0) -> 26070
B47: MAT,055 | C47: =VLOOKUP(B47,'LISTA DE PRECIOS'!A:B,2,FALSE) -> Boquilla para enchape | D47: =VLOOKUP(B47,'LISTA DE PRECIOS'!A:D,4,FALSE) -> Kg | E47: 0.25 | F47: 1.05 | G47: =VLOOKUP(B47,'LISTA DE PRECIOS'!A:E,5,FALSE) -> 6800 | H47: =+ROUND(E47*F47*G47,0) -> 1785
B48: MAT,141 | C48: =VLOOKUP(B48,'LISTA DE PRECIOS'!A:B,2,FALSE) -> Fijador de cerámica | D48: =VLOOKUP(B48,'LISTA DE PRECIOS'!A:D,4,FALSE) -> Kg | E48: 4 | F48: 1.05 | G48: =VLOOKUP(B48,'LISTA DE PRECIOS'!A:E,5,FALSE) -> 580 | H48: =+ROUND(E48*F48*G48,0) -> 2436
E49: SUBTOTAL MATERIALES | H49: =ROUND(SUM(H45:H48),0) -> 32910
B51: EQUIPOS Y HERRAMIENTAS | D51: UNIDAD | E51: RENDIMIENTO | F51: CANT | G51: VALOR UNITARIO | H51: VALOR TOTAL
B52: EQU002 | C52: =VLOOKUP(B52,'LISTA DE PRECIOS'!A:B,2,FALSE) -> Herramienta menor | D52: =VLOOKUP(B52,'LISTA DE PRECIOS'!A:D,4,FALSE) -> %MO | E52: 0.1 | G52: =+H62 -> 13320 | H52: =+ROUND(E52*G52,0) -> 1332
E53: SUBTOTAL EQUIPOS | H53: =ROUND(SUM(H52:H52),0) -> 1332
B55: TRANSPORTE | D55: UNIDAD | E55: DISTANCIA (Km) | F55: CANT | G55: VALOR UNITARIO ($/ m³*km) | H55: VALOR TOTAL
B56: 3 | C56: No aplica | H56: =+ROUND(E56*G56,0) -> 0
E57: SUBTOTAL TRANSPORTE | H57: =ROUND(SUM(H56:H56),0) -> 0
B59: MANO DE OBRA | D59: UNIDAD | E59: RENDIMIENTO | F59: CANT | G59: VALOR /HORA | H59: VALOR TOTAL
B60: MO 001 | C60: =VLOOKUP(B60,'LISTA DE PRECIOS'!A:B,2,FALSE) -> Ayudante | D60: =VLOOKUP(B60,'LISTA DE PRECIOS'!A:D,4,FALSE) -> Día | E60: 0.07 | F60: 1 | G60: =VLOOKUP(B60,'LISTA DE PRECIOS'!A:E,5,FALSE) -> 67964 | H60: =+ROUND(E60*F60*G60,0) -> 4757
B61: MO 003 | C61: =VLOOKUP(B61,'LISTA DE PRECIOS'!A:B,2,FALSE) -> Oficial | D61: =VLOOKUP(B61,'LISTA DE PRECIOS'!A:D,4,FALSE) -> Día | E61: 0.07 | F61: 1 | G61: =VLOOKUP(B61,'LISTA DE PRECIOS'!A:E,5,FALSE) -> 122335 | H61: =+ROUND(E61*F61*G61,0) -> 8563
E62: SUBTOTAL MANO DE OBRA | H62: =ROUND(SUM(H60:H61),0) -> 13320
E64: COSTO DIRECTO | H64: =+ROUND(H62+H53+H49+H57,0) -> 47562
C70: Elaboro: Ingeniero Jhon Alvaro Pabon | E70: VoBo: Ingeniero Juan Pablo Guzman Martinez
C74: VoBo: Arquitecta Jocelyn Danna | E74: VoBo: Arquitecto Fredy Enrique Lopez Ramirez
B77: ESCENARIO DEPORTIVO TIRO CON ARCO
B78: REFERENCIA | D78: JDN2023-TA-06-003
B79: Cerámica pared blanca institucional de 20 x 20 cm, no incluye mortero | D79: VALOR | H79: Unidad
D80: =+ROUND(H101+H92+H88+H96,0) -> 53843 | H80: m2
B83: MATERIALES | D83: UNIDAD | E83: CANTIDAD | F83: DES | G83: VALOR UNITARIO | H83: VALOR TOTAL
B84: MAT,067 | C84: =VLOOKUP(B84,'LISTA DE PRECIOS'!A:B,2,FALSE) -> Cemento blanco | D84: =VLOOKUP(B84,'LISTA DE PRECIOS'!A:D,4,FALSE) -> Kg | E84: 2 | F84: 1.05 | G84: =VLOOKUP(B84,'LISTA DE PRECIOS'!A:E,5,FALSE) -> 1247 | H84: =+ROUND(E84*F84*G84,0) -> 2619
C85: Ceramica Pared Blanco institucuional 20 cm x 20 cm | D85: m2 | E85: 1 | F85: 1.1 | G85: 23700 | H85: =+ROUND(E85*F85*G85,0) -> 26070
B86: MAT,055 | C86: =VLOOKUP(B86,'LISTA DE PRECIOS'!A:B,2,FALSE) -> Boquilla para enchape | D86: =VLOOKUP(B86,'LISTA DE PRECIOS'!A:D,4,FALSE) -> Kg | E86: 0.25 | F86: 1.05 | G86: =VLOOKUP(B86,'LISTA DE PRECIOS'!A:E,5,FALSE) -> 6800 | H86: =+ROUND(E86*F86*G86,0) -> 1785
B87: MAT,141 | C87: =VLOOKUP(B87,'LISTA DE PRECIOS'!A:B,2,FALSE) -> Fijador de cerámica | D87: =VLOOKUP(B87,'LISTA DE PRECIOS'!A:D,4,FALSE) -> Kg | E87: 4 | F87: 1.05 | G87: =VLOOKUP(B87,'LISTA DE PRECIOS'!A:E,5,FALSE) -> 580 | H87: =+ROUND(E87*F87*G87,0) -> 2436
E88: SUBTOTAL MATERIALES | H88: =ROUND(SUM(H84:H87),0) -> 32910
B90: EQUIPOS Y HERRAMIENTAS | D90: UNIDAD | E90: RENDIMIENTO | F90: CANT | G90: VALOR UNITARIO | H90: VALOR TOTAL
B91: EQU002 | C91: =VLOOKUP(B91,'LISTA DE PRECIOS'!A:B,2,FALSE) -> Herramienta menor | D91: =VLOOKUP(B91,'LISTA DE PRECIOS'!A:D,4,FALSE) -> %MO | E91: 0.1 | G91: =+H101 -> 19030 | H91: =+ROUND(E91*G91,0) -> 1903
E92: SUBTOTAL EQUIPOS | H92: =ROUND(SUM(H91:H91),0) -> 1903
B94: TRANSPORTE | D94: UNIDAD | E94: DISTANCIA (Km) | F94: CANT | G94: VALOR UNITARIO ($/ m³*km) | H94: VALOR TOTAL
B95: 3 | C95: No aplica | H95: =+ROUND(E95*G95,0) -> 0
E96: SUBTOTAL TRANSPORTE | H96: =ROUND(SUM(H95:H95),0) -> 0
B98: MANO DE OBRA | D98: UNIDAD | E98: RENDIMIENTO | F98: CANT | G98: VALOR /HORA | H98: VALOR TOTAL
B99: MO 001 | C99: =VLOOKUP(B99,'LISTA DE PRECIOS'!A:B,2,FALSE) -> Ayudante | D99: =VLOOKUP(B99,'LISTA DE PRECIOS'!A:D,4,FALSE) -> Día | E99: 0.1 | F99: 1 | G99: =VLOOKUP(B99,'LISTA DE PRECIOS'!A:E,5,FALSE) -> 67964 | H99: =+ROUND(E99*F99*G99,0) -> 6796
B100: MO 003 | C100: =VLOOKUP(B100,'LISTA DE PRECIOS'!A:B,2,FALSE) -> Oficial | D100: =VLOOKUP(B100,'LISTA DE PRECIOS'!A:D,4,FALSE) -> Día | E100: 0.1 | F100: 1 | G100: =VLOOKUP(B100,'LISTA DE PRECIOS'!A:E,5,FALSE) -> 122335 | H100: =+ROUND(E100*F100*G100,0) -> 12234
E101: SUBTOTAL MANO DE OBRA | H101: =ROUND(SUM(H99:H100),0) -> 19030
E103: COSTO DIRECTO | H103: =+ROUND(H101+H92+H88+H96,0) -> 53843
C109: Elaboro: Ingeniero Jhon Alvaro Pabon | E109: VoBo: Ingeniero Juan Pablo Guzman Martinez
C113: VoBo: Arquitecta Jocelyn Danna | E113: VoBo: Arquitecto Fredy Enrique Lopez Ramirez
B116: ESCENARIO DEPORTIVO TIRO CON ARCO
B117: REFERENCIA | D117: JDN2023-TA-06-004
B118: Piso en cerámica de 1ra. de 40 x 40 cm tipo Mangle, no incluye mortero | D118: VALOR | H118: Unidad
D119: =+ROUND(H140+H131+H127+H135,0) -> 45127 | H119: m2
B122: MATERIALES | D122: UNIDAD | E122: CANTIDAD | F122: DES | G122: VALOR UNITARIO | H122: VALOR TOTAL
B123: MAT,067 | C123: =VLOOKUP(B123,'LISTA DE PRECIOS'!A:B,2,FALSE) -> Cemento blanco | D123: =VLOOKUP(B123,'LISTA DE PRECIOS'!A:D,4,FALSE) -> Kg | E123: 2 | F123: 1.05 | G123: =VLOOKUP(B123,'LISTA DE PRECIOS'!A:E,5,FALSE) -> 1247 | H123: =+ROUND(E123*F123*G123,0) -> 2619
B124: MAT,075 | C124: =VLOOKUP(B124,'LISTA DE PRECIOS'!A:B,2,FALSE) -> Cerámica de 1ra. de 40 x 40 cm tipo Mangle Euro-cerámica | D124: =VLOOKUP(B124,'LISTA DE PRECIOS'!A:D,4,FALSE) -> M2 | E124: 1 | F124: 1.1 | G124: =VLOOKUP(B124,'LISTA DE PRECIOS'!A:E,5,FALSE) -> 21486.6 | H124: =+ROUND(E124*F124*G124,0) -> 23635
B125: MAT,055 | C125: =VLOOKUP(B125,'LISTA DE PRECIOS'!A:B,2,FALSE) -> Boquilla para enchape | D125: =VLOOKUP(B125,'LISTA DE PRECIOS'!A:D,4,FALSE) -> Kg | E125: 0.25 | F125: 1.05 | G125: =VLOOKUP(B125,'LISTA DE PRECIOS'!A:E,5,FALSE) -> 6800 | H125: =+ROUND(E125*F125*G125,0) -> 1785
B126: MAT,141 | C126: =VLOOKUP(B126,'LISTA DE PRECIOS'!A:B,2,FALSE) -> Fijador de cerámica | D126: =VLOOKUP(B126,'LISTA DE PRECIOS'!A:D,4,FALSE) -> Kg | E126: 4 | F126: 1.05 | G126: =VLOOKUP(B126,'LISTA DE PRECIOS'!A:E,5,FALSE) -> 580 | H126: =+ROUND(E126*F126*G126,0) -> 2436
E127: SUBTOTAL MATERIALES | H127: =ROUND(SUM(H123:H126),0) -> 30475
B129: EQUIPOS Y HERRAMIENTAS | D129: UNIDAD | E129: RENDIMIENTO | F129: CANT | G129: VALOR UNITARIO | H129: VALOR TOTAL
B130: EQU002 | C130: =VLOOKUP(B130,'LISTA DE PRECIOS'!A:B,2,FALSE) -> Herramienta menor | D130: =VLOOKUP(B130,'LISTA DE PRECIOS'!A:D,4,FALSE) -> %MO | E130: 0.1 | G130: =+H140 -> 13320 | H130: =+ROUND(E130*G130,0) -> 1332
E131: SUBTOTAL EQUIPOS | H131: =ROUND(SUM(H130:H130),0) -> 1332
B133: TRANSPORTE | D133: UNIDAD | E133: DISTANCIA (Km) | F133: CANT | G133: VALOR UNITARIO ($/ m³*km) | H133: VALOR TOTAL
B134: 3 | C134: No aplica | H134: =+ROUND(E134*G134,0) -> 0
E135: SUBTOTAL TRANSPORTE | H135: =ROUND(SUM(H134:H134),0) -> 0
B137: MANO DE OBRA | D137: UNIDAD | E137: RENDIMIENTO | F137: CANT | G137: VALOR /HORA | H137: VALOR TOTAL
B138: MO 001 | C138: =VLOOKUP(B138,'LISTA DE PRECIOS'!A:B,2,FALSE) -> Ayudante | D138: =VLOOKUP(B138,'LISTA DE PRECIOS'!A:D,4,FALSE) -> Día | E138: 0.07 | F138: 1 | G138: =VLOOKUP(B138,'LISTA DE PRECIOS'!A:E,5,FALSE) -> 67964 | H138: =+ROUND(E138*F138*G138,0) -> 4757
B139: MO 003 | C139: =VLOOKUP(B139,'LISTA DE PRECIOS'!A:B,2,FALSE) -> Oficial | D139: =VLOOKUP(B139,'LISTA DE PRECIOS'!A:D,4,FALSE) -> Día | E139: 0.07 | F139: 1 | G139: =VLOOKUP(B139,'LISTA DE PRECIOS'!A:E,5,FALSE) -> 122335 | H139: =+ROUND(E139*F139*G139,0) -> 8563
E140: SUBTOTAL MANO DE OBRA | H140: =ROUND(SUM(H138:H139),0) -> 13320
E142: COSTO DIRECTO | H142: =+ROUND(H140+H131+H127+H135,0) -> 45127
C148: Elaboro: Ingeniero Jhon Alvaro Pabon | E148: VoBo: Ingeniero Juan Pablo Guzman Martinez
C152: VoBo: Arquitecta Jocelyn Danna | E152: VoBo: Arquitecto Fredy Enrique Lopez Ramirez
B155: ESCENARIO DEPORTIVO TIRO CON ARCO
B156: REFERENCIA | D156: JDN2023-TA-06-005
B157: Piso en caucho contra impacto de e=10 mm para gimnasio. | D157: VALOR | H157: Unidad
D158: =+ROUND(H175+H167+H163+H171,0) -> 70492 | H158: m2
B161: MATERIALES | D161: UNIDAD | E161: CANTIDAD | F161: DES | G161: VALOR UNITARIO | H161: VALOR TOTAL
C162: Piso en caucho contra impacto de 10 mm | D162: M2 | E162: 1 | F162: 1 | G162: 68000 | H162: =+ROUND(E162*F162*G162,0) -> 68000
E163: SUBTOTAL MATERIALES | H163: =ROUND(SUM(H162:H162),0) -> 68000
B165: EQUIPOS Y HERRAMIENTAS | D165: UNIDAD | E165: RENDIMIENTO | F165: CANT | G165: VALOR UNITARIO | H165: VALOR TOTAL
B166: EQU002 | C166: =VLOOKUP(B166,'LISTA DE PRECIOS'!A:B,2,FALSE) -> Herramienta menor | D166: =VLOOKUP(B166,'LISTA DE PRECIOS'!A:D,4,FALSE) -> %MO | E166: 0.1 | G166: =+H175 -> 2265 | H166: =+ROUND(E166*G166,0) -> 227
E167: SUBTOTAL EQUIPOS | H167: =ROUND(SUM(H166:H166),0) -> 227
B169: TRANSPORTE | D169: UNIDAD | E169: DISTANCIA (Km) | F169: CANT | G169: VALOR UNITARIO ($/ m³*km) | H169: VALOR TOTAL
...

Sheet 7
B1: ESCENARIO DEPORTIVO TIRO CON ARCO
B2: REFERENCIA | D2: JDN2023-TA-07-001
B3: Estuco y pintura muros 3 manos | D3: VALOR | H3: Unidad
D4: =+ROUND(H24+H15+H10+H19,0) -> 24629 | H4: m2
B7: MATERIALES | D7: UNIDAD | E7: CANTIDAD | F7: DESP | G7: VALOR UNITARIO | H7: VALOR TOTAL
B8: MAT,134 | C8: =VLOOKUP(B8,'LISTA DE PRECIOS'!A:B,2,FALSE) -> Estuco (25 Kg) | D8: =VLOOKUP(B8,'LISTA DE PRECIOS'!A:D,4,FALSE) -> Kg | E8: 2 | F8: 1.05 | G8: =VLOOKUP(B8,'LISTA DE PRECIOS'!A:E,5,FALSE) -> 1532 | H8: =+ROUND(E8*F8*G8,0) -> 3217
B9: MAT,304 | C9: =VLOOKUP(B9,'LISTA DE PRECIOS'!A:B,2,FALSE) -> Pintura vinilo tipo I | D9: =VLOOKUP(B9,'LISTA DE PRECIOS'!A:D,4,FALSE) -> Gl | E9: 0.1 | F9: 1.03 | G9: =VLOOKUP(B9,'LISTA DE PRECIOS'!A:E,5,FALSE) -> 45300 | H9: =+ROUND(E9*F9*G9,0) -> 4666
E10: SUBTOTAL MATERIALES | H10: =ROUND(SUM(H8:H9),0) -> 7883
B12: EQUIPOS Y HERRAMIENTAS | D12: UNIDAD | E12: RENDIMIENTO | F12: CANT | G12: VALOR UNITARIO | H12: VALOR TOTAL
B13: EQU002 | C13: =VLOOKUP(B13,'LISTA DE PRECIOS'!A:B,2,FALSE) -> Herramienta menor | D13: =VLOOKUP(B13,'LISTA DE PRECIOS'!A:D,4,FALSE) -> %MO | E13: 0.05 | F13: 1 | G13: =+H24 -> 15224 | H13: =+ROUND(E13*F13*G13,0) -> 761
B14: EQU006 | C14: =VLOOKUP(B14,'LISTA DE PRECIOS'!A:B,2,FALSE) -> Andamio certificado | D14: =+D13 -> %MO | E14: 0.05 | F14: 1 | G14: =+H24 -> 15224 | H14: =+ROUND(E14*G14,0) -> 761
E15: SUBTOTAL EQUIPOS | H15: =ROUND(SUM(H13:H14),0) -> 1522
B17: TRANSPORTE | D17: UNIDAD | E17: DISTANCIA (Km) | F17: CANT | G17: VALOR UNITARIO ($/ m³*km) | H17: VALOR TOTAL
B18: 3 | C18: No aplica | H18: =+ROUND(E18*G18,0) -> 0
E19: SUBTOTAL TRANSPORTE | H19: =ROUND(SUM(H18:H18),0) -> 0
B21: MANO DE OBRA | D21: UNIDAD | E21: RENDIMIENTO | F21: CANT | G21: VALOR /HORA | H21: VALOR TOTAL
B22: MO 001 | C22: =VLOOKUP(B22,'LISTA DE PRECIOS'!A:B,2,FALSE) -> Ayudante | D22: =VLOOKUP(B22,'LISTA DE PRECIOS'!A:D,4,FALSE) -> Día | E22: 0.08 | F22: 1 | G22: =VLOOKUP(B22,'LISTA DE PRECIOS'!A:E,5,FALSE) -> 67964 | H22: =+ROUND(E22*F22*G22,0) -> 5437
B23: MO 003 | C23: =VLOOKUP(B23,'LISTA DE PRECIOS'!A:B,2,FALSE) -> Oficial | D23: =VLOOKUP(B23,'LISTA DE PRECIOS'!A:D,4,FALSE) -> Día | E23: 0.08 | F23: 1 | G23: =VLOOKUP(B23,'LISTA DE PRECIOS'!A:E,5,FALSE) -> 122335 | H23: =+ROUND(E23*F23*G23,0) -> 9787
E24: SUBTOTAL MANO DE OBRA | H24: =ROUND(SUM(H22:H23),0) -> 15224
E26: COSTO DIRECTO | H26: =+ROUND(H24+H15+H10+H19,0) -> 24629
C32: Elaboro: Ingeniero Jhon Alvaro Pabon | E32: VoBo: Ingeniero Juan Pablo Guzman Martinez
C36: VoBo: Arquitecta Jocelyn Danna | E36: VoBo: Arquitecto Fredy Enrique Lopez Ramirez
B39: ESCENARIO DEPORTIVO TIRO CON ARCO
B40: REFERENCIA | D40: JDN2023-TA-07-002
B41: Pintura texturizada hidrorepelente | D41: VALOR | H41: Unidad
D42: =+ROUND(H61+H52+H47+H56,0) -> 29016 | H42: m2
B45: MATERIALES | D45: UNIDAD | E45: CANTIDAD | F45: DES | G45: VALOR UNITARIO | H45: VALOR TOTAL
B46: MAT,300 | C46: =VLOOKUP(B46,'LISTA DE PRECIOS'!A:B,2,FALSE) -> Pintura texturizada hidrorepelente | D46: =VLOOKUP(B46,'LISTA DE PRECIOS'!A:D,4,FALSE) -> Cñ | E46: 0.12 | F46: 1.03 | G46: =VLOOKUP(B46,'LISTA DE PRECIOS'!A:E,5,FALSE) -> 50000 | H46: =+ROUND(E46*F46*G46,0) -> 6180
E47: SUBTOTAL MATERIALES | H47: =ROUND(SUM(H46:H46),0) -> 6180
B49: EQUIPOS Y HERRAMIENTAS | D49: UNIDAD | E49: RENDIMIENTO | F49: DES | G49: VALOR UNITARIO | H49: VALOR TOTAL
B50: EQU002 | C50: =VLOOKUP(B50,'LISTA DE PRECIOS'!A:B,2,FALSE) -> Herramienta menor | D50: =VLOOKUP(B50,'LISTA DE PRECIOS'!A:D,4,FALSE) -> %MO | E50: 0.1 | F50: 1 | G50: =+H61 -> 19030 | H50: =+ROUND(E50*F50*G50,0) -> 1903
B51: EQU006 | C51: =VLOOKUP(B51,'LISTA DE PRECIOS'!A:B,2,FALSE) -> Andamio certificado | D51: =+D50 -> %MO | E51: 0.1 | F51: 1 | G51: =+H61 -> 19030 | H51: =+ROUND(E51*F51*G51,0) -> 1903
E52: SUBTOTAL EQUIPOS | H52: =ROUND(SUM(H50:H51),0) -> 3806
B54: TRANSPORTE | D54: UNIDAD | E54: DISTANCIA (Km) | F54: DES | G54: VALOR UNITARIO ($/ m³*km) | H54: VALOR TOTAL
B55: 3 | C55: No aplica
E56: SUBTOTAL TRANSPORTE | H56: =ROUND(SUM(H55:H55),0) -> 0
B58: MANO DE OBRA | D58: UNIDAD | E58: RENDIMIENTO | F58: DES | G58: VALOR /HORA | H58: VALOR TOTAL
B59: MO 001 | C59: =VLOOKUP(B59,'LISTA DE PRECIOS'!A:B,2,FALSE) -> Ayudante | D59: =VLOOKUP(B59,'LISTA DE PRECIOS'!A:D,4,FALSE) -> Día | E59: 0.1 | F59: 1 | G59: =VLOOKUP(B59,'LISTA DE PRECIOS'!A:E,5,FALSE) -> 67964 | H59: =+ROUND(E59*F59*G59,0) -> 6796
B60: MO 003 | C60: =VLOOKUP(B60,'LISTA DE PRECIOS'!A:B,2,FALSE) -> Oficial | D60: =VLOOKUP(B60,'LISTA DE PRECIOS'!A:D,4,FALSE) -> Día | E60: 0.1 | F60: 1 | G60: =VLOOKUP(B60,'LISTA DE PRECIOS'!A:E,5,FALSE) -> 122335 | H60: =+ROUND(E60*F60*G60,0) -> 12234
E61: SUBTOTAL MANO DE OBRA | H61: =ROUND(SUM(H59:H60),0) -> 19030
E63: COSTO DIRECTO | H63: =+ROUND(H61+H52+H47+H56,0) -> 29016
C69: Elaboro: Ingeniero Jhon Alvaro Pabon | E69: VoBo: Ingeniero Juan Pablo Guzman Martinez
C73: VoBo: Arquitecta Jocelyn Danna | E73: VoBo: Arquitecto Fredy Enrique Lopez Ramirez
C80: VoBo: Arquitecta Jocelyn Danna

Sheet 8
B2: ESCENARIO DEPORTIVO TIRO CON ARCO
B3: REFERENCIA | D3: JDN2023-TA-08-001
B4: Teja en lámina Standing Seam Calibre 26 (0,45mm) con un galvanizado Z180 (Zinc 180MG/M2) , Prepintada en Superpoliester y primer al interior y exterior de 4-6 micras, bandeja de 50 cm, tipo sanduche con aislamiento en polietileno 38 mm de densidad 11 kg/m3, color blanco ambas caras | D4: VALOR | H4: Unidad
D5: =+ROUND(H27+H18+H12+H22,0) -> 141238 | H5: m2
B8: MATERIALES | D8: UNIDAD | E8: CANTIDAD | F8: DES | G8: VALOR UNITARIO | H8: VALOR TOTAL
B9: MAT,393 | C9: Teja en lámina Standing Seam Calibre 26 (0,45mm) con un galvanizado Z180 (Zinc 180MG/M2) , Prepintada en Superpoliester y primer al interior y exterior de 4-6 micras, bandeja de 50 cm, tipo sanduche con aislamiento en polietileno 38 mm de densidad 11 kg/m3, color blanco ambas caras | D9: =VLOOKUP(B9,'LISTA DE PRECIOS'!A:D,4,FALSE) -> M2 | E9: 1 | F9: 1.05 | G9: 109800 | H9: =+ROUND(E9*F9*G9,0) -> 115290
B10: MAT,405 | C10: =VLOOKUP(B10,'LISTA DE PRECIOS'!A:B,2,FALSE) -> Tornillo autoperforante | D10: =VLOOKUP(B10,'LISTA DE PRECIOS'!A:D,4,FALSE) -> Un | E10: 4 | F10: 1 | G10: =VLOOKUP(B10,'LISTA DE PRECIOS'!A:E,5,FALSE) -> 53 | H10: =+ROUND(E10*F10*G10,0) -> 212
B11: MAT,110 | C11: Conjunto fijador arandela de neopreno | D11: =VLOOKUP(B11,'LISTA DE PRECIOS'!A:D,4,FALSE) -> Un | E11: 2 | F11: 1 | G11: 850 | H11: =+ROUND(E11*F11*G11,0) -> 1700
E12: SUBTOTAL MATERIALES | H12: =ROUND(SUM(H9:H11),0) -> 117202
B14: EQUIPOS Y HERRAMIENTAS | D14: UNIDAD | E14: RENDIMIENTO | F14: CANT | G14: VALOR UNITARIO | H14: VALOR TOTAL
C15: Equipo formacion teja | D15: m2 | E15: 1 | F15: 1 | G15: 1200 | H15: =+ROUND(E15*F15*G15,0) -> 1200
B16: EQU002 | C16: =VLOOKUP(B16,'LISTA DE PRECIOS'!A:B,2,FALSE) -> Herramienta menor | D16: =VLOOKUP(B16,'LISTA DE PRECIOS'!A:D,4,FALSE) -> %MO | E16: 0.1 | G16: =+H27 -> 19030 | H16: =+ROUND(E16*G16,0) -> 1903
B17: EQU006 | C17: =VLOOKUP(B17,'LISTA DE PRECIOS'!A:B,2,FALSE) -> Andamio certificado | D17: %MO | E17: 0.1 | G17: =+H27 -> 19030 | H17: =+ROUND(E17*G17,0) -> 1903
E18: SUBTOTAL EQUIPOS | H18: =ROUND(SUM(H15:H17),0) -> 5006
B20: TRANSPORTE | D20: UNIDAD | E20: DISTANCIA (Km) | F20: CANT | G20: VALOR UNITARIO ($/ m³*km) | H20: VALOR TOTAL
B21: 3 | C21: No aplica | H21: =+ROUND(E21*G21,0) -> 0
E22: SUBTOTAL TRANSPORTE | H22: =ROUND(SUM(H21:H21),0) -> 0
B24: MANO DE OBRA | D24: UNIDAD | E24: RENDIMIENTO | F24: CANT | G24: VALOR /HORA | H24: VALOR TOTAL
B25: MO 001 | C25: =VLOOKUP(B25,'LISTA DE PRECIOS'!A:B,2,FALSE) -> Ayudante | D25: =VLOOKUP(B25,'LISTA DE PRECIOS'!A:D,4,FALSE) -> Día | E25: 0.1 | F25: 1 | G25: =VLOOKUP(B25,'LISTA DE PRECIOS'!A:E,5,FALSE) -> 67964 | H25: =+ROUND(E25*F25*G25,0) -> 6796
B26: MO 003 | C26: =VLOOKUP(B26,'LISTA DE PRECIOS'!A:B,2,FALSE) -> Oficial | D26: =VLOOKUP(B26,'LISTA DE PRECIOS'!A:D,4,FALSE) -> Día | E26: 0.1 | F26: 1 | G26: =VLOOKUP(B26,'LISTA DE PRECIOS'!A:E,5,FALSE) -> 122335 | H26: =+ROUND(E26*F26*G26,0) -> 12234
E27: SUBTOTAL MANO DE OBRA | H27: =ROUND(SUM(H25:H26),0) -> 19030
E29: COSTO DIRECTO | H29: =+ROUND(H27+H18+H12+H22,0) -> 141238
C35: Elaboro: Ingeniero Jhon Alvaro Pabon | E35: VoBo: Ingeniero Juan Pablo Guzman Martinez
C39: VoBo: Arquitecta Jocelyn Danna | E39: VoBo: Arquitecto Fredy Enrique Lopez Ramirez
B42: ESCENARIO DEPORTIVO TIRO CON ARCO
B43: ITEM | D43: JDN2023-TA-08-002
B44: Muro en placa de fibrocemento e=10 mm o similar 1 cara incluye pintura | D44: VALOR | H44: Unidad
D45: =+ROUND(H71+H62+H57+H66,0) -> 119949 | H45: m2
B48: MATERIALES | D48: UNIDAD | E48: CANTIDAD | F48: DESP | G48: VALOR UNITARIO | H48: VALOR TOTAL
B49: MAT,522 | C49: =VLOOKUP(B49,'LISTA DE PRECIOS'!A:B,2,FALSE) -> Canal 60 en 2,4 calibre 26 | D49: =VLOOKUP(B49,'LISTA DE PRECIOS'!A:D,4,FALSE) -> Un | E49: 0.42 | F49: 1.1 | G49: =VLOOKUP(B49,'LISTA DE PRECIOS'!A:E,5,FALSE) -> 6021 | H49: =+ROUND(E49*F49*G49,0) -> 2782
B50: MAT,282 | C50: =VLOOKUP(B50,'LISTA DE PRECIOS'!A:B,2,FALSE) -> Paral 59 en 2,4 m calibre 26 | D50: =VLOOKUP(B50,'LISTA DE PRECIOS'!A:D,4,FALSE) -> Un | E50: 0.42 | F50: 1.1 | G50: =VLOOKUP(B50,'LISTA DE PRECIOS'!A:E,5,FALSE) -> 9810 | H50: =+ROUND(E50*F50*G50,0) -> 4532
B51: MAT,204 | C51: =VLOOKUP(B51,'LISTA DE PRECIOS'!A:B,2,FALSE) -> Lámina de fibrocemento de 10 mm | D51: =VLOOKUP(B51,'LISTA DE PRECIOS'!A:D,4,FALSE) -> M2 | E51: 1 | F51: 1.1 | G51: =VLOOKUP(B51,'LISTA DE PRECIOS'!A:E,5,FALSE) -> 69512 | H51: =+ROUND(E51*F51*G51,0) -> 76463
B52: MAT,406 | C52: =VLOOKUP(B52,'LISTA DE PRECIOS'!A:B,2,FALSE) -> Tornillo drywall 6 x 1" | D52: =VLOOKUP(B52,'LISTA DE PRECIOS'!A:D,4,FALSE) -> Un | E52: 35 | F52: 1 | G52: =VLOOKUP(B52,'LISTA DE PRECIOS'!A:E,5,FALSE) -> 20 | H52: =+ROUND(E52*F52*G52,0) -> 700
B53: MAT,407 | C53: =VLOOKUP(B53,'LISTA DE PRECIOS'!A:B,2,FALSE) -> Tornillo estructura drywall 8 x 1/2" | D53: =VLOOKUP(B53,'LISTA DE PRECIOS'!A:D,4,FALSE) -> Un | E53: 25 | F53: 1 | G53: =VLOOKUP(B53,'LISTA DE PRECIOS'!A:E,5,FALSE) -> 65 | H53: =+ROUND(E53*F53*G53,0) -> 1625
B54: MAT,094 | C54: =VLOOKUP(B54,'LISTA DE PRECIOS'!A:B,2,FALSE) -> Cinta de papel | D54: =VLOOKUP(B54,'LISTA DE PRECIOS'!A:D,4,FALSE) -> M | E54: 2.5 | F54: 1 | G54: =VLOOKUP(B54,'LISTA DE PRECIOS'!A:E,5,FALSE) -> 116 | H54: =+ROUND(E54*F54*G54,0) -> 290
B55: MAT,135 | C55: =VLOOKUP(B55,'LISTA DE PRECIOS'!A:B,2,FALSE) -> Estuco listo | D55: =VLOOKUP(B55,'LISTA DE PRECIOS'!A:D,4,FALSE) -> Kg | E55: 0.45 | F55: 1.05 | G55: =VLOOKUP(B55,'LISTA DE PRECIOS'!A:E,5,FALSE) -> 1282 | H55: =+ROUND(E55*F55*G55,0) -> 606
B56: MAT,304 | C56: =VLOOKUP(B56,'LISTA DE PRECIOS'!A:B,2,FALSE) -> Pintura vinilo tipo I | D56: =VLOOKUP(B56,'LISTA DE PRECIOS'!A:D,4,FALSE) -> Gl | E56: 0.1 | F56: 1.01 | G56: =VLOOKUP(B56,'LISTA DE PRECIOS'!A:E,5,FALSE) -> 45300 | H56: =+ROUND(E56*F56*G56,0) -> 4575
E57: SUBTOTAL MATERIALES | H57: =ROUND(SUM(H49:H56),0) -> 91573
B59: EQUIPOS Y HERRAMIENTAS | D59: UNIDAD | E59: RENDIMIENTO | F59: CANT | G59: VALOR UNITARIO | H59: VALOR TOTAL
B60: EQU002 | C60: =VLOOKUP(B60,'LISTA DE PRECIOS'!A:B,2,FALSE) -> Herramienta menor | D60: =VLOOKUP(B60,'LISTA DE PRECIOS'!A:D,4,FALSE) -> %MO | E60: 0.1 | G60: =+H71 -> 24739 | H60: =+ROUND(E60*G60,0) -> 2474
B61: EQU048 | C61: =VLOOKUP(B61,'LISTA DE PRECIOS'!A:B,2,FALSE) -> Andamio tubular | D61: =VLOOKUP(B61,'LISTA DE PRECIOS'!A:D,4,FALSE) -> Día | E61: 0.16 | G61: =VLOOKUP(B61,'LISTA DE PRECIOS'!A:E,5,FALSE) -> 7266 | H61: =+ROUND(E61*G61,0) -> 1163
E62: SUBTOTAL EQUIPOS | H62: =ROUND(SUM(H60:H61),0) -> 3637
B64: TRANSPORTE | D64: UNIDAD | E64: DISTANCIA (Km) | F64: CANT | G64: VALOR UNITARIO ($/ m³*km) | H64: VALOR TOTAL
B65: 3 | C65: No aplica | H65: =+ROUND(E65*G65,0) -> 0
E66: SUBTOTAL TRANSPORTE | H66: =ROUND(SUM(H65:H65),0) -> 0
B68: MANO DE OBRA | D68: UNIDAD | E68: RENDIMIENTO | F68: CANT | G68: VALOR /HORA | H68: VALOR TOTAL
B69: MO 001 | C69: =VLOOKUP(B69,'LISTA DE PRECIOS'!A:B,2,FALSE) -> Ayudante | D69: =VLOOKUP(B69,'LISTA DE PRECIOS'!A:D,4,FALSE) -> Día | E69: 0.13 | F69: 1 | G69: =VLOOKUP(B69,'LISTA DE PRECIOS'!A:E,5,FALSE) -> 67964 | H69: =+ROUND(E69*F69*G69,0) -> 8835
B70: MO 003 | C70: =VLOOKUP(B70,'LISTA DE PRECIOS'!A:B,2,FALSE) -> Oficial | D70: =VLOOKUP(B70,'LISTA DE PRECIOS'!A:D,4,FALSE) -> Día | E70: 0.13 | F70: 1 | G70: =VLOOKUP(B70,'LISTA DE PRECIOS'!A:E,5,FALSE) -> 122335 | H70: =+ROUND(E70*F70*G70,0) -> 15904
E71: SUBTOTAL MANO DE OBRA | H71: =ROUND(SUM(H69:H70),0) -> 24739
E73: COSTO DIRECTO | H73: =+ROUND(H71+H62+H57+H66,0) -> 119949
C79: Elaboro: Ingeniero Jhon Alvaro Pabon | E79: VoBo: Ingeniero Juan Pablo Guzman Martinez
C80: VoBo: Arquitecta Jocelyn Danna
C83: VoBo: Arquitecta Jocelyn Danna | E83: VoBo: Arquitecto Fredy Enrique Lopez Ramirez
B86: ESCENARIO DEPORTIVO TIRO CON ARCO
B87: REFERENCIA | D87: JDN2023-TA-08-003
B88: Canal en lámina galvanizada C 22, long de desarrollo 0,7 m | D88: VALOR | H88: Unidad
D89: =+ROUND(H111+H102+H96+H106,0) -> 73429 | H89: m
B92: MATERIALES | D92: UNIDAD | E92: CANTIDAD | F92: DES | G92: VALOR UNITARIO | H92: VALOR TOTAL
B93: MAT,002 | C93: =VLOOKUP(B93,'LISTA DE PRECIOS'!A:B,2,FALSE) -> Accesorios para fijación de canal tipo metálico | D93: =VLOOKUP(B93,'LISTA DE PRECIOS'!A:D,4,FALSE) -> Un | E93: 1 | F93: 1 | G93: =VLOOKUP(B93,'LISTA DE PRECIOS'!A:E,5,FALSE) -> 7266 | H93: =+ROUND(E93*F93*G93,0) -> 7266
B94: MAT,361 | C94: =VLOOKUP(B94,'LISTA DE PRECIOS'!A:B,2,FALSE) -> Soldadura 6013 | D94: =VLOOKUP(B94,'LISTA DE PRECIOS'!A:D,4,FALSE) -> Kg | E94: 0.1 | F94: 1.03 | G94: =VLOOKUP(B94,'LISTA DE PRECIOS'!A:E,5,FALSE) -> 13533 | H94: =+ROUND(E94*F94*G94,0) -> 1394
B95: MAT,207 | C95: Lámina galvanizada C 22 | D95: M2 | E95: 0.7 | F95: 1.15 | G95: 28922 | H95: =+ROUND(E95*F95*G95,0) -> 23282
E96: SUBTOTAL MATERIALES | H96: =ROUND(SUM(H93:H95),0) -> 31942
B98: EQUIPOS Y HERRAMIENTAS | D98: UNIDAD | E98: RENDIMIENTO | F98: CANT | G98: VALOR UNITARIO | H98: VALOR TOTAL
B99: EQU002 | C99: =VLOOKUP(B99,'LISTA DE PRECIOS'!A:B,2,FALSE) -> Herramienta menor | D99: =VLOOKUP(B99,'LISTA DE PRECIOS'!A:D,4,FALSE) -> %MO | E99: 0.1 | F99: 1 | G99: =+H111 -> 34254 | H99: =+ROUND(E99*F99*G99,0) -> 3425
B100: EQU006 | C100: =VLOOKUP(B100,'LISTA DE PRECIOS'!A:B,2,FALSE) -> Andamio certificado | D100: %MO | E100: 0.1 | F100: 1 | G100: =VLOOKUP(B100,'LISTA DE PRECIOS'!A:E,5,FALSE) -> 28560 | H100: =+ROUND(E100*F100*G100,0) -> 2856
B101: EQU039 | C101: =VLOOKUP(B101,'LISTA DE PRECIOS'!A:B,2,FALSE) -> Equipo soldadura eléctrica | D101: Día | E101: 1 | F101: 0.02 | G101: =VLOOKUP(B101,'LISTA DE PRECIOS'!A:E,5,FALSE) -> 47600 | H101: =+ROUND(E101*F101*G101,0) -> 952
E102: SUBTOTAL EQUIPOS | H102: =ROUND(SUM(H99:H101),0) -> 7233
B104: TRANSPORTE | D104: UNIDAD | E104: DISTANCIA (Km) | F104: CANT | G104: VALOR UNITARIO ($/ m³*km) | H104: VALOR TOTAL
B105: 3 | C105: No aplica | H105: =+ROUND(E105*G105,0) -> 0
E106: SUBTOTAL TRANSPORTE | H106: =ROUND(SUM(H105:H105),0) -> 0
B108: MANO DE OBRA | D108: UNIDAD | E108: RENDIMIENTO | F108: CANT | G108: VALOR /HORA | H108: VALOR TOTAL
B109: MO 001 | C109: =VLOOKUP(B109,'LISTA DE PRECIOS'!A:B,2,FALSE) -> Ayudante | D109: =VLOOKUP(B109,'LISTA DE PRECIOS'!A:D,4,FALSE) -> Día | E109: 0.18 | F109: 1 | G109: =VLOOKUP(B109,'LISTA DE PRECIOS'!A:E,5,FALSE) -> 67964 | H109: =+ROUND(E109*F109*G109,0) -> 12234
B110: MO 003 | C110: =VLOOKUP(B110,'LISTA DE PRECIOS'!A:B,2,FALSE) -> Oficial | D110: =VLOOKUP(B110,'LISTA DE PRECIOS'!A:D,4,FALSE) -> Día | E110: 0.18 | F110: 1 | G110: =VLOOKUP(B110,'LISTA DE PRECIOS'!A:E,5,FALSE) -> 122335 | H110: =+ROUND(E110*F110*G110,0) -> 22020
E111: SUBTOTAL MANO DE OBRA | H111: =ROUND(SUM(H109:H110),0) -> 34254
E113: COSTO DIRECTO | H113: =+ROUND(H111+H102+H96+H106,0) -> 73429
C119: Elaboro: Ingeniero Jhon Alvaro Pabon | E119: VoBo: Ingeniero Juan Pablo Guzman Martinez
C123: VoBo: Arquitecta Jocelyn Danna | E123: VoBo: Arquitecto Fredy Enrique Lopez Ramirez
B126: ESCENARIO DEPORTIVO TIRO CON ARCO
B127: ITEM | D127: JDN2023-TA-08-004
B128: Estructura metálica en: Perfiles Tubulares ASTM A-500 Grado C, Platinas ASTM A-36, Pernos ASTM A-490, Varillas roscadas ASTM A-193 B7. Incluye soldadura, anticorrosivo y pintura | D128: VALOR | H128: Unidad
D129: =+ROUND(H153++H144+H138+H148,0) -> 15057 | H129: Kg
B132: MATERIALES | D132: UNIDAD | E132: CANTIDAD | F132: DESP | G132: VALOR UNITARIO | H132: VALOR TOTAL
B133: MAT,038 | C133: =VLOOKUP(B133,'LISTA DE PRECIOS'!A:B,2,FALSE) -> Anticorrosivo gris | D133: =VLOOKUP(B133,'LISTA DE PRECIOS'!A:D,4,FALSE) -> Gl | E133: 0.01 | F133: 1 | G133: =VLOOKUP(B133,'LISTA DE PRECIOS'!A:E,5,FALSE) -> 39900 | H133: =+ROUND(E133*F133*G133,0) -> 399
B134: MAT,298 | C134: =VLOOKUP(B134,'LISTA DE PRECIOS'!A:B,2,FALSE) -> Pintura esmalte para exteriores | D134: =VLOOKUP(B134,'LISTA DE PRECIOS'!A:D,4,FALSE) -> Gl | E134: 0.01 | F134: 1 | G134: =VLOOKUP(B134,'LISTA DE PRECIOS'!A:E,5,FALSE) -> 60633 | H134: =+ROUND(E134*F134*G134,0) -> 606
C135: Tuberia estructural circular grado 50 de 4,5", 3,5 " y 1,9", incluye accesorios | D135: kg | E135: 1 | F135: 1.03 | G135: 7732 | H135: =+ROUND(E135*F135*G135,0) -> 7964
B136: MAT,361 | C136: =VLOOKUP(B136,'LISTA DE PRECIOS'!A:B,2,FALSE) -> Soldadura 6013 | D136: =VLOOKUP(B136,'LISTA DE PRECIOS'!A:D,4,FALSE) -> Kg | E136: 0.05 | F136: 1.03 | G136: =VLOOKUP(B136,'LISTA DE PRECIOS'!A:E,5,FALSE) -> 13533 | H136: =+ROUND(E136*F136*G136,0) -> 697
C137: discos de corte | D137: un | E137: 0.01 | F137: 1 | G137: 9500 | H137: =+ROUND(E137*F137*G137,0) -> 95
E138: SUBTOTAL MATERIALES | H138: =ROUND(SUM(H133:H137),0) -> 9761
B140: EQUIPOS Y HERRAMIENTAS | D140: UNIDAD | E140: RENDIMIENTO | F140: CANT | G140: VALOR UNITARIO | H140: VALOR TOTAL
B141: EQU002 | C141: =VLOOKUP(B141,'LISTA DE PRECIOS'!A:B,2,FALSE) -> Herramienta menor | D141: =VLOOKUP(B141,'LISTA DE PRECIOS'!A:D,4,FALSE) -> %MO | E141: 0.1 | F141: 1 | G141: =+H152 -> 1835 | H141: =+ROUND(E141*G141,0) -> 184
B142: EQU006 | C142: =VLOOKUP(B142,'LISTA DE PRECIOS'!A:B,2,FALSE) -> Andamio certificado | D142: %MO | E142: 0.03 | F142: 1 | G142: =VLOOKUP(B142,'LISTA DE PRECIOS'!A:E,5,FALSE) -> 28560 | H142: =+ROUND(E142*G142,0) -> 857
B143: EQU039 | C143: =VLOOKUP(B143,'LISTA DE PRECIOS'!A:B,2,FALSE) -> Equipo soldadura eléctrica | D143: Día | E143: 0.008 | F143: 1 | G143: =VLOOKUP(B143,'LISTA DE PRECIOS'!A:E,5,FALSE) -> 47600 | H143: =+ROUND(E143*G143,0) -> 381
E144: SUBTOTAL EQUIPOS | H144: =SUM(H141:H143) -> 1422
B146: TRANSPORTE | D146: UNIDAD | E146: DISTANCIA (Km) | F146: CANT | G146: VALOR UNITARIO ($/ m³*km) | H146: VALOR TOTAL
B147: 3 | C147: No aplica | H147: =+ROUND(E147*G147,0) -> 0
E148: SUBTOTAL TRANSPORTE | H148: =ROUND(SUM(H147:H147),0) -> 0
B150: MANO DE OBRA | D150: UNIDAD | E150: RENDIMIENTO | F150: CANT | G150: VALOR /HORA | H150: VALOR TOTAL
B151: MO 001 | C151: =VLOOKUP(B151,'LISTA DE PRECIOS'!A:B,2,FALSE) -> Ayudante | D151: =VLOOKUP(B151,'LISTA DE PRECIOS'!A:D,4,FALSE) -> Día | E151: 0.015 | F151: 2 | G151: =VLOOKUP(B151,'LISTA DE PRECIOS'!A:E,5,FALSE) -> 67964 | H151: =+ROUND(E151*F151*G151,0) -> 2039
B152: MO 003 | C152: =VLOOKUP(B152,'LISTA DE PRECIOS'!A:B,2,FALSE) -> Oficial | D152: =VLOOKUP(B152,'LISTA DE PRECIOS'!A:D,4,FALSE) -> Día | E152: 0.015 | F152: 1 | G152: =VLOOKUP(B152,'LISTA DE PRECIOS'!A:E,5,FALSE) -> 122335 | H152: =+ROUND(E152*F152*G152,0) -> 1835
E153: SUBTOTAL MANO DE OBRA | H153: =ROUND(SUM(H151:H152),0) -> 3874
...

Sheet 9
B2: ESCENARIO DEPORTIVO TIRO CON ARCO
B3: REFERENCIA | D3: JDN2023-TA-09-001
B4: Suministro e instalación de ventana tipo V-1 (1.90X5.0); carpintería en aluminio blanco o negro corrediza, panel de vidrio de 6.0 mm, con chapa y manija en aluminio, incluye accesorios. | D4: VALOR | H4: Unidad
D5: =+ROUND(H27+H18+H14+H22,0) -> 2710562 | H5: UND
B8: MATERIALES | D8: UNIDAD | E8: CANTIDAD | F8: DES | G8: VALOR UNITARIO | H8: VALOR TOTAL
C9: Ventaneria en aluminio color negro. | D9: M | E9: =+(1.9*6)+(5*2) -> 21.4 | F9: 1 | G9: 35500 | H9: =+ROUND(E9*F9*G9,0) -> 759700
C10: Vidrio de 6 mm transparente | D10: M2 | E10: =1.9*5 -> 9.5 | F10: 1 | G10: 145000 | H10: =+ROUND(E10*F10*G10,0) -> 1377500
B11: MAT,356 | C11: =VLOOKUP(B11,'LISTA DE PRECIOS'!A:B,2,FALSE) -> Silicona transparente sellador de vidrios tubo x 280 ml | D11: Un | E11: 0.01 | F11: 1 | G11: =VLOOKUP(B11,'LISTA DE PRECIOS'!A:E,5,FALSE) -> 23900 | H11: =+ROUND(E11*F11*G11,0) -> 239
B12: MAT,405 | C12: =VLOOKUP(B12,'LISTA DE PRECIOS'!A:B,2,FALSE) -> Tornillo autoperforante | D12: =VLOOKUP(B12,'LISTA DE PRECIOS'!A:D,4,FALSE) -> Un | E12: 3 | F12: 1 | G12: =VLOOKUP(B12,'LISTA DE PRECIOS'!A:E,5,FALSE) -> 53 | H12: =+ROUND(E12*F12*G12,0) -> 159
C13: Chapa y manija en aluminio | D13: Un | E13: 0.33 | F13: 1 | G13: 14500 | H13: =+ROUND(E13*F13*G13,0) -> 4785
E14: SUBTOTAL MATERIALES | H14: =ROUND(SUM(H9:H13),0) -> 2142383
B16: EQUIPOS Y HERRAMIENTAS | D16: UNIDAD | E16: RENDIMIENTO | F16: CANT | G16: VALOR UNITARIO | H16: VALOR TOTAL
B17: EQU002 | C17: Herramienta menor | D17: %MO | E17: 0.1 | G17: =+H27 -> 516526 | H17: =+ROUND(E17*G17,0) -> 51653
E18: SUBTOTAL EQUIPOS | H18: =ROUND(SUM(H17:H17),0) -> 51653
B20: TRANSPORTE | D20: UNIDAD | E20: DISTANCIA (Km) | F20: CANT | G20: VALOR UNITARIO ($/ m³*km) | H20: VALOR TOTAL
B21: 3 | C21: No aplica | H21: =+ROUND(E21*G21,0) -> 0
E22: SUBTOTAL TRANSPORTE | H22: =ROUND(SUM(H21:H21),0) -> 0
B24: MANO DE OBRA | D24: UNIDAD | E24: RENDIMIENTO | F24: CANT | G24: VALOR /HORA | H24: VALOR TOTAL
B25: MO 001 | C25: =VLOOKUP(B25,'LISTA DE PRECIOS'!A:B,2,FALSE) -> Ayudante | D25: =VLOOKUP(B25,'LISTA DE PRECIOS'!A:D,4,FALSE) -> Día | E25: 2 | F25: 2 | G25: =VLOOKUP(B25,'LISTA DE PRECIOS'!A:E,5,FALSE) -> 67964 | H25: =+ROUND(E25*F25*G25,0) -> 271856
B26: MO 003 | C26: =VLOOKUP(B26,'LISTA DE PRECIOS'!A:B,2,FALSE) -> Oficial | D26: =VLOOKUP(B26,'LISTA DE PRECIOS'!A:D,4,FALSE) -> Día | E26: 2 | F26: 1 | G26: =VLOOKUP(B26,'LISTA DE PRECIOS'!A:E,5,FALSE) -> 122335 | H26: =+ROUND(E26*F26*G26,0) -> 244670
E27: SUBTOTAL MANO DE OBRA | H27: =ROUND(SUM(H25:H26),0) -> 516526
E29: COSTO DIRECTO | H29: =+ROUND(H27+H18+H14+H22,0) -> 2710562
C35: Elaboro: Ingeniero Jhon Alvaro Pabon | E35: VoBo: Ingeniero Juan Pablo Guzman Martinez
C39: VoBo: Arquitecta Jocelyn Danna | E39: VoBo: Arquitecto Fredy Enrique Lopez Ramirez
B42: ESCENARIO DEPORTIVO TIRO CON ARCO
B43: REFERENCIA | D43: JDN2023-TA-09-002
B44: Suministro e instalación de ventana proyectante tipo V-2 (2.87X1.87); carpintería en aluminio blanco o negro, panel de vidrio de 6.0 mm, con chapa y manija en aluminio, incluye accesorios. | D44: VALOR | H44: Unidad
D45: =+ROUND(H67+H58+H54+H62,0) -> 1678829 | H45: UND
B48: MATERIALES | D48: UNIDAD | E48: CANTIDAD | F48: DES | G48: VALOR UNITARIO | H48: VALOR TOTAL
C49: Ventaneria en aluminio color negro. | D49: Ml | E49: =+(2.87*2)+(1.87*4) -> 13.22 | F49: 1 | G49: 35500 | H49: =+ROUND(E49*F49*G49,0) -> 469310
C50: Vidrio de 6 mm transparente | D50: M2 | E50: =2.87*1.87 -> 5.3669 | F50: 1 | G50: 145000 | H50: =+ROUND(E50*F50*G50,0) -> 778201
B51: MAT,356 | C51: =VLOOKUP(B51,'LISTA DE PRECIOS'!A:B,2,FALSE) -> Silicona transparente sellador de vidrios tubo x 280 ml | D51: =VLOOKUP(B51,'LISTA DE PRECIOS'!A:D,4,FALSE) -> un | E51: 0.01 | F51: 1 | G51: =VLOOKUP(B51,'LISTA DE PRECIOS'!A:E,5,FALSE) -> 23900 | H51: =+ROUND(E51*F51*G51,0) -> 239
B52: MAT,405 | C52: =VLOOKUP(B52,'LISTA DE PRECIOS'!A:B,2,FALSE) -> Tornillo autoperforante | D52: =VLOOKUP(B52,'LISTA DE PRECIOS'!A:D,4,FALSE) -> Un | E52: 3 | F52: 1 | G52: =VLOOKUP(B52,'LISTA DE PRECIOS'!A:E,5,FALSE) -> 53 | H52: =+ROUND(E52*F52*G52,0) -> 159
C53: Chapa y manija en aluminio | D53: Un | E53: 0.33 | F53: 1 | G53: 14500 | H53: =+ROUND(E53*F53*G53,0) -> 4785
E54: SUBTOTAL MATERIALES | H54: =ROUND(SUM(H49:H53),0) -> 1252694
B56: EQUIPOS Y HERRAMIENTAS | D56: UNIDAD | E56: RENDIMIENTO | F56: CANT | G56: VALOR UNITARIO | H56: VALOR TOTAL
B57: EQU002 | C57: Herramienta menor | D57: %MO | E57: 0.1 | G57: =+H67 -> 387395 | H57: =+ROUND(E57*G57,0) -> 38740
E58: SUBTOTAL EQUIPOS | H58: =ROUND(SUM(H57:H57),0) -> 38740
B60: TRANSPORTE | D60: UNIDAD | E60: DISTANCIA (Km) | F60: CANT | G60: VALOR UNITARIO ($/ m³*km) | H60: VALOR TOTAL
B61: 3 | C61: No aplica | H61: =+ROUND(E61*G61,0) -> 0
E62: SUBTOTAL TRANSPORTE | H62: =ROUND(SUM(H61:H61),0) -> 0
B64: MANO DE OBRA | D64: UNIDAD | E64: RENDIMIENTO | F64: CANT | G64: VALOR /HORA | H64: VALOR TOTAL
B65: MO 001 | C65: =VLOOKUP(B65,'LISTA DE PRECIOS'!A:B,2,FALSE) -> Ayudante | D65: =VLOOKUP(B65,'LISTA DE PRECIOS'!A:D,4,FALSE) -> Día | E65: 1.5 | F65: 2 | G65: =VLOOKUP(B65,'LISTA DE PRECIOS'!A:E,5,FALSE) -> 67964 | H65: =+ROUND(E65*F65*G65,0) -> 203892
B66: MO 003 | C66: =VLOOKUP(B66,'LISTA DE PRECIOS'!A:B,2,FALSE) -> Oficial | D66: =VLOOKUP(B66,'LISTA DE PRECIOS'!A:D,4,FALSE) -> Día | E66: 1.5 | F66: 1 | G66: =VLOOKUP(B66,'LISTA DE PRECIOS'!A:E,5,FALSE) -> 122335 | H66: =+ROUND(E66*F66*G66,0) -> 183503
E67: SUBTOTAL MANO DE OBRA | H67: =ROUND(SUM(H65:H66),0) -> 387395
E69: COSTO DIRECTO | H69: =+ROUND(H67+H58+H54+H62,0) -> 1678829
C75: Elaboro: Ingeniero Jhon Alvaro Pabon | E75: VoBo: Ingeniero Juan Pablo Guzman Martinez
C79: VoBo: Arquitecta Jocelyn Danna | E79: VoBo: Arquitecto Fredy Enrique Lopez Ramirez
C80: VoBo: Arquitecta Jocelyn Danna
B82: ESCENARIO DEPORTIVO TIRO CON ARCO
B83: REFERENCIA | D83: JDN2023-TA-09-003
B84: Suministro e instalación de ventanafija tipo V-3 (4,26X2.87); carpintería en aluminio blanco o negro, panel de vidrio de 6.0 mm, con chapa y manija en aluminio, incluye accesorios. | D84: VALOR | H84: Unidad
D85: =+ROUND(H106+H97+H93+H101,0) -> 2937846 | H85: UND
B88: MATERIALES | D88: UNIDAD | E88: CANTIDAD | F88: DES | G88: VALOR UNITARIO | H88: VALOR TOTAL
C89: Ventaneria en aluminio color negro. | D89: Ml | E89: =+(2.87*4)+(4.26*2) -> 20 | F89: 1 | G89: 35500 | H89: =+ROUND(E89*F89*G89,0) -> 710000
C90: Vidrio de 6 mm transparente | D90: M2 | E90: =2.87*4.26 -> 12.2262 | F90: 1 | G90: 145000 | H90: =+ROUND(E90*F90*G90,0) -> 1772799
B91: MAT,356 | C91: =VLOOKUP(B91,'LISTA DE PRECIOS'!A:B,2,FALSE) -> Silicona transparente sellador de vidrios tubo x 280 ml | D91: =VLOOKUP(B91,'LISTA DE PRECIOS'!A:D,4,FALSE) -> un | E91: 0.01 | F91: 1 | G91: =VLOOKUP(B91,'LISTA DE PRECIOS'!A:E,5,FALSE) -> 23900 | H91: =+ROUND(E91*F91*G91,0) -> 239
B92: MAT,405 | C92: =VLOOKUP(B92,'LISTA DE PRECIOS'!A:B,2,FALSE) -> Tornillo autoperforante | D92: =VLOOKUP(B92,'LISTA DE PRECIOS'!A:D,4,FALSE) -> Un | E92: 5 | F92: 1 | G92: =VLOOKUP(B92,'LISTA DE PRECIOS'!A:E,5,FALSE) -> 53 | H92: =+ROUND(E92*F92*G92,0) -> 265
E93: SUBTOTAL MATERIALES | H93: =ROUND(SUM(H89:H92),0) -> 2483303
B95: EQUIPOS Y HERRAMIENTAS | D95: UNIDAD | E95: RENDIMIENTO | F95: CANT | G95: VALOR UNITARIO | H95: VALOR TOTAL
B96: EQU002 | C96: Herramienta menor | D96: %MO | E96: 0.1 | G96: =+H106 -> 413221 | H96: =+ROUND(E96*G96,0) -> 41322
E97: SUBTOTAL EQUIPOS | H97: =ROUND(SUM(H96:H96),0) -> 41322
B99: TRANSPORTE | D99: UNIDAD | E99: DISTANCIA (Km) | F99: CANT | G99: VALOR UNITARIO ($/ m³*km) | H99: VALOR TOTAL
B100: 3 | C100: No aplica | H100: =+ROUND(E100*G100,0) -> 0
E101: SUBTOTAL TRANSPORTE | H101: =ROUND(SUM(H100:H100),0) -> 0
B103: MANO DE OBRA | D103: UNIDAD | E103: RENDIMIENTO | F103: CANT | G103: VALOR /HORA | H103: VALOR TOTAL
B104: MO 001 | C104: =VLOOKUP(B104,'LISTA DE PRECIOS'!A:B,2,FALSE) -> Ayudante | D104: =VLOOKUP(B104,'LISTA DE PRECIOS'!A:D,4,FALSE) -> Día | E104: 1.6 | F104: 2 | G104: =VLOOKUP(B104,'LISTA DE PRECIOS'!A:E,5,FALSE) -> 67964 | H104: =+ROUND(E104*F104*G104,0) -> 217485
B105: MO 003 | C105: =VLOOKUP(B105,'LISTA DE PRECIOS'!A:B,2,FALSE) -> Oficial | D105: =VLOOKUP(B105,'LISTA DE PRECIOS'!A:D,4,FALSE) -> Día | E105: 1.6 | F105: 1 | G105: =VLOOKUP(B105,'LISTA DE PRECIOS'!A:E,5,FALSE) -> 122335 | H105: =+ROUND(E105*F105*G105,0) -> 195736
E106: SUBTOTAL MANO DE OBRA | H106: =ROUND(SUM(H104:H105),0) -> 413221
E108: COSTO DIRECTO | H108: =+ROUND(H106+H97+H93+H101,0) -> 2937846
C114: Elaboro: Ingeniero Jhon Alvaro Pabon | E114: VoBo: Ingeniero Juan Pablo Guzman Martinez
C118: VoBo: Arquitecta Jocelyn Danna | E118: VoBo: Arquitecto Fredy Enrique Lopez Ramirez
B121: ESCENARIO DEPORTIVO TIRO CON ARCO
B122: REFERENCIA | D122: JDN2023-TA-09-004
B123: Suministro e instalación de ventana proyectante tipo V-4 (4,26X2,8); carpintería en aluminio blanco o negro, panel de vidrio de 6.0 mm, con chapa y manija en aluminio, incluye accesorios. | D123: VALOR | H123: Unidad
D124: =+ROUND(H145+H136+H132+H140,0) -> 2884667 | H124: UND
B127: MATERIALES | D127: UNIDAD | E127: CANTIDAD | F127: DES | G127: VALOR UNITARIO | H127: VALOR TOTAL
C128: Ventaneria en aluminio color negro. | D128: Ml | E128: =+(2.8*4)+(4.26*2) -> 19.72 | F128: 1 | G128: 35500 | H128: =+ROUND(E128*F128*G128,0) -> 700060
C129: Vidrio de 6 mm transparente | D129: M2 | E129: =2.8*4.26 -> 11.928 | F129: 1 | G129: 145000 | H129: =+ROUND(E129*F129*G129,0) -> 1729560
B130: MAT,356 | C130: =VLOOKUP(B130,'LISTA DE PRECIOS'!A:B,2,FALSE) -> Silicona transparente sellador de vidrios tubo x 280 ml | D130: =VLOOKUP(B130,'LISTA DE PRECIOS'!A:D,4,FALSE) -> un | E130: 0.01 | F130: 1 | G130: =VLOOKUP(B130,'LISTA DE PRECIOS'!A:E,5,FALSE) -> 23900 | H130: =+ROUND(E130*F130*G130,0) -> 239
B131: MAT,405 | C131: =VLOOKUP(B131,'LISTA DE PRECIOS'!A:B,2,FALSE) -> Tornillo autoperforante | D131: =VLOOKUP(B131,'LISTA DE PRECIOS'!A:D,4,FALSE) -> Un | E131: 5 | F131: 1 | G131: =VLOOKUP(B131,'LISTA DE PRECIOS'!A:E,5,FALSE) -> 53 | H131: =+ROUND(E131*F131*G131,0) -> 265
E132: SUBTOTAL MATERIALES | H132: =ROUND(SUM(H128:H131),0) -> 2430124
B134: EQUIPOS Y HERRAMIENTAS | D134: UNIDAD | E134: RENDIMIENTO | F134: CANT | G134: VALOR UNITARIO | H134: VALOR TOTAL
B135: EQU002 | C135: Herramienta menor | D135: %MO | E135: 0.1 | G135: =+H145 -> 413221 | H135: =+ROUND(E135*G135,0) -> 41322
E136: SUBTOTAL EQUIPOS | H136: =ROUND(SUM(H135:H135),0) -> 41322
B138: TRANSPORTE | D138: UNIDAD | E138: DISTANCIA (Km) | F138: CANT | G138: VALOR UNITARIO ($/ m³*km) | H138: VALOR TOTAL
B139: 3 | C139: No aplica | H139: =+ROUND(E139*G139,0) -> 0
E140: SUBTOTAL TRANSPORTE | H140: =ROUND(SUM(H139:H139),0) -> 0
B142: MANO DE OBRA | D142: UNIDAD | E142: RENDIMIENTO | F142: CANT | G142: VALOR /HORA | H142: VALOR TOTAL
B143: MO 001 | C143: =VLOOKUP(B143,'LISTA DE PRECIOS'!A:B,2,FALSE) -> Ayudante | D143: =VLOOKUP(B143,'LISTA DE PRECIOS'!A:D,4,FALSE) -> Día | E143: 1.6 | F143: 2 | G143: =VLOOKUP(B143,'LISTA DE PRECIOS'!A:E,5,FALSE) -> 67964 | H143: =+ROUND(E143*F143*G143,0) -> 217485
B144: MO 003 | C144: =VLOOKUP(B144,'LISTA DE PRECIOS'!A:B,2,FALSE) -> Oficial | D144: =VLOOKUP(B144,'LISTA DE PRECIOS'!A:D,4,FALSE) -> Día | E144: 1.6 | F144: 1 | G144: =VLOOKUP(B144,'LISTA DE PRECIOS'!A:E,5,FALSE) -> 122335 | H144: =+ROUND(E144*F144*G144,0) -> 195736
E145: SUBTOTAL MANO DE OBRA | H145: =ROUND(SUM(H143:H144),0) -> 413221
E147: COSTO DIRECTO | H147: =+ROUND(H145+H136+H132+H140,0) -> 2884667
C153: Elaboro: Ingeniero Jhon Alvaro Pabon | E153: VoBo: Ingeniero Juan Pablo Guzman Martinez
C157: VoBo: Arquitecta Jocelyn Danna | E157: VoBo: Arquitecto Fredy Enrique Lopez Ramirez
B160: ESCENARIO DEPORTIVO TIRO CON ARCO
B161: REFERENCIA | D161: JDN2023-TA-09-005
B162: Suministro e instalación de ventana proyectante tipo V-5 (4,26X1.5); carpintería en aluminio blanco o negro corrediza, panel de vidrio de 6.0 mm, con chapa y manija en aluminio, incluye accesorios. | D162: VALOR | H162: Unidad
D163: =+ROUND(H184+H175+H171+H179,0) -> 1935370 | H163: UND
B166: MATERIALES | D166: UNIDAD | E166: CANTIDAD | F166: DES | G166: VALOR UNITARIO | H166: VALOR TOTAL
...

Sheet 10
B2: ESCENARIO DEPORTIVO TIRO CON ARCO
B3: REFERENCIA | D3: JDN2023-TA-10-001
B4: Suministro e instalación tubería PVC presión de 1/2" rde 9 | D4: VALOR | H4: Unidad
D5: =+ROUND(H26+H18+H14+H22,0) -> 9257 | H5: m
B8: MATERIALES | D8: UNIDAD | E8: CANTIDAD | F8: DES | G8: VALOR UNITARIO | H8: VALOR TOTAL
B9: MAT,464 | C9: =VLOOKUP(B9,'LISTA DE PRECIOS'!A:B,2,FALSE) -> Tubería PVC presión de 1/2" rde 9 | D9: =VLOOKUP(B9,'LISTA DE PRECIOS'!A:D,4,FALSE) -> M | E9: 1 | F9: 1.05 | G9: =VLOOKUP(B9,'LISTA DE PRECIOS'!A:E,5,FALSE) -> 2598 | H9: =+ROUND(E9*F9*G9,0) -> 2728
B10: MAT,004 | C10: =VLOOKUP(B10,'LISTA DE PRECIOS'!A:B,2,FALSE) -> Accesorios PVC presión | D10: =VLOOKUP(B10,'LISTA DE PRECIOS'!A:D,4,FALSE) -> %Tub | E10: 0.17 | F10: 1 | G10: =+E10*H9 -> 463.76 | H10: =+ROUND(G10,0) -> 464
B11: MAT,221 | C11: =VLOOKUP(B11,'LISTA DE PRECIOS'!A:B,2,FALSE) -> Limpiador removedor PVC 1/4 | D11: =VLOOKUP(B11,'LISTA DE PRECIOS'!A:D,4,FALSE) -> Un | E11: 0.006 | F11: 1.03 | G11: =VLOOKUP(B11,'LISTA DE PRECIOS'!A:E,5,FALSE) -> 37083 | H11: =+ROUND(E11*F11*G11,0) -> 229
B12: MAT,364 | C12: =VLOOKUP(B12,'LISTA DE PRECIOS'!A:B,2,FALSE) -> Soldadura liquida para PVC 1/4 | D12: =VLOOKUP(B12,'LISTA DE PRECIOS'!A:D,4,FALSE) -> Un | E12: 0.006 | F12: 1.03 | G12: =VLOOKUP(B12,'LISTA DE PRECIOS'!A:E,5,FALSE) -> 62900 | H12: =+ROUND(E12*F12*G12,0) -> 389
B13: G-01-15 | C13: =VLOOKUP(B13,'LISTA DE PRECIOS'!A:B,2,FALSE) -> Mortero 1:3 (producción) | D13: =VLOOKUP(B13,'LISTA DE PRECIOS'!A:D,4,FALSE) -> M3 | E13: 0.004 | F13: 1.05 | G13: =VLOOKUP(B13,'LISTA DE PRECIOS'!A:E,5,FALSE) -> 335812 | H13: =+ROUND(E13*F13*G13,0) -> 1410
E14: SUBTOTAL MATERIALES | H14: =ROUND(SUM(H9:H13),0) -> 5220
B16: EQUIPOS Y HERRAMIENTAS | D16: UNIDAD | E16: RENDIMIENTO | F16: CANT | G16: VALOR UNITARIO | H16: VALOR TOTAL
B17: EQU002 | C17: =VLOOKUP(B17,'LISTA DE PRECIOS'!A:B,2,FALSE) -> Herramienta menor | D17: =VLOOKUP(B17,'LISTA DE PRECIOS'!A:D,4,FALSE) -> %MO | E17: 0.1 | G17: =+H26 -> 3670 | H17: =+ROUND(E17*G17,0) -> 367
E18: SUBTOTAL EQUIPOS | H18: =ROUND(SUM(H17:H17),0) -> 367
B20: TRANSPORTE | D20: UNIDAD | E20: DISTANCIA (Km) | F20: CANT | G20: VALOR UNITARIO ($/ m³*km) | H20: VALOR TOTAL
B21: 3 | C21: No aplica | H21: =+ROUND(E21*G21,0) -> 0
E22: SUBTOTAL TRANSPORTE | H22: =ROUND(SUM(H21:H21),0) -> 0
B24: MANO DE OBRA | D24: UNIDAD | E24: RENDIMIENTO | F24: CANT | G24: VALOR /HORA | H24: VALOR TOTAL
B25: MO 003 | C25: =VLOOKUP(B25,'LISTA DE PRECIOS'!A:B,2,FALSE) -> Oficial | D25: =VLOOKUP(B25,'LISTA DE PRECIOS'!A:D,4,FALSE) -> Día | E25: 0.03 | F25: 1 | G25: =VLOOKUP(B25,'LISTA DE PRECIOS'!A:E,5,FALSE) -> 122335 | H25: =+ROUND(E25*F25*G25,0) -> 3670
E26: SUBTOTAL MANO DE OBRA | H26: =ROUND(SUM(H25:H25),0) -> 3670
E28: COSTO DIRECTO | H28: =+ROUND(H26+H18+H14+H22,0) -> 9257
C34: Elaboro: Ingeniero Jhon Alvaro Pabon | E34: VoBo: Ingeniero Juan Pablo Guzman Martinez
C38: VoBo: Arquitecta Jocelyn Danna | E38: VoBo: Arquitecto Fredy Enrique Lopez Ramirez
B41: ESCENARIO DEPORTIVO TIRO CON ARCO
B42: REFERENCIA | D42: JDN2023-TA-10-002
B43: Suministro e Instalación de tubería PVC 3/4" RDE 11 | D43: VALOR | H43: Unidad
D44: =+ROUND(H65+H57+H53+H61,0) -> 11575 | H44: m
B47: MATERIALES | D47: UNIDAD | E47: CANTIDAD | F47: DES | G47: VALOR UNITARIO | H47: VALOR TOTAL
C48: Tubería PVC presión de 3/4" rde 11 | D48: M | E48: 1 | F48: 1.05 | G48: 4316.6667 | H48: =+ROUND(E48*F48*G48,0) -> 4533
B49: MAT,004 | C49: =VLOOKUP(B49,'LISTA DE PRECIOS'!A:B,2,FALSE) -> Accesorios PVC presión | D49: =VLOOKUP(B49,'LISTA DE PRECIOS'!A:D,4,FALSE) -> %Tub | E49: 0.17 | F49: 1 | G49: =+E49*H48 -> 770.61 | H49: =+ROUND(G49,0) -> 771
B50: MAT,221 | C50: =VLOOKUP(B50,'LISTA DE PRECIOS'!A:B,2,FALSE) -> Limpiador removedor PVC 1/4 | D50: =VLOOKUP(B50,'LISTA DE PRECIOS'!A:D,4,FALSE) -> Un | E50: 0.008 | F50: 1.03 | G50: =VLOOKUP(B50,'LISTA DE PRECIOS'!A:E,5,FALSE) -> 37083 | H50: =+ROUND(E50*F50*G50,0) -> 306
B51: MAT,364 | C51: =VLOOKUP(B51,'LISTA DE PRECIOS'!A:B,2,FALSE) -> Soldadura liquida para PVC 1/4 | D51: =VLOOKUP(B51,'LISTA DE PRECIOS'!A:D,4,FALSE) -> Un | E51: 0.008 | F51: 1.03 | G51: =VLOOKUP(B51,'LISTA DE PRECIOS'!A:E,5,FALSE) -> 62900 | H51: =+ROUND(E51*F51*G51,0) -> 518
B52: G-01-15 | C52: =VLOOKUP(B52,'LISTA DE PRECIOS'!A:B,2,FALSE) -> Mortero 1:3 (producción) | D52: =VLOOKUP(B52,'LISTA DE PRECIOS'!A:D,4,FALSE) -> M3 | E52: 0.004 | F52: 1.05 | G52: =VLOOKUP(B52,'LISTA DE PRECIOS'!A:E,5,FALSE) -> 335812 | H52: =+ROUND(E52*F52*G52,0) -> 1410
E53: SUBTOTAL MATERIALES | H53: =ROUND(SUM(H48:H52),0) -> 7538
B55: EQUIPOS Y HERRAMIENTAS | D55: UNIDAD | E55: RENDIMIENTO | F55: CANT | G55: VALOR UNITARIO | H55: VALOR TOTAL
B56: EQU002 | C56: Herramienta menor | D56: %MO | E56: 0.1 | G56: =+H65 -> 3670 | H56: =+ROUND(E56*G56,0) -> 367
E57: SUBTOTAL EQUIPOS | H57: =ROUND(SUM(H56:H56),0) -> 367
B59: TRANSPORTE | D59: UNIDAD | E59: DISTANCIA (Km) | F59: CANT | G59: VALOR UNITARIO ($/ m³*km) | H59: VALOR TOTAL
B60: 3 | C60: No aplica | H60: =+ROUND(E60*G60,0) -> 0
E61: SUBTOTAL TRANSPORTE | H61: =ROUND(SUM(H60:H60),0) -> 0
B63: MANO DE OBRA | D63: UNIDAD | E63: RENDIMIENTO | F63: CANT | G63: VALOR /HORA | H63: VALOR TOTAL
B64: MO 003 | C64: Oficial | D64: Día | E64: 0.03 | F64: 1 | G64: =VLOOKUP(B64,'LISTA DE PRECIOS'!A:E,5,FALSE) -> 122335 | H64: =+ROUND(E64*F64*G64,0) -> 3670
E65: SUBTOTAL MANO DE OBRA | H65: =ROUND(SUM(H64:H64),0) -> 3670
E67: COSTO DIRECTO | H67: =+ROUND(H65+H57+H53+H61,0) -> 11575
C73: Elaboro: Ingeniero Jhon Alvaro Pabon | E73: VoBo: Ingeniero Juan Pablo Guzman Martinez
C77: VoBo: Arquitecta Jocelyn Danna | E77: VoBo: Arquitecto Fredy Enrique Lopez Ramirez
B80: ESCENARIO DEPORTIVO TIRO CON ARCO
B81: REFERENCIA | D81: JDN2023-TA-10-003
